Workbook
Name _2017NEI_Nonpoint_TSCA_Chem_List: #REF!
Name _2017NEI_tsca_chemicals_wSCCdetail_Query: #REF!
Name AT: #REF!
Name AT_50th_non_cancer: #REF!
Name AT_50th_non_cancer_DC: #REF!
Name AT_95th_non_cancer: #REF!
Name AT_95th_non_cancer_DC: #REF!
Name AT_AC: #REF!
Name AT_AC_DC: #REF!
Name AT_ADC_high: #REF!
Name AT_ADC_mid: #REF!
Name AT_cancer: #REF!
Name AT_cancer_DC: #REF!
Name AT_LADC: #REF!
Name AWD: #REF!
Name AWD_DC_50th: #REF!
Name AWD_DC_95th: #REF!
Name CASRN: #REF!
Name ED: #REF!
Name ED_AC: #REF!
Name ED_AC_DC: #REF!
Name ED_chronic: #REF!
Name ED_chronic_DC: #REF!
Name EF: #REF!
Name EG: #REF!
Name what: #REF!
Name WY_50th: #REF!
Name WY_50th_DC: #REF!
Name WY_95th: #REF!
Name WY_95th_DC: #REF!
Name WY_high: #REF!
Name WY_mid: #REF!

Sheet Cover Page
A1: PUBLIC RELEASE DRAFT
A2: July 2026
A4: Draft Water Releases for 1,2-Dichloropropane
A6: CASRN 78-87-5

Sheet Read Me
A1: Title: Supplemental Water Release Assessment Data that is Based on DMR and TRI Data
A2: This spreadsheet contains DMR data downloaded on July 7, 2025 and TRI data downloaded on March 1, 2025.
A3: The data are for reporting years 2019-2023; (reporting year and year of release to water or transfer to POTW or WWT are the same)
A5: Worksheet | B5: Summary of Information
A6: Versions | B6: Version control information.
A7: Summary tabs
A8: Total Annual Releases | B8: This worksheet contains the total of the annual releases to surface water from all sites. The total annual release amount is given for each of the reporting years. Total annual releases are calculated by summing data reported in DMR and TRI. Total releases calculated from TRI data are given separately from total release calculated from DMR data. TRI releases are categorized as On-Site (direct discharge), Transfer to POTW (indirect discharge) or Transfer to WWT (non-POTW) (indirect discharge). This worksheet also contains information about the total number of sites.
A9: TRI and DMR OES Summary | B9: This worksheet provides a summary of releases by OES, with release days, annual min, max, 50th percentile and 95th percentile.
A10: Facility Discharge Summary | B10: This worksheet contains a summary of the rates of direct and indirect discharges to surface water from each facility that reported discharge data to DMR and TRI. These discharges occurred during the reporting period of 2019 - 2023. The type of discharge data given in this worksheet include the median, maximum and most recently reported annual discharge in units of kg/yr. and the average daily discharge that corresponds to each of these annual discharges in units of kg/day. Annual discharge rates were obtained from the data provided in the worksheets named "Processed Non-zero DMR Data" and "Processed Non-zero TRI Data." Daily discharge rates were calculated by dividing the annual discharge rates by the estimated number of release days. EPA estimated the number of release days by assuming that release days are equal to operating days and by estimating the number of operating days for any facility in a given COU. Note: The reporting year of maximum discharge for Form A facilities will show the most recent year reported; however the discharge is the same across all years reported.
A11: Processed Data Tabs
A12: Processed Non-zero DMR Data | B12: Processed Non-zero DMR data for 2019-2023. EPA obtained this data from https://echo.epa.gov/trends/loading-tool/get-data/custom-search. EPA/OPPT used the custom search and set non-detects to 1/2 the LOD if a discharge is equal to zero over the monitoring period, and retained any non-zero data. Non-zero DMR data are the annual water discharge rates obtained from this data source whose values are greater than zero. Furthermore, data pertaining to facilities that correspond to the bottom 10th percentile of total releases in a given year are also not included in this worksheet. Duplicate entries (same facility, year, release number) were removed. Note that some facilities have multiple reports in a year, but reported different release amounts; these values were kept.
A13: Processed Non-zero TRI Data | B13: Processed Non-zero TRI data for 2019-2023. EPA obtained this data from https://www.epa.gov/toxics-release-inventory-tri-program/tri-basic-plus-data-files-calendar-years-1987-present. If the on-site release amount and the off-site transfer amount reported by a site in a specific year equal zero, then the TRI data of this site and specific year are not included in this worksheet. For Form A facilities, EPA assessed a "what-if" scenario assuming the entire 500 lbs reporting threshold is going to all release points for a single media, but is not additive. If a facility submitted a Form A in a specific year, then EPA assumed that during that specific year 500 lb. is released on-site to surface water from this facility, 500 lb. is transferred from this facility to POTW, and 500 lb. is transferred from this facility to non-POTW WWT. Note: Grey columns contain data pulled directly from TRI/DMR, green columns contain data added by EPA/OPPT.
A14: Raw Data Tabs
A15: Raw Non-zero DMR Data | B15: This worksheet contains raw non-zero DMR data for 2019-2023. EPA obtained this data from https://echo.epa.gov/trends/loading-tool/get-data/custom-search. This sheet differs from "Processed Non-zero DMR Data" as it includes facilities that correspond to the bottom 10th percentile of total releases in a given year.
A16: Raw TRI Data | B16: This worksheet contains raw TRI data for 2019 - 2023. EPA obtained this data from https://www.epa.gov/toxics-release-inventory-tri-program/tri-basic-plus-data-files-calendar-years-1987-present. This sheet differs from "Processed Non-zero TRI Data" as it includes facilities that report zero discharges to water over the reporting period.
A17: Off-Site Locations | B17: This worksheet contains a list of facilities that are reported in TRI as off-site locations that received transfers from TRI facilities. The "Non-POTW Offsite Transfer FRS IDs" and "POTW Transfer FRS IDs" data were pulled from the 3A and 3C Basic Plus TRI data files.
A18: Crosswalk and Lookup Tabs
A19: TRIFD-OES Crosswalk | B19: Crosswalk of TRI to OES mappings
A20: 11DCA Mapping | B20: Mapping from 1,1-dichloroethane (11DCA) risk evaluation - reviewed as reference for mapping 1,2-dichloropropane
A21: NAICS OES Crosswalk | B21: Crosswalk of NAICS codes to potential OES - used a first pass for mapping
A22: 2017 to 2022 NAICS | B22: The list of NAICS codes are periodically updated; however, a crosswalk of SIC codes to NAICS codes were only available for 2017 NAICS codes. Therefore, this worksheet help convert the 2017 NAICS codes to the most recent NAICS codes (i.e., 2022 NAICS codes) for use in the summary worksheet.
A23: 2022 SIC to NAICS | B23: Crosswalk of 2022 SIC Codes to NAICS codes

Sheet Total Annual Releases
A1: Annual Water Releases (kg/yr-all sites)
A2: TRI (Form R Only)
C3: 2019 | D3: 2020 | E3: 2021 | F3: 2022 | G3: 2023
A4: On-Site | B4: =SUMIFS('Processed Non-zero TRI Data'!$T$2:$T$6, 'Processed Non-zero TRI Data'!$A$2:$A$6, B3, 'Processed Non-zero TRI Data'!$K$2:$K$6, "R") -> 0 | C4: =SUMIFS('Processed Non-zero TRI Data'!$T$2:$T$6, 'Processed Non-zero TRI Data'!$A$2:$A$6, C3, 'Processed Non-zero TRI Data'!$K$2:$K$6, "R") -> 540.22851 | D4: =SUMIFS('Processed Non-zero TRI Data'!$T$2:$T$6, 'Processed Non-zero TRI Data'!$A$2:$A$6, D3, 'Processed Non-zero TRI Data'!$K$2:$K$6, "R") -> 43.99846 | E4: =SUMIFS('Processed Non-zero TRI Data'!$T$2:$T$6, 'Processed Non-zero TRI Data'!$A$2:$A$6, E3, 'Processed Non-zero TRI Data'!$K$2:$K$6, "R") -> 98.883137 | F4: =SUMIFS('Processed Non-zero TRI Data'!$T$2:$T$6, 'Processed Non-zero TRI Data'!$A$2:$A$6, F3, 'Processed Non-zero TRI Data'!$K$2:$K$6, "R") -> 85.275366 | G4: =SUMIFS('Processed Non-zero TRI Data'!$T$2:$T$6, 'Processed Non-zero TRI Data'!$A$2:$A$6, G3, 'Processed Non-zero TRI Data'!$K$2:$K$6, "R") -> 0
A5: Transfer to POTW | B5: =SUMIFS('Processed Non-zero TRI Data'!$V$2:$V$6, 'Processed Non-zero TRI Data'!$A$2:$A$6, B3, 'Processed Non-zero TRI Data'!$K$2:$K$6, "R") -> 0 | C5: =SUMIFS('Processed Non-zero TRI Data'!$V$2:$V$6, 'Processed Non-zero TRI Data'!$A$2:$A$6, C3, 'Processed Non-zero TRI Data'!$K$2:$K$6, "R") -> 0 | D5: =SUMIFS('Processed Non-zero TRI Data'!$V$2:$V$6, 'Processed Non-zero TRI Data'!$A$2:$A$6, D3, 'Processed Non-zero TRI Data'!$K$2:$K$6, "R") -> 0 | E5: =SUMIFS('Processed Non-zero TRI Data'!$V$2:$V$6, 'Processed Non-zero TRI Data'!$A$2:$A$6, E3, 'Processed Non-zero TRI Data'!$K$2:$K$6, "R") -> 0 | F5: =SUMIFS('Processed Non-zero TRI Data'!$V$2:$V$6, 'Processed Non-zero TRI Data'!$A$2:$A$6, F3, 'Processed Non-zero TRI Data'!$K$2:$K$6, "R") -> 0 | G5: =SUMIFS('Processed Non-zero TRI Data'!$V$2:$V$6, 'Processed Non-zero TRI Data'!$A$2:$A$6, G3, 'Processed Non-zero TRI Data'!$K$2:$K$6, "R") -> 0
A6: Transfer to WWT (non-POTW) | B6: =SUMIFS('Processed Non-zero TRI Data'!$X$2:$X$6, 'Processed Non-zero TRI Data'!$A$2:$A$6, B3, 'Processed Non-zero TRI Data'!$K$2:$K$6, "R") -> 0 | C6: =SUMIFS('Processed Non-zero TRI Data'!$X:$X, 'Processed Non-zero TRI Data'!$A:$A, C3, 'Processed Non-zero TRI Data'!$K:$K, "R") -> 488.06539 | D6: =SUMIFS('Processed Non-zero TRI Data'!$X:$X, 'Processed Non-zero TRI Data'!$A:$A, D3, 'Processed Non-zero TRI Data'!$K:$K, "R") -> 3305.7812 | E6: =SUMIFS('Processed Non-zero TRI Data'!$X:$X, 'Processed Non-zero TRI Data'!$A:$A, E3, 'Processed Non-zero TRI Data'!$K:$K, "R") -> 572.88716 | F6: =SUMIFS('Processed Non-zero TRI Data'!$X:$X, 'Processed Non-zero TRI Data'!$A:$A, F3, 'Processed Non-zero TRI Data'!$K:$K, "R") -> 1885.1299 | G6: =SUMIFS('Processed Non-zero TRI Data'!$X:$X, 'Processed Non-zero TRI Data'!$A:$A, G3, 'Processed Non-zero TRI Data'!$K:$K, "R") -> 1124.4555
A7: DMR
A8: On-Site | C8: =SUMIF('Processed Non-zero DMR Data'!$A:$A, 'Total Annual Releases'!C3, 'Processed Non-zero DMR Data'!$W:$W) -> 571.87103 | D8: =SUMIF('Processed Non-zero DMR Data'!$A:$A, 'Total Annual Releases'!D3, 'Processed Non-zero DMR Data'!$W:$W) -> 531.84424 | E8: =SUMIF('Processed Non-zero DMR Data'!$A:$A, 'Total Annual Releases'!E3, 'Processed Non-zero DMR Data'!$W:$W) -> 937.64273 | F8: =SUMIF('Processed Non-zero DMR Data'!$A:$A, 'Total Annual Releases'!F3, 'Processed Non-zero DMR Data'!$W:$W) -> 715.00631 | G8: =SUMIF('Processed Non-zero DMR Data'!$A:$A, 'Total Annual Releases'!G3, 'Processed Non-zero DMR Data'!$W:$W) -> 303.55538
A11: (1) Releases associated with TRI Form A are not included in the total annual TRI releases shown above. EPA assumes a maximum release of 500 lbs/yr from each site that submits a Form A. Therefore, the total TRI releases shown above would be greater if releases associated with Form A were included. The number of TRI sites that submit Form A may vary from one reporting year to the other. The maximum and minimum of this range of number of sites is given below (if the maximum and minimum values of the range are equal, then the number of sites does not vary by reporting year.) Also given below are the total of annual releases in units of kg/yr that correspond to this maximum and minimum number of sites.
A12: Maximum Number of Sites that Submitted Form A: | E12: 0
A13: Maximum Total Potential Releases Corresponding to the Maximum Number of Sites that Submitted Form A: | E13: =E12*CONVERT(500,"lbm","kg") -> 0 | F13: kg/yr
A14: Minimum Number of Sites that Submitted Form A: | E14: 0
A15: Maximum Total Potential Releases Corresponding to the Minimum Number of Sites that Submitted Form A: | E15: =E14*CONVERT(500,"lbm","kg") -> 0 | F15: kg/yr

Sheet TRI and DMR OES Summary
A1: DMR | G1: Annual | I1: Daily
A2: OES | B2: # of facilities | C2: # of reports | D2: Release Days (days/yr) | E2: Min (kg/site-yr) | F2: Max (kg/site-yr) | G2: 50th percentile (kg/site-yr) | H2: 95th percentile (kg/site-yr) | I2: 50th percentile (kg/site-day) | J2: 95th percentile (kg/site-day)
A3: Manufacture | B3: {=SUM(--(FREQUENCY(IF(('Processed Non-zero DMR Data'!W:W>0)*('Processed Non-zero DMR Data'!S:S=A3),MATCH('Processed Non-zero DMR Data'!$I:$I,'Processed Non-zero DMR Data'!$I:$I,0)),ROW('Processed Non-zero DMR Data'!$I:$I)-ROW('Processed Non-zero DMR Data'!$I$2)+1)>0))} -> 1 | C3: =COUNTIF('Processed Non-zero DMR Data'!S:S, 'TRI and DMR OES Summary'!A3) -> 5 | D3: 350 | E3: =IF(B3>0, _xlfn.MINIFS('Processed Non-zero DMR Data'!$W:$W,'Processed Non-zero DMR Data'!$S:$S,$A3), "n/a") -> 0.51358977 | F3: =IF(E3>0, _xlfn.MAXIFS('Processed Non-zero DMR Data'!$W:$W,'Processed Non-zero DMR Data'!$S:$S,$A3), "n/a") -> 6.0027199 | G3: {=IFERROR(PERCENTILE(IF('Processed Non-zero DMR Data'!$S:$S=$A3, 'Processed Non-zero DMR Data'!$W:$W),0.5), "n/a")} -> 1.646431 | H3: {=IFERROR(PERCENTILE(IF('Processed Non-zero DMR Data'!$S:$S=$A3, 'Processed Non-zero DMR Data'!$W:$W),0.95), "n/a")} -> 5.428369 | I3: =IFERROR(G3/D3, "") -> 0.0047040886 | J3: =IFERROR(H3/D3, "") -> 0.015509626
A4: Repackaging | B4: {=SUM(--(FREQUENCY(IF(('Processed Non-zero DMR Data'!W:W>0)*('Processed Non-zero DMR Data'!S:S=A4),MATCH('Processed Non-zero DMR Data'!$I:$I,'Processed Non-zero DMR Data'!$I:$I,0)),ROW('Processed Non-zero DMR Data'!$I:$I)-ROW('Processed Non-zero DMR Data'!$I$2)+1)>0))} -> 4 | C4: =COUNTIF('Processed Non-zero DMR Data'!S:S, 'TRI and DMR OES Summary'!A4) -> 17 | D4: 250 | E4: =IF(B4>0, _xlfn.MINIFS('Processed Non-zero DMR Data'!$W:$W,'Processed Non-zero DMR Data'!$S:$S,$A4), "n/a") -> 0.0085171016 | F4: =IF(E4>0, _xlfn.MAXIFS('Processed Non-zero DMR Data'!$W:$W,'Processed Non-zero DMR Data'!$S:$S,$A4), "n/a") -> 427.35197 | G4: {=IFERROR(PERCENTILE(IF('Processed Non-zero DMR Data'!$S:$S=$A4, 'Processed Non-zero DMR Data'!$W:$W),0.5), "n/a")} -> 0.09670675 | H4: {=IFERROR(PERCENTILE(IF('Processed Non-zero DMR Data'!$S:$S=$A4, 'Processed Non-zero DMR Data'!$W:$W),0.95), "n/a")} -> 87.826254 | I4: =IFERROR(G4/D4, "") -> 0.000386827 | J4: =IFERROR(H4/D4, "") -> 0.35130502
A5: Processing as a reactant | B5: {=SUM(--(FREQUENCY(IF(('Processed Non-zero DMR Data'!W:W>0)*('Processed Non-zero DMR Data'!S:S=A5),MATCH('Processed Non-zero DMR Data'!$I:$I,'Processed Non-zero DMR Data'!$I:$I,0)),ROW('Processed Non-zero DMR Data'!$I:$I)-ROW('Processed Non-zero DMR Data'!$I$2)+1)>0))} -> 43 | C5: =COUNTIF('Processed Non-zero DMR Data'!S:S, 'TRI and DMR OES Summary'!A5) -> 161 | D5: 350 | E5: =IF(B5>0, _xlfn.MINIFS('Processed Non-zero DMR Data'!$W:$W,'Processed Non-zero DMR Data'!$S:$S,$A5), "n/a") -> 0.0016571 | F5: =IF(E5>0, _xlfn.MAXIFS('Processed Non-zero DMR Data'!$W:$W,'Processed Non-zero DMR Data'!$S:$S,$A5), "n/a") -> 14.06492 | G5: {=IFERROR(PERCENTILE(IF('Processed Non-zero DMR Data'!$S:$S=$A5, 'Processed Non-zero DMR Data'!$W:$W),0.5), "n/a")} -> 0.414275 | H5: {=IFERROR(PERCENTILE(IF('Processed Non-zero DMR Data'!$S:$S=$A5, 'Processed Non-zero DMR Data'!$W:$W),0.95), "n/a")} -> 9.77689 | I5: =IFERROR(G5/D5, "") -> 0.0011836429 | J5: =IFERROR(H5/D5, "") -> 0.027933971
A6: Impurity in Plastics | B6: {=SUM(--(FREQUENCY(IF(('Processed Non-zero DMR Data'!W:W>0)*('Processed Non-zero DMR Data'!S:S=A6),MATCH('Processed Non-zero DMR Data'!$I:$I,'Processed Non-zero DMR Data'!$I:$I,0)),ROW('Processed Non-zero DMR Data'!$I:$I)-ROW('Processed Non-zero DMR Data'!$I$2)+1)>0))} -> 13 | C6: =COUNTIF('Processed Non-zero DMR Data'!S:S, 'TRI and DMR OES Summary'!A6) -> 46 | D6: 350 | E6: =IF(B6>0, _xlfn.MINIFS('Processed Non-zero DMR Data'!$W:$W,'Processed Non-zero DMR Data'!$S:$S,$A6), "n/a") -> 0.003546194 | F6: =IF(E6>0, _xlfn.MAXIFS('Processed Non-zero DMR Data'!$W:$W,'Processed Non-zero DMR Data'!$S:$S,$A6), "n/a") -> 10.85968 | G6: {=IFERROR(PERCENTILE(IF('Processed Non-zero DMR Data'!$S:$S=$A6, 'Processed Non-zero DMR Data'!$W:$W),0.5), "n/a")} -> 0.3591367 | H6: {=IFERROR(PERCENTILE(IF('Processed Non-zero DMR Data'!$S:$S=$A6, 'Processed Non-zero DMR Data'!$W:$W),0.95), "n/a")} -> 7.3094 | I6: =IFERROR(G6/D6, "") -> 0.0010261049 | J6: =IFERROR(H6/D6, "") -> 0.020884
A7: Distribution in commerce | B7: {=SUM(--(FREQUENCY(IF(('Processed Non-zero DMR Data'!W:W>0)*('Processed Non-zero DMR Data'!S:S=A7),MATCH('Processed Non-zero DMR Data'!$I:$I,'Processed Non-zero DMR Data'!$I:$I,0)),ROW('Processed Non-zero DMR Data'!$I:$I)-ROW('Processed Non-zero DMR Data'!$I$2)+1)>0))} -> 0 | C7: =COUNTIF('Processed Non-zero DMR Data'!S:S, 'TRI and DMR OES Summary'!A7) -> 0 | D7: 365 | E7: =IF(B7>0, _xlfn.MINIFS('Processed Non-zero DMR Data'!$W:$W,'Processed Non-zero DMR Data'!$S:$S,$A7), "n/a") -> n/a | F7: =IF(E7>0, _xlfn.MAXIFS('Processed Non-zero DMR Data'!$W:$W,'Processed Non-zero DMR Data'!$S:$S,$A7), "n/a") -> 0 | G7: {=IFERROR(PERCENTILE(IF('Processed Non-zero DMR Data'!$S:$S=$A7, 'Processed Non-zero DMR Data'!$W:$W),0.5), "n/a")} -> n/a | H7: {=IFERROR(PERCENTILE(IF('Processed Non-zero DMR Data'!$S:$S=$A7, 'Processed Non-zero DMR Data'!$W:$W),0.95), "n/a")} -> n/a | I7: =IFERROR(G7/D7, "") | J7: =IFERROR(H7/D7, "")
A8: Processing Aid | B8: {=SUM(--(FREQUENCY(IF(('Processed Non-zero DMR Data'!W:W>0)*('Processed Non-zero DMR Data'!S:S=A8),MATCH('Processed Non-zero DMR Data'!$I:$I,'Processed Non-zero DMR Data'!$I:$I,0)),ROW('Processed Non-zero DMR Data'!$I:$I)-ROW('Processed Non-zero DMR Data'!$I$2)+1)>0))} -> 1 | C8: =COUNTIF('Processed Non-zero DMR Data'!S:S, 'TRI and DMR OES Summary'!A8) -> 2 | D8: 300 | E8: =IF(B8>0, _xlfn.MINIFS('Processed Non-zero DMR Data'!$W:$W,'Processed Non-zero DMR Data'!$S:$S,$A8), "n/a") -> 3.462204 | F8: =IF(E8>0, _xlfn.MAXIFS('Processed Non-zero DMR Data'!$W:$W,'Processed Non-zero DMR Data'!$S:$S,$A8), "n/a") -> 4.271232 | G8: {=IFERROR(PERCENTILE(IF('Processed Non-zero DMR Data'!$S:$S=$A8, 'Processed Non-zero DMR Data'!$W:$W),0.5), "n/a")} -> 3.866718 | H8: {=IFERROR(PERCENTILE(IF('Processed Non-zero DMR Data'!$S:$S=$A8, 'Processed Non-zero DMR Data'!$W:$W),0.95), "n/a")} -> 4.2307806 | I8: =IFERROR(G8/D8, "") -> 0.01288906 | J8: =IFERROR(H8/D8, "") -> 0.014102602
A9: Use of laboratory chemicals | B9: {=SUM(--(FREQUENCY(IF(('Processed Non-zero DMR Data'!W:W>0)*('Processed Non-zero DMR Data'!S:S=A9),MATCH('Processed Non-zero DMR Data'!$I:$I,'Processed Non-zero DMR Data'!$I:$I,0)),ROW('Processed Non-zero DMR Data'!$I:$I)-ROW('Processed Non-zero DMR Data'!$I$2)+1)>0))} -> 1 | C9: =COUNTIF('Processed Non-zero DMR Data'!S:S, 'TRI and DMR OES Summary'!A9) -> 3 | D9: 260 | E9: =IF(B9>0, _xlfn.MINIFS('Processed Non-zero DMR Data'!$W:$W,'Processed Non-zero DMR Data'!$S:$S,$A9), "n/a") -> 0.002652528 | F9: =IF(E9>0, _xlfn.MAXIFS('Processed Non-zero DMR Data'!$W:$W,'Processed Non-zero DMR Data'!$S:$S,$A9), "n/a") -> 0.0095877835 | G9: {=IFERROR(PERCENTILE(IF('Processed Non-zero DMR Data'!$S:$S=$A9, 'Processed Non-zero DMR Data'!$W:$W),0.5), "n/a")} -> 0.0040637558 | H9: {=IFERROR(PERCENTILE(IF('Processed Non-zero DMR Data'!$S:$S=$A9, 'Processed Non-zero DMR Data'!$W:$W),0.95), "n/a")} -> 0.0090353807 | I9: =IFERROR(G9/D9, "") -> 1.562983e-05 | J9: =IFERROR(H9/D9, "") -> 3.4751464e-05
A10: Waste Handling, Disposal and Treatment (POTW) | B10: {=SUM(--(FREQUENCY(IF(('Processed Non-zero DMR Data'!W:W>0)*('Processed Non-zero DMR Data'!S:S=A10),MATCH('Processed Non-zero DMR Data'!$I:$I,'Processed Non-zero DMR Data'!$I:$I,0)),ROW('Processed Non-zero DMR Data'!$I:$I)-ROW('Processed Non-zero DMR Data'!$I$2)+1)>0))} -> 99 | C10: =COUNTIF('Processed Non-zero DMR Data'!S:S, 'TRI and DMR OES Summary'!A10) -> 229 | D10: 365 | E10: =IF(B10>0, _xlfn.MINIFS('Processed Non-zero DMR Data'!$W:$W,'Processed Non-zero DMR Data'!$S:$S,$A10), "n/a") -> 0.0012218898 | F10: =IF(E10>0, _xlfn.MAXIFS('Processed Non-zero DMR Data'!$W:$W,'Processed Non-zero DMR Data'!$S:$S,$A10), "n/a") -> 358.70799 | G10: {=IFERROR(PERCENTILE(IF('Processed Non-zero DMR Data'!$S:$S=$A10, 'Processed Non-zero DMR Data'!$W:$W),0.5), "n/a")} -> 2.2311629 | H10: {=IFERROR(PERCENTILE(IF('Processed Non-zero DMR Data'!$S:$S=$A10, 'Processed Non-zero DMR Data'!$W:$W),0.95), "n/a")} -> 28.959527 | I10: =IFERROR(G10/D10, "") -> 0.006112775 | J10: =IFERROR(H10/D10, "") -> 0.07934117
A11: Waste Handling, Disposal and Treatment (non-POTW WWT) | B11: {=SUM(--(FREQUENCY(IF(('Processed Non-zero DMR Data'!W:W>0)*('Processed Non-zero DMR Data'!S:S=A11),MATCH('Processed Non-zero DMR Data'!$I:$I,'Processed Non-zero DMR Data'!$I:$I,0)),ROW('Processed Non-zero DMR Data'!$I:$I)-ROW('Processed Non-zero DMR Data'!$I$2)+1)>0))} -> 9 | C11: =COUNTIF('Processed Non-zero DMR Data'!S:S, 'TRI and DMR OES Summary'!A11) -> 48 | D11: 250 | E11: =IF(B11>0, _xlfn.MINIFS('Processed Non-zero DMR Data'!$W:$W,'Processed Non-zero DMR Data'!$S:$S,$A11), "n/a") -> 0.0025072994 | F11: =IF(E11>0, _xlfn.MAXIFS('Processed Non-zero DMR Data'!$W:$W,'Processed Non-zero DMR Data'!$S:$S,$A11), "n/a") -> 3.86827 | G11: {=IFERROR(PERCENTILE(IF('Processed Non-zero DMR Data'!$S:$S=$A11, 'Processed Non-zero DMR Data'!$W:$W),0.5), "n/a")} -> 0.055526944 | H11: {=IFERROR(PERCENTILE(IF('Processed Non-zero DMR Data'!$S:$S=$A11, 'Processed Non-zero DMR Data'!$W:$W),0.95), "n/a")} -> 1.5263434 | I11: =IFERROR(G11/D11, "") -> 0.00022210777 | J11: =IFERROR(H11/D11, "") -> 0.0061053734
A12: Waste Handling, Disposal and Treatment (Landfill) | B12: {=SUM(--(FREQUENCY(IF(('Processed Non-zero DMR Data'!W:W>0)*('Processed Non-zero DMR Data'!S:S=A12),MATCH('Processed Non-zero DMR Data'!$I:$I,'Processed Non-zero DMR Data'!$I:$I,0)),ROW('Processed Non-zero DMR Data'!$I:$I)-ROW('Processed Non-zero DMR Data'!$I$2)+1)>0))} -> 4 | C12: =COUNTIF('Processed Non-zero DMR Data'!S:S, 'TRI and DMR OES Summary'!A12) -> 16 | D12: 250 | E12: =IF(B12>0, _xlfn.MINIFS('Processed Non-zero DMR Data'!$W:$W,'Processed Non-zero DMR Data'!$S:$S,$A12), "n/a") -> 0.011851039 | F12: =IF(E12>0, _xlfn.MAXIFS('Processed Non-zero DMR Data'!$W:$W,'Processed Non-zero DMR Data'!$S:$S,$A12), "n/a") -> 0.21013462 | G12: {=IFERROR(PERCENTILE(IF('Processed Non-zero DMR Data'!$S:$S=$A12, 'Processed Non-zero DMR Data'!$W:$W),0.5), "n/a")} -> 0.059454118 | H12: {=IFERROR(PERCENTILE(IF('Processed Non-zero DMR Data'!$S:$S=$A12, 'Processed Non-zero DMR Data'!$W:$W),0.95), "n/a")} -> 0.15938834 | I12: =IFERROR(G12/D12, "") -> 0.00023781647 | J12: =IFERROR(H12/D12, "") -> 0.00063755337
A13: Waste Handling, Disposal and Treatment (Incinerator) | B13: {=SUM(--(FREQUENCY(IF(('Processed Non-zero DMR Data'!W:W>0)*('Processed Non-zero DMR Data'!S:S=A13),MATCH('Processed Non-zero DMR Data'!$I:$I,'Processed Non-zero DMR Data'!$I:$I,0)),ROW('Processed Non-zero DMR Data'!$I:$I)-ROW('Processed Non-zero DMR Data'!$I$2)+1)>0))} -> 3 | C13: =COUNTIF('Processed Non-zero DMR Data'!S:S, 'TRI and DMR OES Summary'!A13) -> 12 | D13: 250 | E13: =IF(B13>0, _xlfn.MINIFS('Processed Non-zero DMR Data'!$W:$W,'Processed Non-zero DMR Data'!$S:$S,$A13), "n/a") -> 0.0019980504 | F13: =IF(E13>0, _xlfn.MAXIFS('Processed Non-zero DMR Data'!$W:$W,'Processed Non-zero DMR Data'!$S:$S,$A13), "n/a") -> 0.99645803 | G13: {=IFERROR(PERCENTILE(IF('Processed Non-zero DMR Data'!$S:$S=$A13, 'Processed Non-zero DMR Data'!$W:$W),0.5), "n/a")} -> 0.10706819 | H13: {=IFERROR(PERCENTILE(IF('Processed Non-zero DMR Data'!$S:$S=$A13, 'Processed Non-zero DMR Data'!$W:$W),0.95), "n/a")} -> 0.95939767 | I13: =IFERROR(G13/D13, "") -> 0.00042827275 | J13: =IFERROR(H13/D13, "") -> 0.0038375907
A14: Waste Handling, Disposal and Treatment (Remediation) | B14: {=SUM(--(FREQUENCY(IF(('Processed Non-zero DMR Data'!W:W>0)*('Processed Non-zero DMR Data'!S:S=A14),MATCH('Processed Non-zero DMR Data'!$I:$I,'Processed Non-zero DMR Data'!$I:$I,0)),ROW('Processed Non-zero DMR Data'!$I:$I)-ROW('Processed Non-zero DMR Data'!$I$2)+1)>0))} -> 5 | C14: =COUNTIF('Processed Non-zero DMR Data'!S:S, 'TRI and DMR OES Summary'!A14) -> 23 | D14: 250 | E14: =IF(B14>0, _xlfn.MINIFS('Processed Non-zero DMR Data'!$W:$W,'Processed Non-zero DMR Data'!$S:$S,$A14), "n/a") -> 0.0021399557 | F14: =IF(E14>0, _xlfn.MAXIFS('Processed Non-zero DMR Data'!$W:$W,'Processed Non-zero DMR Data'!$S:$S,$A14), "n/a") -> 0.63700112 | G14: {=IFERROR(PERCENTILE(IF('Processed Non-zero DMR Data'!$S:$S=$A14, 'Processed Non-zero DMR Data'!$W:$W),0.5), "n/a")} -> 0.044369402 | H14: {=IFERROR(PERCENTILE(IF('Processed Non-zero DMR Data'!$S:$S=$A14, 'Processed Non-zero DMR Data'!$W:$W),0.95), "n/a")} -> 0.60224028 | I14: =IFERROR(G14/D14, "") -> 0.00017747761 | J14: =IFERROR(H14/D14, "") -> 0.0024089611
A15: Unknown | B15: {=SUM(--(FREQUENCY(IF(('Processed Non-zero DMR Data'!W:W>0)*('Processed Non-zero DMR Data'!S:S=A15),MATCH('Processed Non-zero DMR Data'!$I:$I,'Processed Non-zero DMR Data'!$I:$I,0)),ROW('Processed Non-zero DMR Data'!$I:$I)-ROW('Processed Non-zero DMR Data'!$I$2)+1)>0))} -> 30 | C15: =COUNTIF('Processed Non-zero DMR Data'!S:S, 'TRI and DMR OES Summary'!A15) -> 88 | D15: 250 | E15: =IF(B15>0, _xlfn.MINIFS('Processed Non-zero DMR Data'!$W:$W,'Processed Non-zero DMR Data'!$S:$S,$A15), "n/a") -> 0.0019505064 | F15: =IF(E15>0, _xlfn.MAXIFS('Processed Non-zero DMR Data'!$W:$W,'Processed Non-zero DMR Data'!$S:$S,$A15), "n/a") -> 6.7440745 | G15: {=IFERROR(PERCENTILE(IF('Processed Non-zero DMR Data'!$S:$S=$A15, 'Processed Non-zero DMR Data'!$W:$W),0.5), "n/a")} -> 0.040160203 | H15: {=IFERROR(PERCENTILE(IF('Processed Non-zero DMR Data'!$S:$S=$A15, 'Processed Non-zero DMR Data'!$W:$W),0.95), "n/a")} -> 1.8885712 | I15: =IFERROR(G15/D15, "") -> 0.00016064081 | J15: =IFERROR(H15/D15, "") -> 0.0075542847
A16: Total | B16: =SUM(B3:B15) -> 213 | C16: =SUM(C3:C15) -> 650
A18: TRI | G18: Annual | I18: Daily
A19: OES | B19: # of facilities | C19: # of reports | D19: Release Days (days/yr) | E19: Min (kg/site-yr) | F19: Max (kg/site-yr) | G19: 50th percentile (kg/site-yr) | H19: 95th percentile (kg/site-yr) | I19: 50th percentile (kg/site-day) | J19: 95th percentile (kg/site-day)
A20: Manufacture | B20: {=SUM(--(FREQUENCY(IF(('Processed Non-zero TRI Data'!S:S>0)*('Processed Non-zero TRI Data'!O:O=A20),MATCH('Processed Non-zero TRI Data'!$I:$I,'Processed Non-zero TRI Data'!$I:$I,0)),ROW('Processed Non-zero TRI Data'!$I:$I)-ROW('Processed Non-zero TRI Data'!$I$2)+1)>0))} -> 4 | C20: =COUNTIF('Processed Non-zero TRI Data'!$O:$O,'TRI and DMR OES Summary'!A20) -> 16 | D20: 350 | E20: =_xlfn.MINIFS('Processed Non-zero TRI Data'!$T:$T,'Processed Non-zero TRI Data'!$O:$O,$A20,'Processed Non-zero TRI Data'!$Q:$Q, "Direct") -> 0.81601267 | F20: =_xlfn.MAXIFS('Processed Non-zero TRI Data'!$T:$T,'Processed Non-zero TRI Data'!$O:$O,'TRI and DMR OES Summary'!$A20,'Processed Non-zero TRI Data'!$Q:$Q, "Direct") -> 3305.7812 | G20: {=IFERROR(PERCENTILE(IF(('Processed Non-zero TRI Data'!$O:$O=$A20)*('Processed Non-zero TRI Data'!$Q:$Q="Direct"), 'Processed Non-zero TRI Data'!$T:$T),0.5), "n/a")} -> 92.079251 | H20: {=IFERROR(PERCENTILE(IF(('Processed Non-zero TRI Data'!$O:$O=$A20)*('Processed Non-zero TRI Data'!$Q:$Q="Direct"), 'Processed Non-zero TRI Data'!$T:$T),0.95), "n/a")} -> 2240.2927 | I20: =G20/D20 -> 0.26308357 | J20: =H20/D20 -> 6.4008363
A21: Impurity in Plastics | B21: {=SUM(--(FREQUENCY(IF(('Processed Non-zero TRI Data'!S:S>0)*('Processed Non-zero TRI Data'!O:O=A21),MATCH('Processed Non-zero TRI Data'!$I:$I,'Processed Non-zero TRI Data'!$I:$I,0)),ROW('Processed Non-zero TRI Data'!$I:$I)-ROW('Processed Non-zero TRI Data'!$I$2)+1)>0))} -> 1 | C21: =COUNTIF('Processed Non-zero TRI Data'!$O:$O,'TRI and DMR OES Summary'!A21) -> 1 | D21: 350 | E21: =_xlfn.MINIFS('Processed Non-zero TRI Data'!$T:$T,'Processed Non-zero TRI Data'!$O:$O,$A21,'Processed Non-zero TRI Data'!$Q:$Q, "Direct") -> 11.339809 | F21: =_xlfn.MAXIFS('Processed Non-zero TRI Data'!$T:$T,'Processed Non-zero TRI Data'!$O:$O,'TRI and DMR OES Summary'!$A21,'Processed Non-zero TRI Data'!$Q:$Q, "Direct") -> 11.339809 | G21: {=IFERROR(PERCENTILE(IF(('Processed Non-zero TRI Data'!$O:$O=$A21)*('Processed Non-zero TRI Data'!$Q:$Q="Direct"), 'Processed Non-zero TRI Data'!$T:$T),0.5), "n/a")} -> 11.339809 | H21: {=IFERROR(PERCENTILE(IF(('Processed Non-zero TRI Data'!$O:$O=$A21)*('Processed Non-zero TRI Data'!$Q:$Q="Direct"), 'Processed Non-zero TRI Data'!$T:$T),0.95), "n/a")} -> 11.339809 | I21: =G21/D21 -> 0.032399455 | J21: =H21/D21 -> 0.032399455
A22: Processing Aid | B22: {=SUM(--(FREQUENCY(IF(('Processed Non-zero TRI Data'!S:S>0)*('Processed Non-zero TRI Data'!O:O=A22),MATCH('Processed Non-zero TRI Data'!$I:$I,'Processed Non-zero TRI Data'!$I:$I,0)),ROW('Processed Non-zero TRI Data'!$I:$I)-ROW('Processed Non-zero TRI Data'!$I$2)+1)>0))} -> 1 | C22: =COUNTIF('Processed Non-zero TRI Data'!$O:$O,'TRI and DMR OES Summary'!A22) -> 5 | D22: 300 | E22: =_xlfn.MINIFS('Processed Non-zero TRI Data'!$T:$T,'Processed Non-zero TRI Data'!$O:$O,$A22,'Processed Non-zero TRI Data'!$Q:$Q, "Direct") -> 10.6821 | F22: =_xlfn.MAXIFS('Processed Non-zero TRI Data'!$T:$T,'Processed Non-zero TRI Data'!$O:$O,'TRI and DMR OES Summary'!$A22,'Processed Non-zero TRI Data'!$Q:$Q, "Direct") -> 41.02743 | G22: {=IFERROR(PERCENTILE(IF(('Processed Non-zero TRI Data'!$O:$O=$A22)*('Processed Non-zero TRI Data'!$Q:$Q="Direct"), 'Processed Non-zero TRI Data'!$T:$T),0.5), "n/a")} -> 28.004793 | H22: {=IFERROR(PERCENTILE(IF(('Processed Non-zero TRI Data'!$O:$O=$A22)*('Processed Non-zero TRI Data'!$Q:$Q="Direct"), 'Processed Non-zero TRI Data'!$T:$T),0.95), "n/a")} -> 38.830228 | I22: =G22/D22 -> 0.09334931 | J22: =H22/D22 -> 0.12943409
A23: Total | B23: =SUM(B20:B22) -> 6 | C23: =SUM(C20:C22) -> 22

Sheet Facility Discharge Summary
P1: ANNUAL and AVERAGE DAILY Direct Discharge | AD1: ANNUAL and AVERAGE DAILY Indirect Discharge
P2: DMR | W2: TRI | AD2: TRI- Transfer to POTW | AK2: TRI- Transfer to non-POTW
A3: Row Number | B3: Data Source | C3: Shorthand COU | D3: OES | E3: OES Basis | F3: Facility Name | G3: City | H3: State | I3: TRI Facility ID(s) | J3: FRS ID | K3: NPDES Permit # | L3: Direct Discharge Receiving Waterbody Name | M3: HUC 12 Code | N3: Offsite Transfer FRS ID | O3: Number of Release Days | P3: Most Recent ANNUAL Discharge (kg/yr) | Q3: Most Recent ANNUAL AVERAGE DAILY DISCHARGE (kg/day) | R3: Median ANNUAL Discharge (kg/yr) | S3: Daily Discharge Corresponding to Median ANNUAL Discharge (kg/day) | T3: Maximum ANNUAL Discharge (kg/yr) | U3: Daily Discharge Corresponding to Maximum ANNUAL Discharge (kg/day) | V3: Reporting Year of Maximum Annual Discharge | W3: Most Recent ANNUAL Discharge (kg/yr) | X3: Most Recent ANNUAL AVERAGE DAILY DISCHARGE (kg/day) | Y3: Median ANNUAL Discharge (kg/yr) | Z3: Daily Discharge Corresponding to Median ANNUAL Discharge (kg/day) | AA3: Maximum ANNUAL Discharge (kg/yr) | AB3: Daily Discharge Corresponding to Maximum ANNUAL Discharge (kg/day) | AC3: Reporting Year of Maximum Annual Discharge | AD3: Most Recent ANNUAL Discharge (kg/yr) | AE3: Most Recent ANNUAL AVERAGE DAILY DISCHARGE (kg/day) | AF3: Median ANNUAL Discharge (kg/yr) | AG3: Daily Discharge Corresponding to Median ANNUAL Discharge (kg/day) | AH3: Maximum ANNUAL Discharge (kg/yr) | AI3: Daily Discharge Corresponding to Maximum ANNUAL Discharge (kg/day) | AJ3: Reporting Year of Maximum Annual Discharge | AK3: Most Recent ANNUAL Discharge (kg/yr) | AL3: Most Recent ANNUAL AVERAGE DAILY DISCHARGE (kg/day) | AM3: Median ANNUAL Discharge (kg/yr) | AN3: Daily Discharge Corresponding to Median ANNUAL Discharge (kg/day) | AO3: Maximum ANNUAL Discharge (kg/yr) | AP3: Daily Discharge Corresponding to Maximum ANNUAL Discharge (kg/day) | AQ3: Reporting Year of Maximum Annual Discharge | AR3: Maximum Annual TRI Discharge (kg/yr) | AS3: Maximum Annual DMR Discharge (kg/yr)
A4: 1 | B4: TRI Form R/DMR | C4: =VLOOKUP(D4,#REF!, 2, FALSE) -> #REF! | D4: =IF(I4<>"",INDEX('Processed Non-zero TRI Data'!$O:$O,MATCH(I4,'Processed Non-zero TRI Data'!$I:$I,0)),INDEX('Processed Non-zero DMR Data'!$S:$S,MATCH(J4,'Processed Non-zero DMR Data'!$I:$I,0))) -> Manufacture | E4: =IF(I4<>"",INDEX('Processed Non-zero TRI Data'!$P:$P,MATCH(I4,'Processed Non-zero TRI Data'!$I:$I,0)),INDEX('Processed Non-zero DMR Data'!$T:$T,MATCH(J4,'Processed Non-zero DMR Data'!$I:$I,0))) -> EarthJustice Technical Report (EPA-HQ-OPPT-2018-0428-0011) | F4: =_xlfn.XLOOKUP(J4, 'Processed Non-zero DMR Data'!I:I, 'Processed Non-zero DMR Data'!B:B) -> ICL-NORTH AMERICA INC - GALLIPOLIS FERRY PLANT | G4: =_xlfn.XLOOKUP(J4, 'Processed Non-zero DMR Data'!I:I, 'Processed Non-zero DMR Data'!C:C) -> GALLIPOLIS FERRY | H4: =_xlfn.XLOOKUP(J4, 'Processed Non-zero DMR Data'!I:I, 'Processed Non-zero DMR Data'!E:E) -> WV | I4: 25515KZCHMSTATE | J4: 110000607772 | K4: =IFERROR(INDEX('Raw Non-zero DMR Data'!$C:$C, MATCH($J4,'Raw Non-zero DMR Data'!$D:$D,0)),"") -> WV0002496 | L4: =IFERROR(INDEX('Raw Non-zero DMR Data'!$U:$U, MATCH($J4,'Raw Non-zero DMR Data'!$D:$D,0)),"") -> Long Run-Ohio River | M4: =IFERROR(INDEX('Raw Non-zero DMR Data'!$T:$T, MATCH($J4,'Raw Non-zero DMR Data'!$D:$D,0)),"") -> 050901010103 | N4: =IFERROR(INDEX('Off-site Locations'!$E:$E,MATCH(I4,'Off-site Locations'!$B:$B,0)),"No offsite transfers") -> No offsite transfers | O4: =INDEX('TRI and DMR OES Summary'!D:D,MATCH('Facility Discharge Summary'!D4,'TRI and DMR OES Summary'!A:A,0)) -> 350 | P4: {=IFERROR(_xlfn.XLOOKUP(1, (MAX(IF(J4 = 'Processed Non-zero DMR Data'!$I$2:$I$651,'Processed Non-zero DMR Data'!$A$2:$A$651)) = 'Processed Non-zero DMR Data'!$A$2:$A$651)*('Processed Non-zero DMR Data'!$I$2:$I$651 = J4),'Processed Non-zero DMR Data'!$W$2:$W$651), "N/A- Facility Does Not Report DMRs")} -> 0.51358977 | Q4: =IFERROR(P4/$O4, "N/A - Facility Does Not Report DMRs") -> 0.0014673993 | R4: {=IF(COUNTIF('Processed Non-zero DMR Data'!$I:$I,$J4)>0,MEDIAN(IF('Processed Non-zero DMR Data'!$I:$I=J4,'Processed Non-zero DMR Data'!$W:$W)),"N/A - Facility Does Not Report DMRs")} -> 1.646431 | S4: =IFERROR(R4/$O4, "N/A - Facility Does Not Report DMRs") -> 0.0047040886 | T4: =IF(COUNTIF('Processed Non-zero DMR Data'!$I:$I,$J4)>0,_xlfn.MAXIFS('Processed Non-zero DMR Data'!$W:$W,'Processed Non-zero DMR Data'!$I:$I,$J4), "N/A - Facility Does Not Report DMRs") -> 6.0027199 | U4: =IFERROR(T4/$O4, "N/A - Facility Does Not Report DMRs") -> 0.017150628 | V4: {=IF(COUNTIF('Processed Non-zero DMR Data'!$I:$I,$J4)>0,INDEX('Processed Non-zero DMR Data'!$A:$A,MATCH(1,($J4='Processed Non-zero DMR Data'!$I:$I)*($T4='Processed Non-zero DMR Data'!$W:$W),0)), "N/A - Facility Does Not Report DMRs")} -> 2021 | W4: {=IFERROR(_xlfn.XLOOKUP(1, (MAX(IF(I4 = 'Processed Non-zero TRI Data'!$I:$I,'Processed Non-zero TRI Data'!$A:$A)) = 'Processed Non-zero TRI Data'!$A:$A)*('Processed Non-zero TRI Data'!$I:$I = I4), 'Processed Non-zero TRI Data'!$T:$T), "N/A- Facility Does Not Report to TRI")} -> 0.81601267 | X4: =IFERROR(W4/$O4, "N/A - Facility Does Not Report to TRI") -> 0.0023314648 | Y4: {=IF(COUNTIF('Processed Non-zero TRI Data'!$I:$I,$I4)>0,MEDIAN(IF('Processed Non-zero TRI Data'!$I:$I=I4,'Processed Non-zero TRI Data'!$T:$T)), "N/A - Facility Does Not Report to TRI")} -> 1.6751166 | Z4: =IFERROR(Y4/$O4, "N/A - Facility Does Not Report to TRI") -> 0.0047860475 | AA4: =IF(COUNTIF('Processed Non-zero TRI Data'!$I:$I,$I4)>0,_xlfn.MAXIFS('Processed Non-zero TRI Data'!$T:$T,'Processed Non-zero TRI Data'!$I:$I,$I4), "N/A - Facility Does Not Report to TRI") -> 5.4208824 | AB4: =IFERROR(AA4/$O4, "N/A - Facility Does Not Report to TRI") -> 0.015488235 | AC4: {=IFERROR(IF(B4 = "TRI Form R", IF(AA4 = 0, "Facility has no on-site water discharges between 2017-2022.", IF(COUNTIF('Processed Non-zero TRI Data'!$I:$I,$I4)>0,INDEX('Processed Non-zero TRI Data'!$A:$A,MATCH(1,($I4='Processed Non-zero TRI Data'!$I:$I)*(AA4='Processed Non-zero TRI Data'!$T:$T),0)))), VLOOKUP(I4,#REF!, 2, FALSE)), ("N/A - Facility Does Not Report to TRI"))} -> N/A - Facility Does Not Report to TRI | AD4: {=IFERROR(_xlfn.XLOOKUP(1, (MAX(IF(I4 = 'Processed Non-zero TRI Data'!$I$2:$I$6,'Processed Non-zero TRI Data'!$A$2:$A$6)) = 'Processed Non-zero TRI Data'!$A$2:$A$6)*('Processed Non-zero TRI Data'!$I$2:$I$6 = I4), 'Processed Non-zero TRI Data'!$V$2:$V$6), "N/A- Facility Does Not Report to TRI")} -> N/A- Facility Does Not Report to TRI | AE4: =IFERROR(AD4/$O4, "N/A - Facility Does Not Report to TRI") -> N/A - Facility Does Not Report to TRI | AF4: {=IF(COUNTIF('Processed Non-zero TRI Data'!$I:$I,$I4)>0,MEDIAN(IF('Processed Non-zero TRI Data'!$I:$I=I4,'Processed Non-zero TRI Data'!$V:$V)), "N/A - Facility Does Not Report to TRI")} -> 0 | AG4: =IFERROR(AF4/$O4, "N/A - Facility Does Not Report to TRI") -> 0 | AH4: =IF(COUNTIF('Processed Non-zero TRI Data'!$I:$I,$I4)>0,_xlfn.MAXIFS('Processed Non-zero TRI Data'!$V:$V,'Processed Non-zero TRI Data'!$I:$I,$I4), "N/A - Facility Does Not Report to TRI") -> 0 | AI4: =IFERROR(AH4/$O4, "N/A - Facility Does Not Report to TRI") -> 0 | AJ4: {=IF(B4="TRI Form A",AC4,IF(AH4=0,"Facility has no transfers to POTWs between 2019-2023.",IF(COUNTIF('Processed Non-zero TRI Data'!$I:$I,$I4)>0,INDEX('Processed Non-zero TRI Data'!$A:$A,MATCH(1,($I4='Processed Non-zero TRI Data'!$I:$I)*(AH4='Processed Non-zero TRI Data'!$V:$V),0)),"N/A - Facility Does Not Report to TRI")))} -> Facility has no transfers to POTWs between 2019-2023. | AK4: {=IFERROR(_xlfn.XLOOKUP(1, (MAX(IF(I4 = 'Processed Non-zero TRI Data'!$I$2:$I$6,'Processed Non-zero TRI Data'!$A$2:$A$6)) = 'Processed Non-zero TRI Data'!$A$2:$A$6)*('Processed Non-zero TRI Data'!$I$2:$I$6 = I4), 'Processed Non-zero TRI Data'!$X$2:$X$6), "N/A- Facility Does Not Report to TRI")} -> N/A- Facility Does Not Report to TRI | AL4: =IFERROR(AK4/$O4, "N/A - Facility Does Not Report to TRI") -> N/A - Facility Does Not Report to TRI | AM4: {=IF(COUNTIF('Processed Non-zero TRI Data'!$I:$I,$I4)>0,MEDIAN(IF('Processed Non-zero TRI Data'!$I:$I=I4,'Processed Non-zero TRI Data'!$X:$X)), "N/A - Facility Does Not Report to TRI")} -> 0 | AN4: =IFERROR(AM4/$O4, "N/A - Facility Does Not Report to TRI") -> 0 | AO4: =IF(COUNTIF('Processed Non-zero TRI Data'!$I:$I,$I4)>0,_xlfn.MAXIFS('Processed Non-zero TRI Data'!$X:$X,'Processed Non-zero TRI Data'!$I:$I,$I4), "N/A - Facility Does Not Report to TRI") -> 0 | AP4: =IFERROR(AO4/$O4, "N/A - Facility Does Not Report to TRI") -> 0 | AQ4: {=IF(B4="TRI Form A",AC4,IF(AO4=0,"Facility has no transfers to non-POTWs between 2019-2023.",IF(COUNTIF('Processed Non-zero TRI Data'!$I:$I,$I4)>0,INDEX('Processed Non-zero TRI Data'!$A:$A,MATCH(1,($I4='Processed Non-zero TRI Data'!$I:$I)*(AO4='Processed Non-zero TRI Data'!$X:$X),0)),"N/A - Facility Does Not Report to TRI")))} -> Facility has no transfers to non-POTWs between 2019-2023. | AR4: =MAX(AA4,AH4,AO4) -> 5.4208824 | AS4: =T4 -> 6.0027199
A5: 2 | B5: =IFERROR("TRI Form "& VLOOKUP(I5, 'Processed Non-zero TRI Data'!$I$2:$K$6, 3, FALSE), "DMR") -> DMR | C5: =VLOOKUP(D5,#REF!, 2, FALSE) -> #REF! | D5: =IF(I5<>"",INDEX('Processed Non-zero TRI Data'!$O:$O,MATCH(I5,'Processed Non-zero TRI Data'!$I:$I,0)),INDEX('Processed Non-zero DMR Data'!$S:$S,MATCH(J5,'Processed Non-zero DMR Data'!$I:$I,0))) -> Manufacture | E5: =IF(I5<>"",INDEX('Processed Non-zero TRI Data'!$P:$P,MATCH(I5,'Processed Non-zero TRI Data'!$I:$I,0)),INDEX('Processed Non-zero DMR Data'!$T:$T,MATCH(J5,'Processed Non-zero DMR Data'!$I:$I,0))) -> VI Final Study Plan | F5: THE DOW CHEMICAL CO - LOUISIANA OPERATIONS | G5: PLAQUEMINE | H5: LA | I5: 70765THDWCHIGHW | J5: 110001244724 | K5: =IFERROR(INDEX('Raw Non-zero DMR Data'!$C:$C, MATCH(J5,'Raw Non-zero DMR Data'!$D:$D,0)),"") | L5: =IFERROR(INDEX('Raw Non-zero DMR Data'!$U:$U, MATCH($J5,'Raw Non-zero DMR Data'!$D:$D,0)),"") | M5: =IFERROR(INDEX('Raw Non-zero DMR Data'!$T:$T, MATCH($J5,'Raw Non-zero DMR Data'!$D:$D,0)),"") | N5: =IFERROR(INDEX('Off-site Locations'!$E:$E,MATCH(I5,'Off-site Locations'!$B:$B,0)),"No offsite transfers") -> No offsite transfers | O5: =INDEX('TRI and DMR OES Summary'!D:D,MATCH('Facility Discharge Summary'!D5,'TRI and DMR OES Summary'!A:A,0)) -> 350 | P5: {=IFERROR(_xlfn.XLOOKUP(1, (MAX(IF(J5 = 'Processed Non-zero DMR Data'!$I$2:$I$651,'Processed Non-zero DMR Data'!$A$2:$A$651)) = 'Processed Non-zero DMR Data'!$A$2:$A$651)*('Processed Non-zero DMR Data'!$I$2:$I$651 = J5),'Processed Non-zero DMR Data'!$W$2:$W$651), "N/A- Facility Does Not Report DMRs")} -> N/A- Facility Does Not Report DMRs | Q5: =IFERROR(P5/$O5, "N/A - Facility Does Not Report DMRs") -> N/A - Facility Does Not Report DMRs | R5: {=IF(COUNTIF('Processed Non-zero DMR Data'!$I:$I,$J5)>0,MEDIAN(IF('Processed Non-zero DMR Data'!$I:$I=J5,'Processed Non-zero DMR Data'!$W:$W)),"N/A - Facility Does Not Report DMRs")} -> N/A - Facility Does Not Report DMRs | S5: =IFERROR(R5/$O5, "N/A - Facility Does Not Report DMRs") -> N/A - Facility Does Not Report DMRs | T5: =IF(COUNTIF('Processed Non-zero DMR Data'!$I:$I,$J5)>0,_xlfn.MAXIFS('Processed Non-zero DMR Data'!$W:$W,'Processed Non-zero DMR Data'!$I:$I,$J5), "N/A - Facility Does Not Report DMRs") -> N/A - Facility Does Not Report DMRs | U5: =IFERROR(T5/$O5, "N/A - Facility Does Not Report DMRs") -> N/A - Facility Does Not Report DMRs | V5: {=IF(COUNTIF('Processed Non-zero DMR Data'!$I:$I,$J5)>0,INDEX('Processed Non-zero DMR Data'!$A:$A,MATCH(1,($J5='Processed Non-zero DMR Data'!$I:$I)*($T5='Processed Non-zero DMR Data'!$W:$W),0)), "N/A - Facility Does Not Report DMRs")} -> N/A - Facility Does Not Report DMRs | W5: {=IFERROR(_xlfn.XLOOKUP(1, (MAX(IF(I5 = 'Processed Non-zero TRI Data'!$I$2:$I$6,'Processed Non-zero TRI Data'!$A$2:$A$6)) = 'Processed Non-zero TRI Data'!$A$2:$A$6)*('Processed Non-zero TRI Data'!$I$2:$I$6 = I5), 'Processed Non-zero TRI Data'!$T$2:$T$6), "N/A- Facility Does Not Report to TRI")} -> N/A- Facility Does Not Report to TRI | X5: =IFERROR(W5/$O5, "N/A - Facility Does Not Report to TRI") -> N/A - Facility Does Not Report to TRI | Y5: {=IF(COUNTIF('Processed Non-zero TRI Data'!$I:$I,$I5)>0,MEDIAN(IF('Processed Non-zero TRI Data'!$I:$I=I5,'Processed Non-zero TRI Data'!$T:$T)), "N/A - Facility Does Not Report to TRI")} -> 254.01173 | Z5: =IFERROR(Y5/$O5, "N/A - Facility Does Not Report to TRI") -> 0.72574779 | AA5: =IF(COUNTIF('Processed Non-zero TRI Data'!$I:$I,$I5)>0,_xlfn.MAXIFS('Processed Non-zero TRI Data'!$T:$T,'Processed Non-zero TRI Data'!$I:$I,$I5), "N/A - Facility Does Not Report to TRI") -> 302.09252 | AB5: =IFERROR(AA5/$O5, "N/A - Facility Does Not Report to TRI") -> 0.86312148 | AC5: {=IFERROR(IF(B5 = "TRI Form R", IF(AA5 = 0, "Facility has no on-site water discharges between 2017-2022.", IF(COUNTIF('Processed Non-zero TRI Data'!$I:$I,$I5)>0,INDEX('Processed Non-zero TRI Data'!$A:$A,MATCH(1,($I5='Processed Non-zero TRI Data'!$I:$I)*(AA5='Processed Non-zero TRI Data'!$T:$T),0)))), VLOOKUP(I5,#REF!, 2, FALSE)), ("N/A - Facility Does Not Report to TRI"))} -> N/A - Facility Does Not Report to TRI | AD5: {=IFERROR(_xlfn.XLOOKUP(1, (MAX(IF(I5 = 'Processed Non-zero TRI Data'!$I$2:$I$6,'Processed Non-zero TRI Data'!$A$2:$A$6)) = 'Processed Non-zero TRI Data'!$A$2:$A$6)*('Processed Non-zero TRI Data'!$I$2:$I$6 = I5), 'Processed Non-zero TRI Data'!$V$2:$V$6), "N/A- Facility Does Not Report to TRI")} -> N/A- Facility Does Not Report to TRI | AE5: =IFERROR(AD5/$O5, "N/A - Facility Does Not Report to TRI") -> N/A - Facility Does Not Report to TRI | AF5: {=IF(COUNTIF('Processed Non-zero TRI Data'!$I:$I,$I5)>0,MEDIAN(IF('Processed Non-zero TRI Data'!$I:$I=I5,'Processed Non-zero TRI Data'!$V:$V)), "N/A - Facility Does Not Report to TRI")} -> 0 | AG5: =IFERROR(AF5/$O5, "N/A - Facility Does Not Report to TRI") -> 0 | AH5: =IF(COUNTIF('Processed Non-zero TRI Data'!$I:$I,$I5)>0,_xlfn.MAXIFS('Processed Non-zero TRI Data'!$V:$V,'Processed Non-zero TRI Data'!$I:$I,$I5), "N/A - Facility Does Not Report to TRI") -> 0 | AI5: =IFERROR(AH5/$O5, "N/A - Facility Does Not Report to TRI") -> 0 | AJ5: {=IF(B5="TRI Form A",AC5,IF(AH5=0,"Facility has no transfers to POTWs between 2019-2023.",IF(COUNTIF('Processed Non-zero TRI Data'!$I:$I,$I5)>0,INDEX('Processed Non-zero TRI Data'!$A:$A,MATCH(1,($I5='Processed Non-zero TRI Data'!$I:$I)*(AH5='Processed Non-zero TRI Data'!$V:$V),0)),"N/A - Facility Does Not Report to TRI")))} -> Facility has no transfers to POTWs between 2019-2023. | AK5: {=IFERROR(_xlfn.XLOOKUP(1, (MAX(IF(I5 = 'Processed Non-zero TRI Data'!$I$2:$I$6,'Processed Non-zero TRI Data'!$A$2:$A$6)) = 'Processed Non-zero TRI Data'!$A$2:$A$6)*('Processed Non-zero TRI Data'!$I$2:$I$6 = I5), 'Processed Non-zero TRI Data'!$X$2:$X$6), "N/A- Facility Does Not Report to TRI")} -> N/A- Facility Does Not Report to TRI | AL5: =IFERROR(AK5/$O5, "N/A - Facility Does Not Report to TRI") -> N/A - Facility Does Not Report to TRI | AM5: {=IF(COUNTIF('Processed Non-zero TRI Data'!$I:$I,$I5)>0,MEDIAN(IF('Processed Non-zero TRI Data'!$I:$I=I5,'Processed Non-zero TRI Data'!$X:$X)), "N/A - Facility Does Not Report to TRI")} -> 0 | AN5: =IFERROR(AM5/$O5, "N/A - Facility Does Not Report to TRI") -> 0 | AO5: =IF(COUNTIF('Processed Non-zero TRI Data'!$I:$I,$I5)>0,_xlfn.MAXIFS('Processed Non-zero TRI Data'!$X:$X,'Processed Non-zero TRI Data'!$I:$I,$I5), "N/A - Facility Does Not Report to TRI") -> 0 | AP5: =IFERROR(AO5/$O5, "N/A - Facility Does Not Report to TRI") -> 0 | AQ5: {=IF(B5="TRI Form A",AC5,IF(AO5=0,"Facility has no transfers to non-POTWs between 2019-2023.",IF(COUNTIF('Processed Non-zero TRI Data'!$I:$I,$I5)>0,INDEX('Processed Non-zero TRI Data'!$A:$A,MATCH(1,($I5='Processed Non-zero TRI Data'!$I:$I)*(AO5='Processed Non-zero TRI Data'!$X:$X),0)),"N/A - Facility Does Not Report to TRI")))} -> Facility has no transfers to non-POTWs between 2019-2023. | AR5: =MAX(AA5,AH5,AO5) -> 302.09252 | AS5: =T5 -> N/A - Facility Does Not Report DMRs
A6: 3 | B6: =IFERROR("TRI Form "& VLOOKUP(I6, 'Processed Non-zero TRI Data'!$I$2:$K$6, 3, FALSE), "DMR") -> DMR | C6: =VLOOKUP(D6,#REF!, 2, FALSE) -> #REF! | D6: =IF(I6<>"",INDEX('Processed Non-zero TRI Data'!$O:$O,MATCH(I6,'Processed Non-zero TRI Data'!$I:$I,0)),INDEX('Processed Non-zero DMR Data'!$S:$S,MATCH(J6,'Processed Non-zero DMR Data'!$I:$I,0))) -> Processing aid | E6: =IF(I6<>"",INDEX('Processed Non-zero TRI Data'!$P:$P,MATCH(I6,'Processed Non-zero TRI Data'!$I:$I,0)),INDEX('Processed Non-zero DMR Data'!$T:$T,MATCH(J6,'Processed Non-zero DMR Data'!$I:$I,0))) -> TRI Use: Chemical Processing Aid | F6: SOLENIS LLC | G6: COURTLAND | H6: VA | I6: 23851HRCLSROUTE | J6: 110000499611 | K6: =IFERROR(INDEX('Raw Non-zero DMR Data'!$C:$C, MATCH(J6,'Raw Non-zero DMR Data'!$D:$D,0)),"") | L6: =IFERROR(INDEX('Raw Non-zero DMR Data'!$U:$U, MATCH($J6,'Raw Non-zero DMR Data'!$D:$D,0)),"") | M6: =IFERROR(INDEX('Raw Non-zero DMR Data'!$T:$T, MATCH($J6,'Raw Non-zero DMR Data'!$D:$D,0)),"") | N6: =IFERROR(INDEX('Off-site Locations'!$E:$E,MATCH(I6,'Off-site Locations'!$B:$B,0)),"No offsite transfers") -> No offsite transfers | O6: =INDEX('TRI and DMR OES Summary'!D:D,MATCH('Facility Discharge Summary'!D6,'TRI and DMR OES Summary'!A:A,0)) -> 300 | P6: {=IFERROR(_xlfn.XLOOKUP(1, (MAX(IF(J6 = 'Processed Non-zero DMR Data'!$I$2:$I$651,'Processed Non-zero DMR Data'!$A$2:$A$651)) = 'Processed Non-zero DMR Data'!$A$2:$A$651)*('Processed Non-zero DMR Data'!$I$2:$I$651 = J6),'Processed Non-zero DMR Data'!$W$2:$W$651), "N/A- Facility Does Not Report DMRs")} -> N/A- Facility Does Not Report DMRs | Q6: =IFERROR(P6/$O6, "N/A - Facility Does Not Report DMRs") -> N/A - Facility Does Not Report DMRs | R6: {=IF(COUNTIF('Processed Non-zero DMR Data'!$I:$I,$J6)>0,MEDIAN(IF('Processed Non-zero DMR Data'!$I:$I=J6,'Processed Non-zero DMR Data'!$W:$W)),"N/A - Facility Does Not Report DMRs")} -> N/A - Facility Does Not Report DMRs | S6: =IFERROR(R6/$O6, "N/A - Facility Does Not Report DMRs") -> N/A - Facility Does Not Report DMRs | T6: =IF(COUNTIF('Processed Non-zero DMR Data'!$I:$I,$J6)>0,_xlfn.MAXIFS('Processed Non-zero DMR Data'!$W:$W,'Processed Non-zero DMR Data'!$I:$I,$J6), "N/A - Facility Does Not Report DMRs") -> N/A - Facility Does Not Report DMRs | U6: =IFERROR(T6/$O6, "N/A - Facility Does Not Report DMRs") -> N/A - Facility Does Not Report DMRs | V6: {=IF(COUNTIF('Processed Non-zero DMR Data'!$I:$I,$J6)>0,INDEX('Processed Non-zero DMR Data'!$A:$A,MATCH(1,($J6='Processed Non-zero DMR Data'!$I:$I)*($T6='Processed Non-zero DMR Data'!$W:$W),0)), "N/A - Facility Does Not Report DMRs")} -> N/A - Facility Does Not Report DMRs | W6: {=IFERROR(_xlfn.XLOOKUP(1, (MAX(IF(I6 = 'Processed Non-zero TRI Data'!$I$2:$I$6,'Processed Non-zero TRI Data'!$A$2:$A$6)) = 'Processed Non-zero TRI Data'!$A$2:$A$6)*('Processed Non-zero TRI Data'!$I$2:$I$6 = I6), 'Processed Non-zero TRI Data'!$T$2:$T$6), "N/A- Facility Does Not Report to TRI")} -> N/A- Facility Does Not Report to TRI | X6: =IFERROR(W6/$O6, "N/A - Facility Does Not Report to TRI") -> N/A - Facility Does Not Report to TRI | Y6: {=IF(COUNTIF('Processed Non-zero TRI Data'!$I:$I,$I6)>0,MEDIAN(IF('Processed Non-zero TRI Data'!$I:$I=I6,'Processed Non-zero TRI Data'!$T:$T)), "N/A - Facility Does Not Report to TRI")} -> 28.004793 | Z6: =IFERROR(Y6/$O6, "N/A - Facility Does Not Report to TRI") -> 0.09334931 | AA6: =IF(COUNTIF('Processed Non-zero TRI Data'!$I:$I,$I6)>0,_xlfn.MAXIFS('Processed Non-zero TRI Data'!$T:$T,'Processed Non-zero TRI Data'!$I:$I,$I6), "N/A - Facility Does Not Report to TRI") -> 41.02743 | AB6: =IFERROR(AA6/$O6, "N/A - Facility Does Not Report to TRI") -> 0.1367581 | AC6: {=IFERROR(IF(B6 = "TRI Form R", IF(AA6 = 0, "Facility has no on-site water discharges between 2017-2022.", IF(COUNTIF('Processed Non-zero TRI Data'!$I:$I,$I6)>0,INDEX('Processed Non-zero TRI Data'!$A:$A,MATCH(1,($I6='Processed Non-zero TRI Data'!$I:$I)*(AA6='Processed Non-zero TRI Data'!$T:$T),0)))), VLOOKUP(I6,#REF!, 2, FALSE)), ("N/A - Facility Does Not Report to TRI"))} -> N/A - Facility Does Not Report to TRI | AD6: {=IFERROR(_xlfn.XLOOKUP(1, (MAX(IF(I6 = 'Processed Non-zero TRI Data'!$I$2:$I$6,'Processed Non-zero TRI Data'!$A$2:$A$6)) = 'Processed Non-zero TRI Data'!$A$2:$A$6)*('Processed Non-zero TRI Data'!$I$2:$I$6 = I6), 'Processed Non-zero TRI Data'!$V$2:$V$6), "N/A- Facility Does Not Report to TRI")} -> N/A- Facility Does Not Report to TRI | AE6: =IFERROR(AD6/$O6, "N/A - Facility Does Not Report to TRI") -> N/A - Facility Does Not Report to TRI | AF6: {=IF(COUNTIF('Processed Non-zero TRI Data'!$I:$I,$I6)>0,MEDIAN(IF('Processed Non-zero TRI Data'!$I:$I=I6,'Processed Non-zero TRI Data'!$V:$V)), "N/A - Facility Does Not Report to TRI")} -> 0 | AG6: =IFERROR(AF6/$O6, "N/A - Facility Does Not Report to TRI") -> 0 | AH6: =IF(COUNTIF('Processed Non-zero TRI Data'!$I:$I,$I6)>0,_xlfn.MAXIFS('Processed Non-zero TRI Data'!$V:$V,'Processed Non-zero TRI Data'!$I:$I,$I6), "N/A - Facility Does Not Report to TRI") -> 0 | AI6: =IFERROR(AH6/$O6, "N/A - Facility Does Not Report to TRI") -> 0 | AJ6: {=IF(B6="TRI Form A",AC6,IF(AH6=0,"Facility has no transfers to POTWs between 2019-2023.",IF(COUNTIF('Processed Non-zero TRI Data'!$I:$I,$I6)>0,INDEX('Processed Non-zero TRI Data'!$A:$A,MATCH(1,($I6='Processed Non-zero TRI Data'!$I:$I)*(AH6='Processed Non-zero TRI Data'!$V:$V),0)),"N/A - Facility Does Not Report to TRI")))} -> Facility has no transfers to POTWs between 2019-2023. | AK6: {=IFERROR(_xlfn.XLOOKUP(1, (MAX(IF(I6 = 'Processed Non-zero TRI Data'!$I$2:$I$6,'Processed Non-zero TRI Data'!$A$2:$A$6)) = 'Processed Non-zero TRI Data'!$A$2:$A$6)*('Processed Non-zero TRI Data'!$I$2:$I$6 = I6), 'Processed Non-zero TRI Data'!$X$2:$X$6), "N/A- Facility Does Not Report to TRI")} -> N/A- Facility Does Not Report to TRI | AL6: =IFERROR(AK6/$O6, "N/A - Facility Does Not Report to TRI") -> N/A - Facility Does Not Report to TRI | AM6: {=IF(COUNTIF('Processed Non-zero TRI Data'!$I:$I,$I6)>0,MEDIAN(IF('Processed Non-zero TRI Data'!$I:$I=I6,'Processed Non-zero TRI Data'!$X:$X)), "N/A - Facility Does Not Report to TRI")} -> 0 | AN6: =IFERROR(AM6/$O6, "N/A - Facility Does Not Report to TRI") -> 0 | AO6: =IF(COUNTIF('Processed Non-zero TRI Data'!$I:$I,$I6)>0,_xlfn.MAXIFS('Processed Non-zero TRI Data'!$X:$X,'Processed Non-zero TRI Data'!$I:$I,$I6), "N/A - Facility Does Not Report to TRI") -> 0 | AP6: =IFERROR(AO6/$O6, "N/A - Facility Does Not Report to TRI") -> 0 | AQ6: {=IF(B6="TRI Form A",AC6,IF(AO6=0,"Facility has no transfers to non-POTWs between 2019-2023.",IF(COUNTIF('Processed Non-zero TRI Data'!$I:$I,$I6)>0,INDEX('Processed Non-zero TRI Data'!$A:$A,MATCH(1,($I6='Processed Non-zero TRI Data'!$I:$I)*(AO6='Processed Non-zero TRI Data'!$X:$X),0)),"N/A - Facility Does Not Report to TRI")))} -> Facility has no transfers to non-POTWs between 2019-2023. | AR6: =MAX(AA6,AH6,AO6) -> 41.02743 | AS6: =T6 -> N/A - Facility Does Not Report DMRs
A7: 4 | B7: =IFERROR("TRI Form "& VLOOKUP(I7, 'Processed Non-zero TRI Data'!$I$2:$K$6, 3, FALSE), "DMR") -> TRI Form R | C7: =VLOOKUP(D7,#REF!, 2, FALSE) -> #REF! | D7: =IF(I7<>"",INDEX('Processed Non-zero TRI Data'!$O:$O,MATCH(I7,'Processed Non-zero TRI Data'!$I:$I,0)),INDEX('Processed Non-zero DMR Data'!$S:$S,MATCH(J7,'Processed Non-zero DMR Data'!$I:$I,0))) -> Manufacture | E7: =IF(I7<>"",INDEX('Processed Non-zero TRI Data'!$P:$P,MATCH(I7,'Processed Non-zero TRI Data'!$I:$I,0)),INDEX('Processed Non-zero DMR Data'!$T:$T,MATCH(J7,'Processed Non-zero DMR Data'!$I:$I,0))) -> VI Final Study Plan | F7: DOW CHEMICAL CO FREEPORT FACILITY | G7: FREEPORT | H7: TX | I7: 77541THDWCBUILD | J7: 110008170237 | K7: =IFERROR(INDEX('Raw Non-zero DMR Data'!$C:$C, MATCH(J7,'Raw Non-zero DMR Data'!$D:$D,0)),"") | L7: =IFERROR(INDEX('Raw Non-zero DMR Data'!$U:$U, MATCH($J7,'Raw Non-zero DMR Data'!$D:$D,0)),"") | M7: =IFERROR(INDEX('Raw Non-zero DMR Data'!$T:$T, MATCH($J7,'Raw Non-zero DMR Data'!$D:$D,0)),"") | N7: =IFERROR(INDEX('Off-site Locations'!$E:$E,MATCH(I7,'Off-site Locations'!$B:$B,0)),"No offsite transfers") -> No offsite transfers | O7: =INDEX('TRI and DMR OES Summary'!D:D,MATCH('Facility Discharge Summary'!D7,'TRI and DMR OES Summary'!A:A,0)) -> 350 | P7: {=IFERROR(_xlfn.XLOOKUP(1, (MAX(IF(J7 = 'Processed Non-zero DMR Data'!$I$2:$I$651,'Processed Non-zero DMR Data'!$A$2:$A$651)) = 'Processed Non-zero DMR Data'!$A$2:$A$651)*('Processed Non-zero DMR Data'!$I$2:$I$651 = J7),'Processed Non-zero DMR Data'!$W$2:$W$651), "N/A- Facility Does Not Report DMRs")} -> N/A- Facility Does Not Report DMRs | Q7: =IFERROR(P7/$O7, "N/A - Facility Does Not Report DMRs") -> N/A - Facility Does Not Report DMRs | R7: {=IF(COUNTIF('Processed Non-zero DMR Data'!$I:$I,$J7)>0,MEDIAN(IF('Processed Non-zero DMR Data'!$I:$I=J7,'Processed Non-zero DMR Data'!$W:$W)),"N/A - Facility Does Not Report DMRs")} -> N/A - Facility Does Not Report DMRs | S7: =IFERROR(R7/$O7, "N/A - Facility Does Not Report DMRs") -> N/A - Facility Does Not Report DMRs | T7: =IF(COUNTIF('Processed Non-zero DMR Data'!$I:$I,$J7)>0,_xlfn.MAXIFS('Processed Non-zero DMR Data'!$W:$W,'Processed Non-zero DMR Data'!$I:$I,$J7), "N/A - Facility Does Not Report DMRs") -> N/A - Facility Does Not Report DMRs | U7: =IFERROR(T7/$O7, "N/A - Facility Does Not Report DMRs") -> N/A - Facility Does Not Report DMRs | V7: {=IF(COUNTIF('Processed Non-zero DMR Data'!$I:$I,$J7)>0,INDEX('Processed Non-zero DMR Data'!$A:$A,MATCH(1,($J7='Processed Non-zero DMR Data'!$I:$I)*($T7='Processed Non-zero DMR Data'!$W:$W),0)), "N/A - Facility Does Not Report DMRs")} -> N/A - Facility Does Not Report DMRs | W7: {=IFERROR(_xlfn.XLOOKUP(1, (MAX(IF(I7 = 'Processed Non-zero TRI Data'!$I$2:$I$6,'Processed Non-zero TRI Data'!$A$2:$A$6)) = 'Processed Non-zero TRI Data'!$A$2:$A$6)*('Processed Non-zero TRI Data'!$I$2:$I$6 = I7), 'Processed Non-zero TRI Data'!$T$2:$T$6), "N/A- Facility Does Not Report to TRI")} -> 85.275366 | X7: =IFERROR(W7/$O7, "N/A - Facility Does Not Report to TRI") -> 0.2436439 | Y7: {=IF(COUNTIF('Processed Non-zero TRI Data'!$I:$I,$I7)>0,MEDIAN(IF('Processed Non-zero TRI Data'!$I:$I=I7,'Processed Non-zero TRI Data'!$T:$T)), "N/A - Facility Does Not Report to TRI")} -> 68.719244 | Z7: =IFERROR(Y7/$O7, "N/A - Facility Does Not Report to TRI") -> 0.1963407 | AA7: =IF(COUNTIF('Processed Non-zero TRI Data'!$I:$I,$I7)>0,_xlfn.MAXIFS('Processed Non-zero TRI Data'!$T:$T,'Processed Non-zero TRI Data'!$I:$I,$I7), "N/A - Facility Does Not Report to TRI") -> 98.883137 | AB7: =IFERROR(AA7/$O7, "N/A - Facility Does Not Report to TRI") -> 0.28252325 | AC7: {=IFERROR(IF(B7 = "TRI Form R", IF(AA7 = 0, "Facility has no on-site water discharges between 2017-2022.", IF(COUNTIF('Processed Non-zero TRI Data'!$I:$I,$I7)>0,INDEX('Processed Non-zero TRI Data'!$A:$A,MATCH(1,($I7='Processed Non-zero TRI Data'!$I:$I)*(AA7='Processed Non-zero TRI Data'!$T:$T),0)))), VLOOKUP(I7,#REF!, 2, FALSE)), ("N/A - Facility Does Not Report to TRI"))} -> 2021 | AD7: {=IFERROR(_xlfn.XLOOKUP(1, (MAX(IF(I7 = 'Processed Non-zero TRI Data'!$I$2:$I$6,'Processed Non-zero TRI Data'!$A$2:$A$6)) = 'Processed Non-zero TRI Data'!$A$2:$A$6)*('Processed Non-zero TRI Data'!$I$2:$I$6 = I7), 'Processed Non-zero TRI Data'!$V$2:$V$6), "N/A- Facility Does Not Report to TRI")} -> 0 | AE7: =IFERROR(AD7/$O7, "N/A - Facility Does Not Report to TRI") -> 0 | AF7: {=IF(COUNTIF('Processed Non-zero TRI Data'!$I:$I,$I7)>0,MEDIAN(IF('Processed Non-zero TRI Data'!$I:$I=I7,'Processed Non-zero TRI Data'!$V:$V)), "N/A - Facility Does Not Report to TRI")} -> 0 | AG7: =IFERROR(AF7/$O7, "N/A - Facility Does Not Report to TRI") -> 0 | AH7: =IF(COUNTIF('Processed Non-zero TRI Data'!$I:$I,$I7)>0,_xlfn.MAXIFS('Processed Non-zero TRI Data'!$V:$V,'Processed Non-zero TRI Data'!$I:$I,$I7), "N/A - Facility Does Not Report to TRI") -> 0 | AI7: =IFERROR(AH7/$O7, "N/A - Facility Does Not Report to TRI") -> 0 | AJ7: {=IF(B7="TRI Form A",AC7,IF(AH7=0,"Facility has no transfers to POTWs between 2019-2023.",IF(COUNTIF('Processed Non-zero TRI Data'!$I:$I,$I7)>0,INDEX('Processed Non-zero TRI Data'!$A:$A,MATCH(1,($I7='Processed Non-zero TRI Data'!$I:$I)*(AH7='Processed Non-zero TRI Data'!$V:$V),0)),"N/A - Facility Does Not Report to TRI")))} -> Facility has no transfers to POTWs between 2019-2023. | AK7: {=IFERROR(_xlfn.XLOOKUP(1, (MAX(IF(I7 = 'Processed Non-zero TRI Data'!$I$2:$I$6,'Processed Non-zero TRI Data'!$A$2:$A$6)) = 'Processed Non-zero TRI Data'!$A$2:$A$6)*('Processed Non-zero TRI Data'!$I$2:$I$6 = I7), 'Processed Non-zero TRI Data'!$X$2:$X$6), "N/A- Facility Does Not Report to TRI")} -> 0 | AL7: =IFERROR(AK7/$O7, "N/A - Facility Does Not Report to TRI") -> 0 | AM7: {=IF(COUNTIF('Processed Non-zero TRI Data'!$I:$I,$I7)>0,MEDIAN(IF('Processed Non-zero TRI Data'!$I:$I=I7,'Processed Non-zero TRI Data'!$X:$X)), "N/A - Facility Does Not Report to TRI")} -> 0 | AN7: =IFERROR(AM7/$O7, "N/A - Facility Does Not Report to TRI") -> 0 | AO7: =IF(COUNTIF('Processed Non-zero TRI Data'!$I:$I,$I7)>0,_xlfn.MAXIFS('Processed Non-zero TRI Data'!$X:$X,'Processed Non-zero TRI Data'!$I:$I,$I7), "N/A - Facility Does Not Report to TRI") -> 0 | AP7: =IFERROR(AO7/$O7, "N/A - Facility Does Not Report to TRI") -> 0 | AQ7: {=IF(B7="TRI Form A",AC7,IF(AO7=0,"Facility has no transfers to non-POTWs between 2019-2023.",IF(COUNTIF('Processed Non-zero TRI Data'!$I:$I,$I7)>0,INDEX('Processed Non-zero TRI Data'!$A:$A,MATCH(1,($I7='Processed Non-zero TRI Data'!$I:$I)*(AO7='Processed Non-zero TRI Data'!$X:$X),0)),"N/A - Facility Does Not Report to TRI")))} -> Facility has no transfers to non-POTWs between 2019-2023. | AR7: =MAX(AA7,AH7,AO7) -> 98.883137 | AS7: =T7 -> N/A - Facility Does Not Report DMRs
A8: 5 | B8: =IFERROR("TRI Form "& VLOOKUP(I8, 'Processed Non-zero TRI Data'!$I$2:$K$6, 3, FALSE), "DMR") -> DMR | C8: =VLOOKUP(D8,#REF!, 2, FALSE) -> #REF! | D8: =IF(I8<>"",INDEX('Processed Non-zero TRI Data'!$O:$O,MATCH(I8,'Processed Non-zero TRI Data'!$I:$I,0)),INDEX('Processed Non-zero DMR Data'!$S:$S,MATCH(J8,'Processed Non-zero DMR Data'!$I:$I,0))) -> Impurity in Plastics | E8: =IF(I8<>"",INDEX('Processed Non-zero TRI Data'!$P:$P,MATCH(I8,'Processed Non-zero TRI Data'!$I:$I,0)),INDEX('Processed Non-zero DMR Data'!$T:$T,MATCH(J8,'Processed Non-zero DMR Data'!$I:$I,0))) -> 2020 CDR; Import and Processing as a Reactant | F8: THE DOW CHEMICAL CO | G8: MIDLAND | H8: MI | I8: 48667THDWCMICHI | J8: 110043787408 | K8: =IFERROR(INDEX('Raw Non-zero DMR Data'!$C:$C, MATCH(J8,'Raw Non-zero DMR Data'!$D:$D,0)),"") | L8: =IFERROR(INDEX('Raw Non-zero DMR Data'!$U:$U, MATCH($J8,'Raw Non-zero DMR Data'!$D:$D,0)),"") | M8: =IFERROR(INDEX('Raw Non-zero DMR Data'!$T:$T, MATCH($J8,'Raw Non-zero DMR Data'!$D:$D,0)),"") | N8: =IFERROR(INDEX('Off-site Locations'!$E:$E,MATCH(I8,'Off-site Locations'!$B:$B,0)),"No offsite transfers") -> No offsite transfers | O8: =INDEX('TRI and DMR OES Summary'!D:D,MATCH('Facility Discharge Summary'!D8,'TRI and DMR OES Summary'!A:A,0)) -> 350 | P8: {=IFERROR(_xlfn.XLOOKUP(1, (MAX(IF(J8 = 'Processed Non-zero DMR Data'!$I$2:$I$651,'Processed Non-zero DMR Data'!$A$2:$A$651)) = 'Processed Non-zero DMR Data'!$A$2:$A$651)*('Processed Non-zero DMR Data'!$I$2:$I$651 = J8),'Processed Non-zero DMR Data'!$W$2:$W$651), "N/A- Facility Does Not Report DMRs")} -> N/A- Facility Does Not Report DMRs | Q8: =IFERROR(P8/$O8, "N/A - Facility Does Not Report DMRs") -> N/A - Facility Does Not Report DMRs | R8: {=IF(COUNTIF('Processed Non-zero DMR Data'!$I:$I,$J8)>0,MEDIAN(IF('Processed Non-zero DMR Data'!$I:$I=J8,'Processed Non-zero DMR Data'!$W:$W)),"N/A - Facility Does Not Report DMRs")} -> N/A - Facility Does Not Report DMRs | S8: =IFERROR(R8/$O8, "N/A - Facility Does Not Report DMRs") -> N/A - Facility Does Not Report DMRs | T8: =IF(COUNTIF('Processed Non-zero DMR Data'!$I:$I,$J8)>0,_xlfn.MAXIFS('Processed Non-zero DMR Data'!$W:$W,'Processed Non-zero DMR Data'!$I:$I,$J8), "N/A - Facility Does Not Report DMRs") -> N/A - Facility Does Not Report DMRs | U8: =IFERROR(T8/$O8, "N/A - Facility Does Not Report DMRs") -> N/A - Facility Does Not Report DMRs | V8: {=IF(COUNTIF('Processed Non-zero DMR Data'!$I:$I,$J8)>0,INDEX('Processed Non-zero DMR Data'!$A:$A,MATCH(1,($J8='Processed Non-zero DMR Data'!$I:$I)*($T8='Processed Non-zero DMR Data'!$W:$W),0)), "N/A - Facility Does Not Report DMRs")} -> N/A - Facility Does Not Report DMRs | W8: {=IFERROR(_xlfn.XLOOKUP(1, (MAX(IF(I8 = 'Processed Non-zero TRI Data'!$I$2:$I$6,'Processed Non-zero TRI Data'!$A$2:$A$6)) = 'Processed Non-zero TRI Data'!$A$2:$A$6)*('Processed Non-zero TRI Data'!$I$2:$I$6 = I8), 'Processed Non-zero TRI Data'!$T$2:$T$6), "N/A- Facility Does Not Report to TRI")} -> N/A- Facility Does Not Report to TRI | X8: =IFERROR(W8/$O8, "N/A - Facility Does Not Report to TRI") -> N/A - Facility Does Not Report to TRI | Y8: {=IF(COUNTIF('Processed Non-zero TRI Data'!$I:$I,$I8)>0,MEDIAN(IF('Processed Non-zero TRI Data'!$I:$I=I8,'Processed Non-zero TRI Data'!$T:$T)), "N/A - Facility Does Not Report to TRI")} -> 11.339809 | Z8: =IFERROR(Y8/$O8, "N/A - Facility Does Not Report to TRI") -> 0.032399455 | AA8: =IF(COUNTIF('Processed Non-zero TRI Data'!$I:$I,$I8)>0,_xlfn.MAXIFS('Processed Non-zero TRI Data'!$T:$T,'Processed Non-zero TRI Data'!$I:$I,$I8), "N/A - Facility Does Not Report to TRI") -> 11.339809 | AB8: =IFERROR(AA8/$O8, "N/A - Facility Does Not Report to TRI") -> 0.032399455 | AC8: {=IFERROR(IF(B8 = "TRI Form R", IF(AA8 = 0, "Facility has no on-site water discharges between 2017-2022.", IF(COUNTIF('Processed Non-zero TRI Data'!$I:$I,$I8)>0,INDEX('Processed Non-zero TRI Data'!$A:$A,MATCH(1,($I8='Processed Non-zero TRI Data'!$I:$I)*(AA8='Processed Non-zero TRI Data'!$T:$T),0)))), VLOOKUP(I8,#REF!, 2, FALSE)), ("N/A - Facility Does Not Report to TRI"))} -> N/A - Facility Does Not Report to TRI | AD8: {=IFERROR(_xlfn.XLOOKUP(1, (MAX(IF(I8 = 'Processed Non-zero TRI Data'!$I$2:$I$6,'Processed Non-zero TRI Data'!$A$2:$A$6)) = 'Processed Non-zero TRI Data'!$A$2:$A$6)*('Processed Non-zero TRI Data'!$I$2:$I$6 = I8), 'Processed Non-zero TRI Data'!$V$2:$V$6), "N/A- Facility Does Not Report to TRI")} -> N/A- Facility Does Not Report to TRI | AE8: =IFERROR(AD8/$O8, "N/A - Facility Does Not Report to TRI") -> N/A - Facility Does Not Report to TRI | AF8: {=IF(COUNTIF('Processed Non-zero TRI Data'!$I:$I,$I8)>0,MEDIAN(IF('Processed Non-zero TRI Data'!$I:$I=I8,'Processed Non-zero TRI Data'!$V:$V)), "N/A - Facility Does Not Report to TRI")} -> 0 | AG8: =IFERROR(AF8/$O8, "N/A - Facility Does Not Report to TRI") -> 0 | AH8: =IF(COUNTIF('Processed Non-zero TRI Data'!$I:$I,$I8)>0,_xlfn.MAXIFS('Processed Non-zero TRI Data'!$V:$V,'Processed Non-zero TRI Data'!$I:$I,$I8), "N/A - Facility Does Not Report to TRI") -> 0 | AI8: =IFERROR(AH8/$O8, "N/A - Facility Does Not Report to TRI") -> 0 | AJ8: {=IF(B8="TRI Form A",AC8,IF(AH8=0,"Facility has no transfers to POTWs between 2019-2023.",IF(COUNTIF('Processed Non-zero TRI Data'!$I:$I,$I8)>0,INDEX('Processed Non-zero TRI Data'!$A:$A,MATCH(1,($I8='Processed Non-zero TRI Data'!$I:$I)*(AH8='Processed Non-zero TRI Data'!$V:$V),0)),"N/A - Facility Does Not Report to TRI")))} -> Facility has no transfers to POTWs between 2019-2023. | AK8: {=IFERROR(_xlfn.XLOOKUP(1, (MAX(IF(I8 = 'Processed Non-zero TRI Data'!$I$2:$I$6,'Processed Non-zero TRI Data'!$A$2:$A$6)) = 'Processed Non-zero TRI Data'!$A$2:$A$6)*('Processed Non-zero TRI Data'!$I$2:$I$6 = I8), 'Processed Non-zero TRI Data'!$X$2:$X$6), "N/A- Facility Does Not Report to TRI")} -> N/A- Facility Does Not Report to TRI | AL8: =IFERROR(AK8/$O8, "N/A - Facility Does Not Report to TRI") -> N/A - Facility Does Not Report to TRI | AM8: {=IF(COUNTIF('Processed Non-zero TRI Data'!$I:$I,$I8)>0,MEDIAN(IF('Processed Non-zero TRI Data'!$I:$I=I8,'Processed Non-zero TRI Data'!$X:$X)), "N/A - Facility Does Not Report to TRI")} -> 0 | AN8: =IFERROR(AM8/$O8, "N/A - Facility Does Not Report to TRI") -> 0 | AO8: =IF(COUNTIF('Processed Non-zero TRI Data'!$I:$I,$I8)>0,_xlfn.MAXIFS('Processed Non-zero TRI Data'!$X:$X,'Processed Non-zero TRI Data'!$I:$I,$I8), "N/A - Facility Does Not Report to TRI") -> 0 | AP8: =IFERROR(AO8/$O8, "N/A - Facility Does Not Report to TRI") -> 0 | AQ8: {=IF(B8="TRI Form A",AC8,IF(AO8=0,"Facility has no transfers to non-POTWs between 2019-2023.",IF(COUNTIF('Processed Non-zero TRI Data'!$I:$I,$I8)>0,INDEX('Processed Non-zero TRI Data'!$A:$A,MATCH(1,($I8='Processed Non-zero TRI Data'!$I:$I)*(AO8='Processed Non-zero TRI Data'!$X:$X),0)),"N/A - Facility Does Not Report to TRI")))} -> Facility has no transfers to non-POTWs between 2019-2023. | AR8: =MAX(AA8,AH8,AO8) -> 11.339809 | AS8: =T8 -> N/A - Facility Does Not Report DMRs
A9: 6 | B9: =IFERROR("TRI Form "& VLOOKUP(I9, 'Processed Non-zero TRI Data'!$I$2:$K$6, 3, FALSE), "DMR") -> TRI Form R | C9: =VLOOKUP(D9,#REF!, 2, FALSE) -> #REF! | D9: =IF(I9<>"",INDEX('Processed Non-zero TRI Data'!$O:$O,MATCH(I9,'Processed Non-zero TRI Data'!$I:$I,0)),INDEX('Processed Non-zero DMR Data'!$S:$S,MATCH(J9,'Processed Non-zero DMR Data'!$I:$I,0))) -> Manufacture | E9: =IF(I9<>"",INDEX('Processed Non-zero TRI Data'!$P:$P,MATCH(I9,'Processed Non-zero TRI Data'!$I:$I,0)),INDEX('Processed Non-zero DMR Data'!$T:$T,MATCH(J9,'Processed Non-zero DMR Data'!$I:$I,0))) -> VI Final Study Plan | F9: FREEPORT_OLIN BC | G9: FREEPORT | H9: TX | I9: 7754WBLCBP231NB | J9: 110066943605 | K9: =IFERROR(INDEX('Raw Non-zero DMR Data'!$C:$C, MATCH(J9,'Raw Non-zero DMR Data'!$D:$D,0)),"") | L9: =IFERROR(INDEX('Raw Non-zero DMR Data'!$U:$U, MATCH($J9,'Raw Non-zero DMR Data'!$D:$D,0)),"") | M9: =IFERROR(INDEX('Raw Non-zero DMR Data'!$T:$T, MATCH($J9,'Raw Non-zero DMR Data'!$D:$D,0)),"") | N9: =IFERROR(INDEX('Off-site Locations'!$E:$E,MATCH(I9,'Off-site Locations'!$B:$B,0)),"No offsite transfers") -> NA | O9: =INDEX('TRI and DMR OES Summary'!D:D,MATCH('Facility Discharge Summary'!D9,'TRI and DMR OES Summary'!A:A,0)) -> 350 | P9: {=IFERROR(_xlfn.XLOOKUP(1, (MAX(IF(J9 = 'Processed Non-zero DMR Data'!$I$2:$I$651,'Processed Non-zero DMR Data'!$A$2:$A$651)) = 'Processed Non-zero DMR Data'!$A$2:$A$651)*('Processed Non-zero DMR Data'!$I$2:$I$651 = J9),'Processed Non-zero DMR Data'!$W$2:$W$651), "N/A- Facility Does Not Report DMRs")} -> N/A- Facility Does Not Report DMRs | Q9: =IFERROR(P9/$O9, "N/A - Facility Does Not Report DMRs") -> N/A - Facility Does Not Report DMRs | R9: {=IF(COUNTIF('Processed Non-zero DMR Data'!$I:$I,$J9)>0,MEDIAN(IF('Processed Non-zero DMR Data'!$I:$I=J9,'Processed Non-zero DMR Data'!$W:$W)),"N/A - Facility Does Not Report DMRs")} -> N/A - Facility Does Not Report DMRs | S9: =IFERROR(R9/$O9, "N/A - Facility Does Not Report DMRs") -> N/A - Facility Does Not Report DMRs | T9: =IF(COUNTIF('Processed Non-zero DMR Data'!$I:$I,$J9)>0,_xlfn.MAXIFS('Processed Non-zero DMR Data'!$W:$W,'Processed Non-zero DMR Data'!$I:$I,$J9), "N/A - Facility Does Not Report DMRs") -> N/A - Facility Does Not Report DMRs | U9: =IFERROR(T9/$O9, "N/A - Facility Does Not Report DMRs") -> N/A - Facility Does Not Report DMRs | V9: {=IF(COUNTIF('Processed Non-zero DMR Data'!$I:$I,$J9)>0,INDEX('Processed Non-zero DMR Data'!$A:$A,MATCH(1,($J9='Processed Non-zero DMR Data'!$I:$I)*($T9='Processed Non-zero DMR Data'!$W:$W),0)), "N/A - Facility Does Not Report DMRs")} -> N/A - Facility Does Not Report DMRs | W9: {=IFERROR(_xlfn.XLOOKUP(1, (MAX(IF(I9 = 'Processed Non-zero TRI Data'!$I$2:$I$6,'Processed Non-zero TRI Data'!$A$2:$A$6)) = 'Processed Non-zero TRI Data'!$A$2:$A$6)*('Processed Non-zero TRI Data'!$I$2:$I$6 = I9), 'Processed Non-zero TRI Data'!$T$2:$T$6), "N/A- Facility Does Not Report to TRI")} -> 488.06539 | X9: =IFERROR(W9/$O9, "N/A - Facility Does Not Report to TRI") -> 1.3944725 | Y9: {=IF(COUNTIF('Processed Non-zero TRI Data'!$I:$I,$I9)>0,MEDIAN(IF('Processed Non-zero TRI Data'!$I:$I=I9,'Processed Non-zero TRI Data'!$T:$T)), "N/A - Facility Does Not Report to TRI")} -> 1124.4555 | Z9: =IFERROR(Y9/$O9, "N/A - Facility Does Not Report to TRI") -> 3.21273 | AA9: =IF(COUNTIF('Processed Non-zero TRI Data'!$I:$I,$I9)>0,_xlfn.MAXIFS('Processed Non-zero TRI Data'!$T:$T,'Processed Non-zero TRI Data'!$I:$I,$I9), "N/A - Facility Does Not Report to TRI") -> 3305.7812 | AB9: =IFERROR(AA9/$O9, "N/A - Facility Does Not Report to TRI") -> 9.4450891 | AC9: {=IFERROR(IF(B9 = "TRI Form R", IF(AA9 = 0, "Facility has no on-site water discharges between 2017-2022.", IF(COUNTIF('Processed Non-zero TRI Data'!$I:$I,$I9)>0,INDEX('Processed Non-zero TRI Data'!$A:$A,MATCH(1,($I9='Processed Non-zero TRI Data'!$I:$I)*(AA9='Processed Non-zero TRI Data'!$T:$T),0)))), VLOOKUP(I9,#REF!, 2, FALSE)), ("N/A - Facility Does Not Report to TRI"))} -> 2020 | AD9: {=IFERROR(_xlfn.XLOOKUP(1, (MAX(IF(I9 = 'Processed Non-zero TRI Data'!$I$2:$I$6,'Processed Non-zero TRI Data'!$A$2:$A$6)) = 'Processed Non-zero TRI Data'!$A$2:$A$6)*('Processed Non-zero TRI Data'!$I$2:$I$6 = I9), 'Processed Non-zero TRI Data'!$V$2:$V$6), "N/A- Facility Does Not Report to TRI")} -> 0 | AE9: =IFERROR(AD9/$O9, "N/A - Facility Does Not Report to TRI") -> 0 | AF9: {=IF(COUNTIF('Processed Non-zero TRI Data'!$I:$I,$I9)>0,MEDIAN(IF('Processed Non-zero TRI Data'!$I:$I=I9,'Processed Non-zero TRI Data'!$V:$V)), "N/A - Facility Does Not Report to TRI")} -> 0 | AG9: =IFERROR(AF9/$O9, "N/A - Facility Does Not Report to TRI") -> 0 | AH9: =IF(COUNTIF('Processed Non-zero TRI Data'!$I:$I,$I9)>0,_xlfn.MAXIFS('Processed Non-zero TRI Data'!$V:$V,'Processed Non-zero TRI Data'!$I:$I,$I9), "N/A - Facility Does Not Report to TRI") -> 0 | AI9: =IFERROR(AH9/$O9, "N/A - Facility Does Not Report to TRI") -> 0 | AJ9: {=IF(B9="TRI Form A",AC9,IF(AH9=0,"Facility has no transfers to POTWs between 2019-2023.",IF(COUNTIF('Processed Non-zero TRI Data'!$I:$I,$I9)>0,INDEX('Processed Non-zero TRI Data'!$A:$A,MATCH(1,($I9='Processed Non-zero TRI Data'!$I:$I)*(AH9='Processed Non-zero TRI Data'!$V:$V),0)),"N/A - Facility Does Not Report to TRI")))} -> Facility has no transfers to POTWs between 2019-2023. | AK9: {=IFERROR(_xlfn.XLOOKUP(1, (MAX(IF(I9 = 'Processed Non-zero TRI Data'!$I$2:$I$6,'Processed Non-zero TRI Data'!$A$2:$A$6)) = 'Processed Non-zero TRI Data'!$A$2:$A$6)*('Processed Non-zero TRI Data'!$I$2:$I$6 = I9), 'Processed Non-zero TRI Data'!$X$2:$X$6), "N/A- Facility Does Not Report to TRI")} -> 488.06539 | AL9: =IFERROR(AK9/$O9, "N/A - Facility Does Not Report to TRI") -> 1.3944725 | AM9: {=IF(COUNTIF('Processed Non-zero TRI Data'!$I:$I,$I9)>0,MEDIAN(IF('Processed Non-zero TRI Data'!$I:$I=I9,'Processed Non-zero TRI Data'!$X:$X)), "N/A - Facility Does Not Report to TRI")} -> 1124.4555 | AN9: =IFERROR(AM9/$O9, "N/A - Facility Does Not Report to TRI") -> 3.21273 | AO9: =IF(COUNTIF('Processed Non-zero TRI Data'!$I:$I,$I9)>0,_xlfn.MAXIFS('Processed Non-zero TRI Data'!$X:$X,'Processed Non-zero TRI Data'!$I:$I,$I9), "N/A - Facility Does Not Report to TRI") -> 3305.7812 | AP9: =IFERROR(AO9/$O9, "N/A - Facility Does Not Report to TRI") -> 9.4450891 | AQ9: {=IF(B9="TRI Form A",AC9,IF(AO9=0,"Facility has no transfers to non-POTWs between 2019-2023.",IF(COUNTIF('Processed Non-zero TRI Data'!$I:$I,$I9)>0,INDEX('Processed Non-zero TRI Data'!$A:$A,MATCH(1,($I9='Processed Non-zero TRI Data'!$I:$I)*(AO9='Processed Non-zero TRI Data'!$X:$X),0)),"N/A - Facility Does Not Report to TRI")))} -> 2020 | AR9: =MAX(AA9,AH9,AO9) -> 3305.7812 | AS9: =T9 -> N/A - Facility Does Not Report DMRs
A10: 7 | B10: =IFERROR("TRI Form "& VLOOKUP(I10, 'Processed Non-zero TRI Data'!$I$2:$K$6, 3, FALSE), "DMR") -> DMR | C10: =VLOOKUP(D10,#REF!, 2, FALSE) -> #REF! | D10: =IF(I10<>"",INDEX('Processed Non-zero TRI Data'!$O:$O,MATCH(I10,'Processed Non-zero TRI Data'!$I:$I,0)),INDEX('Processed Non-zero DMR Data'!$S:$S,MATCH(J10,'Processed Non-zero DMR Data'!$I:$I,0))) -> Waste Handling, Disposal and Treatment (POTW) | E10: =IF(I10<>"",INDEX('Processed Non-zero TRI Data'!$P:$P,MATCH(I10,'Processed Non-zero TRI Data'!$I:$I,0)),INDEX('Processed Non-zero DMR Data'!$T:$T,MATCH(J10,'Processed Non-zero DMR Data'!$I:$I,0))) -> POTW indicator in DMR | F10: =_xlfn.XLOOKUP(J10, 'Processed Non-zero DMR Data'!I:I, 'Processed Non-zero DMR Data'!B:B) -> VALLEY CREEK WASTEWATER TREATMENT PLANT | G10: =_xlfn.XLOOKUP(J10, 'Processed Non-zero DMR Data'!I:I, 'Processed Non-zero DMR Data'!C:C) -> ELIZABETHTOWN | H10: =_xlfn.XLOOKUP(J10, 'Processed Non-zero DMR Data'!I:I, 'Processed Non-zero DMR Data'!E:E) -> KY | J10: 110000571373 | K10: =IFERROR(INDEX('Raw Non-zero DMR Data'!$C:$C, MATCH(J10,'Raw Non-zero DMR Data'!$D:$D,0)),"") -> KY0022039 | L10: =IFERROR(INDEX('Raw Non-zero DMR Data'!$U:$U, MATCH($J10,'Raw Non-zero DMR Data'!$D:$D,0)),"") -> Lower Valley Creek | M10: =IFERROR(INDEX('Raw Non-zero DMR Data'!$T:$T, MATCH($J10,'Raw Non-zero DMR Data'!$D:$D,0)),"") -> 051100011004 | N10: =IFERROR(INDEX('Off-site Locations'!$E:$E,MATCH(I10,'Off-site Locations'!$B:$B,0)),"No offsite transfers") -> No offsite transfers | O10: =INDEX('TRI and DMR OES Summary'!D:D,MATCH('Facility Discharge Summary'!D10,'TRI and DMR OES Summary'!A:A,0)) -> 365 | P10: {=IFERROR(_xlfn.XLOOKUP(1, (MAX(IF(J10 = 'Processed Non-zero DMR Data'!$I$2:$I$651,'Processed Non-zero DMR Data'!$A$2:$A$651)) = 'Processed Non-zero DMR Data'!$A$2:$A$651)*('Processed Non-zero DMR Data'!$I$2:$I$651 = J10),'Processed Non-zero DMR Data'!$W$2:$W$651), "N/A- Facility Does Not Report DMRs")} -> 3.31566 | Q10: =IFERROR(P10/$O10, "N/A - Facility Does Not Report DMRs") -> 0.009084 | R10: {=IF(COUNTIF('Processed Non-zero DMR Data'!$I:$I,$J10)>0,MEDIAN(IF('Processed Non-zero DMR Data'!$I:$I=J10,'Processed Non-zero DMR Data'!$W:$W)),"N/A - Facility Does Not Report DMRs")} -> 22.795162 | S10: =IFERROR(R10/$O10, "N/A - Facility Does Not Report DMRs") -> 0.0624525 | T10: =IF(COUNTIF('Processed Non-zero DMR Data'!$I:$I,$J10)>0,_xlfn.MAXIFS('Processed Non-zero DMR Data'!$W:$W,'Processed Non-zero DMR Data'!$I:$I,$J10), "N/A - Facility Does Not Report DMRs") -> 40.754987 | U10: =IFERROR(T10/$O10, "N/A - Facility Does Not Report DMRs") -> 0.1116575 | V10: {=IF(COUNTIF('Processed Non-zero DMR Data'!$I:$I,$J10)>0,INDEX('Processed Non-zero DMR Data'!$A:$A,MATCH(1,($J10='Processed Non-zero DMR Data'!$I:$I)*($T10='Processed Non-zero DMR Data'!$W:$W),0)), "N/A - Facility Does Not Report DMRs")} -> 2020 | W10: {=IFERROR(_xlfn.XLOOKUP(1, (MAX(IF(I10 = 'Processed Non-zero TRI Data'!$I$2:$I$6,'Processed Non-zero TRI Data'!$A$2:$A$6)) = 'Processed Non-zero TRI Data'!$A$2:$A$6)*('Processed Non-zero TRI Data'!$I$2:$I$6 = I10), 'Processed Non-zero TRI Data'!$T$2:$T$6), "N/A- Facility Does Not Report to TRI")} -> N/A- Facility Does Not Report to TRI | X10: =IFERROR(W10/$O10, "N/A - Facility Does Not Report to TRI") -> N/A - Facility Does Not Report to TRI | Y10: {=IF(COUNTIF('Processed Non-zero TRI Data'!$I:$I,$I10)>0,MEDIAN(IF('Processed Non-zero TRI Data'!$I:$I=I10,'Processed Non-zero TRI Data'!$T:$T)), "N/A - Facility Does Not Report to TRI")} -> N/A - Facility Does Not Report to TRI | Z10: =IFERROR(Y10/$O10, "N/A - Facility Does Not Report to TRI") -> N/A - Facility Does Not Report to TRI | AA10: =IF(COUNTIF('Processed Non-zero TRI Data'!$I:$I,$I10)>0,_xlfn.MAXIFS('Processed Non-zero TRI Data'!$T:$T,'Processed Non-zero TRI Data'!$I:$I,$I10), "N/A - Facility Does Not Report to TRI") -> N/A - Facility Does Not Report to TRI | AB10: =IFERROR(AA10/$O10, "N/A - Facility Does Not Report to TRI") -> N/A - Facility Does Not Report to TRI | AC10: {=IFERROR(IF(B10 = "TRI Form R", IF(AA10 = 0, "Facility has no on-site water discharges between 2017-2022.", IF(COUNTIF('Processed Non-zero TRI Data'!$I:$I,$I10)>0,INDEX('Processed Non-zero TRI Data'!$A:$A,MATCH(1,($I10='Processed Non-zero TRI Data'!$I:$I)*(AA10='Processed Non-zero TRI Data'!$T:$T),0)))), VLOOKUP(I10,#REF!, 2, FALSE)), ("N/A - Facility Does Not Report to TRI"))} -> N/A - Facility Does Not Report to TRI | AD10: {=IFERROR(_xlfn.XLOOKUP(1, (MAX(IF(I10 = 'Processed Non-zero TRI Data'!$I$2:$I$6,'Processed Non-zero TRI Data'!$A$2:$A$6)) = 'Processed Non-zero TRI Data'!$A$2:$A$6)*('Processed Non-zero TRI Data'!$I$2:$I$6 = I10), 'Processed Non-zero TRI Data'!$V$2:$V$6), "N/A- Facility Does Not Report to TRI")} -> N/A- Facility Does Not Report to TRI | AE10: =IFERROR(AD10/$O10, "N/A - Facility Does Not Report to TRI") -> N/A - Facility Does Not Report to TRI | AF10: {=IF(COUNTIF('Processed Non-zero TRI Data'!$I:$I,$I10)>0,MEDIAN(IF('Processed Non-zero TRI Data'!$I:$I=I10,'Processed Non-zero TRI Data'!$V:$V)), "N/A - Facility Does Not Report to TRI")} -> N/A - Facility Does Not Report to TRI | AG10: =IFERROR(AF10/$O10, "N/A - Facility Does Not Report to TRI") -> N/A - Facility Does Not Report to TRI | AH10: =IF(COUNTIF('Processed Non-zero TRI Data'!$I:$I,$I10)>0,_xlfn.MAXIFS('Processed Non-zero TRI Data'!$V:$V,'Processed Non-zero TRI Data'!$I:$I,$I10), "N/A - Facility Does Not Report to TRI") -> N/A - Facility Does Not Report to TRI | AI10: =IFERROR(AH10/$O10, "N/A - Facility Does Not Report to TRI") -> N/A - Facility Does Not Report to TRI | AJ10: {=IF(B10="TRI Form A",AC10,IF(AH10=0,"Facility has no transfers to POTWs between 2019-2023.",IF(COUNTIF('Processed Non-zero TRI Data'!$I:$I,$I10)>0,INDEX('Processed Non-zero TRI Data'!$A:$A,MATCH(1,($I10='Processed Non-zero TRI Data'!$I:$I)*(AH10='Processed Non-zero TRI Data'!$V:$V),0)),"N/A - Facility Does Not Report to TRI")))} -> N/A - Facility Does Not Report to TRI | AK10: {=IFERROR(_xlfn.XLOOKUP(1, (MAX(IF(I10 = 'Processed Non-zero TRI Data'!$I$2:$I$6,'Processed Non-zero TRI Data'!$A$2:$A$6)) = 'Processed Non-zero TRI Data'!$A$2:$A$6)*('Processed Non-zero TRI Data'!$I$2:$I$6 = I10), 'Processed Non-zero TRI Data'!$X$2:$X$6), "N/A- Facility Does Not Report to TRI")} -> N/A- Facility Does Not Report to TRI | AL10: =IFERROR(AK10/$O10, "N/A - Facility Does Not Report to TRI") -> N/A - Facility Does Not Report to TRI | AM10: {=IF(COUNTIF('Processed Non-zero TRI Data'!$I:$I,$I10)>0,MEDIAN(IF('Processed Non-zero TRI Data'!$I:$I=I10,'Processed Non-zero TRI Data'!$X:$X)), "N/A - Facility Does Not Report to TRI")} -> N/A - Facility Does Not Report to TRI | AN10: =IFERROR(AM10/$O10, "N/A - Facility Does Not Report to TRI") -> N/A - Facility Does Not Report to TRI | AO10: =IF(COUNTIF('Processed Non-zero TRI Data'!$I:$I,$I10)>0,_xlfn.MAXIFS('Processed Non-zero TRI Data'!$X:$X,'Processed Non-zero TRI Data'!$I:$I,$I10), "N/A - Facility Does Not Report to TRI") -> N/A - Facility Does Not Report to TRI | AP10: =IFERROR(AO10/$O10, "N/A - Facility Does Not Report to TRI") -> N/A - Facility Does Not Report to TRI | AQ10: {=IF(B10="TRI Form A",AC10,IF(AO10=0,"Facility has no transfers to non-POTWs between 2019-2023.",IF(COUNTIF('Processed Non-zero TRI Data'!$I:$I,$I10)>0,INDEX('Processed Non-zero TRI Data'!$A:$A,MATCH(1,($I10='Processed Non-zero TRI Data'!$I:$I)*(AO10='Processed Non-zero TRI Data'!$X:$X),0)),"N/A - Facility Does Not Report to TRI")))} -> N/A - Facility Does Not Report to TRI | AR10: =MAX(AA10,AH10,AO10) -> 0 | AS10: =T10 -> 40.754987
A11: 8 | B11: =IFERROR("TRI Form "& VLOOKUP(I11, 'Processed Non-zero TRI Data'!$I$2:$K$6, 3, FALSE), "DMR") -> DMR | C11: =VLOOKUP(D11,#REF!, 2, FALSE) -> #REF! | D11: =IF(I11<>"",INDEX('Processed Non-zero TRI Data'!$O:$O,MATCH(I11,'Processed Non-zero TRI Data'!$I:$I,0)),INDEX('Processed Non-zero DMR Data'!$S:$S,MATCH(J11,'Processed Non-zero DMR Data'!$I:$I,0))) -> Processing as a reactant | E11: =IF(I11<>"",INDEX('Processed Non-zero TRI Data'!$P:$P,MATCH(I11,'Processed Non-zero TRI Data'!$I:$I,0)),INDEX('Processed Non-zero DMR Data'!$T:$T,MATCH(J11,'Processed Non-zero DMR Data'!$I:$I,0))) -> The site produces multiple materials including alkoxylates, alpha sulfo methyl esters, amides, amine oxides, esters, sulfosuccinates, sulfacetates, sulfonates, sulfates, blends, phosphate esters, quaternaries, phthalic anhydride, and polyols (https://www.stepan.com/content/stepan-dot-com/en/you-stepan/locations.html). 1,1 DCA is likely used in the manufacturing process. | F11: =_xlfn.XLOOKUP(J11, 'Processed Non-zero DMR Data'!I:I, 'Processed Non-zero DMR Data'!B:B) -> STEPAN CO | G11: =_xlfn.XLOOKUP(J11, 'Processed Non-zero DMR Data'!I:I, 'Processed Non-zero DMR Data'!C:C) -> ELWOOD | H11: =_xlfn.XLOOKUP(J11, 'Processed Non-zero DMR Data'!I:I, 'Processed Non-zero DMR Data'!E:E) -> IL | J11: 110000432504 | K11: =IFERROR(INDEX('Raw Non-zero DMR Data'!$C:$C, MATCH(J11,'Raw Non-zero DMR Data'!$D:$D,0)),"") -> IL0002453 | L11: =IFERROR(INDEX('Raw Non-zero DMR Data'!$U:$U, MATCH($J11,'Raw Non-zero DMR Data'!$D:$D,0)),"") -> Des Plaines River | M11: =IFERROR(INDEX('Raw Non-zero DMR Data'!$T:$T, MATCH($J11,'Raw Non-zero DMR Data'!$D:$D,0)),"") -> 071200040905 | N11: =IFERROR(INDEX('Off-site Locations'!$E:$E,MATCH(I11,'Off-site Locations'!$B:$B,0)),"No offsite transfers") -> No offsite transfers | O11: =INDEX('TRI and DMR OES Summary'!D:D,MATCH('Facility Discharge Summary'!D11,'TRI and DMR OES Summary'!A:A,0)) -> 350 | P11: {=IFERROR(_xlfn.XLOOKUP(1, (MAX(IF(J11 = 'Processed Non-zero DMR Data'!$I$2:$I$651,'Processed Non-zero DMR Data'!$A$2:$A$651)) = 'Processed Non-zero DMR Data'!$A$2:$A$651)*('Processed Non-zero DMR Data'!$I$2:$I$651 = J11),'Processed Non-zero DMR Data'!$W$2:$W$651), "N/A- Facility Does Not Report DMRs")} -> 0.580666 | Q11: =IFERROR(P11/$O11, "N/A - Facility Does Not Report DMRs") -> 0.0016590457 | R11: {=IF(COUNTIF('Processed Non-zero DMR Data'!$I:$I,$J11)>0,MEDIAN(IF('Processed Non-zero DMR Data'!$I:$I=J11,'Processed Non-zero DMR Data'!$W:$W)),"N/A - Facility Does Not Report DMRs")} -> 0.580666 | S11: =IFERROR(R11/$O11, "N/A - Facility Does Not Report DMRs") -> 0.0016590457 | T11: =IF(COUNTIF('Processed Non-zero DMR Data'!$I:$I,$J11)>0,_xlfn.MAXIFS('Processed Non-zero DMR Data'!$W:$W,'Processed Non-zero DMR Data'!$I:$I,$J11), "N/A - Facility Does Not Report DMRs") -> 0.745014 | U11: =IFERROR(T11/$O11, "N/A - Facility Does Not Report DMRs") -> 0.0021286114 | V11: {=IF(COUNTIF('Processed Non-zero DMR Data'!$I:$I,$J11)>0,INDEX('Processed Non-zero DMR Data'!$A:$A,MATCH(1,($J11='Processed Non-zero DMR Data'!$I:$I)*($T11='Processed Non-zero DMR Data'!$W:$W),0)), "N/A - Facility Does Not Report DMRs")} -> 2019 | W11: {=IFERROR(_xlfn.XLOOKUP(1, (MAX(IF(I11 = 'Processed Non-zero TRI Data'!$I$2:$I$6,'Processed Non-zero TRI Data'!$A$2:$A$6)) = 'Processed Non-zero TRI Data'!$A$2:$A$6)*('Processed Non-zero TRI Data'!$I$2:$I$6 = I11), 'Processed Non-zero TRI Data'!$T$2:$T$6), "N/A- Facility Does Not Report to TRI")} -> N/A- Facility Does Not Report to TRI | X11: =IFERROR(W11/$O11, "N/A - Facility Does Not Report to TRI") -> N/A - Facility Does Not Report to TRI | Y11: {=IF(COUNTIF('Processed Non-zero TRI Data'!$I:$I,$I11)>0,MEDIAN(IF('Processed Non-zero TRI Data'!$I:$I=I11,'Processed Non-zero TRI Data'!$T:$T)), "N/A - Facility Does Not Report to TRI")} -> N/A - Facility Does Not Report to TRI | Z11: =IFERROR(Y11/$O11, "N/A - Facility Does Not Report to TRI") -> N/A - Facility Does Not Report to TRI | AA11: =IF(COUNTIF('Processed Non-zero TRI Data'!$I:$I,$I11)>0,_xlfn.MAXIFS('Processed Non-zero TRI Data'!$T:$T,'Processed Non-zero TRI Data'!$I:$I,$I11), "N/A - Facility Does Not Report to TRI") -> N/A - Facility Does Not Report to TRI | AB11: =IFERROR(AA11/$O11, "N/A - Facility Does Not Report to TRI") -> N/A - Facility Does Not Report to TRI | AC11: {=IFERROR(IF(B11 = "TRI Form R", IF(AA11 = 0, "Facility has no on-site water discharges between 2017-2022.", IF(COUNTIF('Processed Non-zero TRI Data'!$I:$I,$I11)>0,INDEX('Processed Non-zero TRI Data'!$A:$A,MATCH(1,($I11='Processed Non-zero TRI Data'!$I:$I)*(AA11='Processed Non-zero TRI Data'!$T:$T),0)))), VLOOKUP(I11,#REF!, 2, FALSE)), ("N/A - Facility Does Not Report to TRI"))} -> N/A - Facility Does Not Report to TRI | AD11: {=IFERROR(_xlfn.XLOOKUP(1, (MAX(IF(I11 = 'Processed Non-zero TRI Data'!$I$2:$I$6,'Processed Non-zero TRI Data'!$A$2:$A$6)) = 'Processed Non-zero TRI Data'!$A$2:$A$6)*('Processed Non-zero TRI Data'!$I$2:$I$6 = I11), 'Processed Non-zero TRI Data'!$V$2:$V$6), "N/A- Facility Does Not Report to TRI")} -> N/A- Facility Does Not Report to TRI | AE11: =IFERROR(AD11/$O11, "N/A - Facility Does Not Report to TRI") -> N/A - Facility Does Not Report to TRI | AF11: {=IF(COUNTIF('Processed Non-zero TRI Data'!$I:$I,$I11)>0,MEDIAN(IF('Processed Non-zero TRI Data'!$I:$I=I11,'Processed Non-zero TRI Data'!$V:$V)), "N/A - Facility Does Not Report to TRI")} -> N/A - Facility Does Not Report to TRI | AG11: =IFERROR(AF11/$O11, "N/A - Facility Does Not Report to TRI") -> N/A - Facility Does Not Report to TRI | AH11: =IF(COUNTIF('Processed Non-zero TRI Data'!$I:$I,$I11)>0,_xlfn.MAXIFS('Processed Non-zero TRI Data'!$V:$V,'Processed Non-zero TRI Data'!$I:$I,$I11), "N/A - Facility Does Not Report to TRI") -> N/A - Facility Does Not Report to TRI | AI11: =IFERROR(AH11/$O11, "N/A - Facility Does Not Report to TRI") -> N/A - Facility Does Not Report to TRI | AJ11: {=IF(B11="TRI Form A",AC11,IF(AH11=0,"Facility has no transfers to POTWs between 2019-2023.",IF(COUNTIF('Processed Non-zero TRI Data'!$I:$I,$I11)>0,INDEX('Processed Non-zero TRI Data'!$A:$A,MATCH(1,($I11='Processed Non-zero TRI Data'!$I:$I)*(AH11='Processed Non-zero TRI Data'!$V:$V),0)),"N/A - Facility Does Not Report to TRI")))} -> N/A - Facility Does Not Report to TRI | AK11: {=IFERROR(_xlfn.XLOOKUP(1, (MAX(IF(I11 = 'Processed Non-zero TRI Data'!$I$2:$I$6,'Processed Non-zero TRI Data'!$A$2:$A$6)) = 'Processed Non-zero TRI Data'!$A$2:$A$6)*('Processed Non-zero TRI Data'!$I$2:$I$6 = I11), 'Processed Non-zero TRI Data'!$X$2:$X$6), "N/A- Facility Does Not Report to TRI")} -> N/A- Facility Does Not Report to TRI | AL11: =IFERROR(AK11/$O11, "N/A - Facility Does Not Report to TRI") -> N/A - Facility Does Not Report to TRI | AM11: {=IF(COUNTIF('Processed Non-zero TRI Data'!$I:$I,$I11)>0,MEDIAN(IF('Processed Non-zero TRI Data'!$I:$I=I11,'Processed Non-zero TRI Data'!$X:$X)), "N/A - Facility Does Not Report to TRI")} -> N/A - Facility Does Not Report to TRI | AN11: =IFERROR(AM11/$O11, "N/A - Facility Does Not Report to TRI") -> N/A - Facility Does Not Report to TRI | AO11: =IF(COUNTIF('Processed Non-zero TRI Data'!$I:$I,$I11)>0,_xlfn.MAXIFS('Processed Non-zero TRI Data'!$X:$X,'Processed Non-zero TRI Data'!$I:$I,$I11), "N/A - Facility Does Not Report to TRI") -> N/A - Facility Does Not Report to TRI | AP11: =IFERROR(AO11/$O11, "N/A - Facility Does Not Report to TRI") -> N/A - Facility Does Not Report to TRI | AQ11: {=IF(B11="TRI Form A",AC11,IF(AO11=0,"Facility has no transfers to non-POTWs between 2019-2023.",IF(COUNTIF('Processed Non-zero TRI Data'!$I:$I,$I11)>0,INDEX('Processed Non-zero TRI Data'!$A:$A,MATCH(1,($I11='Processed Non-zero TRI Data'!$I:$I)*(AO11='Processed Non-zero TRI Data'!$X:$X),0)),"N/A - Facility Does Not Report to TRI")))} -> N/A - Facility Does Not Report to TRI | AR11: =MAX(AA11,AH11,AO11) -> 0 | AS11: =T11 -> 0.745014
A12: 9 | B12: =IFERROR("TRI Form "& VLOOKUP(I12, 'Processed Non-zero TRI Data'!$I$2:$K$6, 3, FALSE), "DMR") -> DMR | C12: =VLOOKUP(D12,#REF!, 2, FALSE) -> #REF! | D12: =IF(I12<>"",INDEX('Processed Non-zero TRI Data'!$O:$O,MATCH(I12,'Processed Non-zero TRI Data'!$I:$I,0)),INDEX('Processed Non-zero DMR Data'!$S:$S,MATCH(J12,'Processed Non-zero DMR Data'!$I:$I,0))) -> Waste Handling, Disposal and Treatment (POTW) | E12: =IF(I12<>"",INDEX('Processed Non-zero TRI Data'!$P:$P,MATCH(I12,'Processed Non-zero TRI Data'!$I:$I,0)),INDEX('Processed Non-zero DMR Data'!$T:$T,MATCH(J12,'Processed Non-zero DMR Data'!$I:$I,0))) -> POTW indicator in DMR | F12: =_xlfn.XLOOKUP(J12, 'Processed Non-zero DMR Data'!I:I, 'Processed Non-zero DMR Data'!B:B) -> CARROLLTON REGIONAL WWTP | G12: =_xlfn.XLOOKUP(J12, 'Processed Non-zero DMR Data'!I:I, 'Processed Non-zero DMR Data'!C:C) -> CARROLLTON | H12: =_xlfn.XLOOKUP(J12, 'Processed Non-zero DMR Data'!I:I, 'Processed Non-zero DMR Data'!E:E) -> KY | J12: 110015632216 | K12: =IFERROR(INDEX('Raw Non-zero DMR Data'!$C:$C, MATCH(J12,'Raw Non-zero DMR Data'!$D:$D,0)),"") -> KY0104931 | L12: =IFERROR(INDEX('Raw Non-zero DMR Data'!$U:$U, MATCH($J12,'Raw Non-zero DMR Data'!$D:$D,0)),"") -> Whites Run-Kentucky River | M12: =IFERROR(INDEX('Raw Non-zero DMR Data'!$T:$T, MATCH($J12,'Raw Non-zero DMR Data'!$D:$D,0)),"") -> 051002051510 | N12: =IFERROR(INDEX('Off-site Locations'!$E:$E,MATCH(I12,'Off-site Locations'!$B:$B,0)),"No offsite transfers") -> No offsite transfers | O12: =INDEX('TRI and DMR OES Summary'!D:D,MATCH('Facility Discharge Summary'!D12,'TRI and DMR OES Summary'!A:A,0)) -> 365 | P12: {=IFERROR(_xlfn.XLOOKUP(1, (MAX(IF(J12 = 'Processed Non-zero DMR Data'!$I$2:$I$651,'Processed Non-zero DMR Data'!$A$2:$A$651)) = 'Processed Non-zero DMR Data'!$A$2:$A$651)*('Processed Non-zero DMR Data'!$I$2:$I$651 = J12),'Processed Non-zero DMR Data'!$W$2:$W$651), "N/A- Facility Does Not Report DMRs")} -> 2.7043352 | Q12: =IFERROR(P12/$O12, "N/A - Facility Does Not Report DMRs") -> 0.0074091375 | R12: {=IF(COUNTIF('Processed Non-zero DMR Data'!$I:$I,$J12)>0,MEDIAN(IF('Processed Non-zero DMR Data'!$I:$I=J12,'Processed Non-zero DMR Data'!$W:$W)),"N/A - Facility Does Not Report DMRs")} -> 3.5574269 | S12: =IFERROR(R12/$O12, "N/A - Facility Does Not Report DMRs") -> 0.009746375 | T12: =IF(COUNTIF('Processed Non-zero DMR Data'!$I:$I,$J12)>0,_xlfn.MAXIFS('Processed Non-zero DMR Data'!$W:$W,'Processed Non-zero DMR Data'!$I:$I,$J12), "N/A - Facility Does Not Report DMRs") -> 5.8714813 | U12: =IFERROR(T12/$O12, "N/A - Facility Does Not Report DMRs") -> 0.01608625 | V12: {=IF(COUNTIF('Processed Non-zero DMR Data'!$I:$I,$J12)>0,INDEX('Processed Non-zero DMR Data'!$A:$A,MATCH(1,($J12='Processed Non-zero DMR Data'!$I:$I)*($T12='Processed Non-zero DMR Data'!$W:$W),0)), "N/A - Facility Does Not Report DMRs")} -> 2019 | W12: {=IFERROR(_xlfn.XLOOKUP(1, (MAX(IF(I12 = 'Processed Non-zero TRI Data'!$I$2:$I$6,'Processed Non-zero TRI Data'!$A$2:$A$6)) = 'Processed Non-zero TRI Data'!$A$2:$A$6)*('Processed Non-zero TRI Data'!$I$2:$I$6 = I12), 'Processed Non-zero TRI Data'!$T$2:$T$6), "N/A- Facility Does Not Report to TRI")} -> N/A- Facility Does Not Report to TRI | X12: =IFERROR(W12/$O12, "N/A - Facility Does Not Report to TRI") -> N/A - Facility Does Not Report to TRI | Y12: {=IF(COUNTIF('Processed Non-zero TRI Data'!$I:$I,$I12)>0,MEDIAN(IF('Processed Non-zero TRI Data'!$I:$I=I12,'Processed Non-zero TRI Data'!$T:$T)), "N/A - Facility Does Not Report to TRI")} -> N/A - Facility Does Not Report to TRI | Z12: =IFERROR(Y12/$O12, "N/A - Facility Does Not Report to TRI") -> N/A - Facility Does Not Report to TRI | AA12: =IF(COUNTIF('Processed Non-zero TRI Data'!$I:$I,$I12)>0,_xlfn.MAXIFS('Processed Non-zero TRI Data'!$T:$T,'Processed Non-zero TRI Data'!$I:$I,$I12), "N/A - Facility Does Not Report to TRI") -> N/A - Facility Does Not Report to TRI | AB12: =IFERROR(AA12/$O12, "N/A - Facility Does Not Report to TRI") -> N/A - Facility Does Not Report to TRI | AC12: {=IFERROR(IF(B12 = "TRI Form R", IF(AA12 = 0, "Facility has no on-site water discharges between 2017-2022.", IF(COUNTIF('Processed Non-zero TRI Data'!$I:$I,$I12)>0,INDEX('Processed Non-zero TRI Data'!$A:$A,MATCH(1,($I12='Processed Non-zero TRI Data'!$I:$I)*(AA12='Processed Non-zero TRI Data'!$T:$T),0)))), VLOOKUP(I12,#REF!, 2, FALSE)), ("N/A - Facility Does Not Report to TRI"))} -> N/A - Facility Does Not Report to TRI | AD12: {=IFERROR(_xlfn.XLOOKUP(1, (MAX(IF(I12 = 'Processed Non-zero TRI Data'!$I$2:$I$6,'Processed Non-zero TRI Data'!$A$2:$A$6)) = 'Processed Non-zero TRI Data'!$A$2:$A$6)*('Processed Non-zero TRI Data'!$I$2:$I$6 = I12), 'Processed Non-zero TRI Data'!$V$2:$V$6), "N/A- Facility Does Not Report to TRI")} -> N/A- Facility Does Not Report to TRI | AE12: =IFERROR(AD12/$O12, "N/A - Facility Does Not Report to TRI") -> N/A - Facility Does Not Report to TRI | AF12: {=IF(COUNTIF('Processed Non-zero TRI Data'!$I:$I,$I12)>0,MEDIAN(IF('Processed Non-zero TRI Data'!$I:$I=I12,'Processed Non-zero TRI Data'!$V:$V)), "N/A - Facility Does Not Report to TRI")} -> N/A - Facility Does Not Report to TRI | AG12: =IFERROR(AF12/$O12, "N/A - Facility Does Not Report to TRI") -> N/A - Facility Does Not Report to TRI | AH12: =IF(COUNTIF('Processed Non-zero TRI Data'!$I:$I,$I12)>0,_xlfn.MAXIFS('Processed Non-zero TRI Data'!$V:$V,'Processed Non-zero TRI Data'!$I:$I,$I12), "N/A - Facility Does Not Report to TRI") -> N/A - Facility Does Not Report to TRI | AI12: =IFERROR(AH12/$O12, "N/A - Facility Does Not Report to TRI") -> N/A - Facility Does Not Report to TRI | AJ12: {=IF(B12="TRI Form A",AC12,IF(AH12=0,"Facility has no transfers to POTWs between 2019-2023.",IF(COUNTIF('Processed Non-zero TRI Data'!$I:$I,$I12)>0,INDEX('Processed Non-zero TRI Data'!$A:$A,MATCH(1,($I12='Processed Non-zero TRI Data'!$I:$I)*(AH12='Processed Non-zero TRI Data'!$V:$V),0)),"N/A - Facility Does Not Report to TRI")))} -> N/A - Facility Does Not Report to TRI | AK12: {=IFERROR(_xlfn.XLOOKUP(1, (MAX(IF(I12 = 'Processed Non-zero TRI Data'!$I$2:$I$6,'Processed Non-zero TRI Data'!$A$2:$A$6)) = 'Processed Non-zero TRI Data'!$A$2:$A$6)*('Processed Non-zero TRI Data'!$I$2:$I$6 = I12), 'Processed Non-zero TRI Data'!$X$2:$X$6), "N/A- Facility Does Not Report to TRI")} -> N/A- Facility Does Not Report to TRI | AL12: =IFERROR(AK12/$O12, "N/A - Facility Does Not Report to TRI") -> N/A - Facility Does Not Report to TRI | AM12: {=IF(COUNTIF('Processed Non-zero TRI Data'!$I:$I,$I12)>0,MEDIAN(IF('Processed Non-zero TRI Data'!$I:$I=I12,'Processed Non-zero TRI Data'!$X:$X)), "N/A - Facility Does Not Report to TRI")} -> N/A - Facility Does Not Report to TRI | AN12: =IFERROR(AM12/$O12, "N/A - Facility Does Not Report to TRI") -> N/A - Facility Does Not Report to TRI | AO12: =IF(COUNTIF('Processed Non-zero TRI Data'!$I:$I,$I12)>0,_xlfn.MAXIFS('Processed Non-zero TRI Data'!$X:$X,'Processed Non-zero TRI Data'!$I:$I,$I12), "N/A - Facility Does Not Report to TRI") -> N/A - Facility Does Not Report to TRI | AP12: =IFERROR(AO12/$O12, "N/A - Facility Does Not Report to TRI") -> N/A - Facility Does Not Report to TRI | AQ12: {=IF(B12="TRI Form A",AC12,IF(AO12=0,"Facility has no transfers to non-POTWs between 2019-2023.",IF(COUNTIF('Processed Non-zero TRI Data'!$I:$I,$I12)>0,INDEX('Processed Non-zero TRI Data'!$A:$A,MATCH(1,($I12='Processed Non-zero TRI Data'!$I:$I)*(AO12='Processed Non-zero TRI Data'!$X:$X),0)),"N/A - Facility Does Not Report to TRI")))} -> N/A - Facility Does Not Report to TRI | AR12: =MAX(AA12,AH12,AO12) -> 0 | AS12: =T12 -> 5.8714813
A13: 10 | B13: =IFERROR("TRI Form "& VLOOKUP(I13, 'Processed Non-zero TRI Data'!$I$2:$K$6, 3, FALSE), "DMR") -> DMR | C13: =VLOOKUP(D13,#REF!, 2, FALSE) -> #REF! | D13: =IF(I13<>"",INDEX('Processed Non-zero TRI Data'!$O:$O,MATCH(I13,'Processed Non-zero TRI Data'!$I:$I,0)),INDEX('Processed Non-zero DMR Data'!$S:$S,MATCH(J13,'Processed Non-zero DMR Data'!$I:$I,0))) -> Waste Handling, Disposal and Treatment (POTW) | E13: =IF(I13<>"",INDEX('Processed Non-zero TRI Data'!$P:$P,MATCH(I13,'Processed Non-zero TRI Data'!$I:$I,0)),INDEX('Processed Non-zero DMR Data'!$T:$T,MATCH(J13,'Processed Non-zero DMR Data'!$I:$I,0))) -> POTW indicator in DMR | F13: =_xlfn.XLOOKUP(J13, 'Processed Non-zero DMR Data'!I:I, 'Processed Non-zero DMR Data'!B:B) -> CORNING WASTEWATER TREATMENT PLANT | G13: =_xlfn.XLOOKUP(J13, 'Processed Non-zero DMR Data'!I:I, 'Processed Non-zero DMR Data'!C:C) -> CORNING | H13: =_xlfn.XLOOKUP(J13, 'Processed Non-zero DMR Data'!I:I, 'Processed Non-zero DMR Data'!E:E) -> CA | J13: 110000730451 | K13: =IFERROR(INDEX('Raw Non-zero DMR Data'!$C:$C, MATCH(J13,'Raw Non-zero DMR Data'!$D:$D,0)),"") -> CA0004995 | L13: =IFERROR(INDEX('Raw Non-zero DMR Data'!$U:$U, MATCH($J13,'Raw Non-zero DMR Data'!$D:$D,0)),"") -> Kopta Slough | M13: =IFERROR(INDEX('Raw Non-zero DMR Data'!$T:$T, MATCH($J13,'Raw Non-zero DMR Data'!$D:$D,0)),"") -> 180201570701 | N13: =IFERROR(INDEX('Off-site Locations'!$E:$E,MATCH(I13,'Off-site Locations'!$B:$B,0)),"No offsite transfers") -> No offsite transfers | O13: =INDEX('TRI and DMR OES Summary'!D:D,MATCH('Facility Discharge Summary'!D13,'TRI and DMR OES Summary'!A:A,0)) -> 365 | P13: {=IFERROR(_xlfn.XLOOKUP(1, (MAX(IF(J13 = 'Processed Non-zero DMR Data'!$I$2:$I$651,'Processed Non-zero DMR Data'!$A$2:$A$651)) = 'Processed Non-zero DMR Data'!$A$2:$A$651)*('Processed Non-zero DMR Data'!$I$2:$I$651 = J13),'Processed Non-zero DMR Data'!$W$2:$W$651), "N/A- Facility Does Not Report DMRs")} -> 0.014637604 | Q13: =IFERROR(P13/$O13, "N/A - Facility Does Not Report DMRs") -> 4.0103026e-05 | R13: {=IF(COUNTIF('Processed Non-zero DMR Data'!$I:$I,$J13)>0,MEDIAN(IF('Processed Non-zero DMR Data'!$I:$I=J13,'Processed Non-zero DMR Data'!$W:$W)),"N/A - Facility Does Not Report DMRs")} -> 0.030948431 | S13: =IFERROR(R13/$O13, "N/A - Facility Does Not Report DMRs") -> 8.4790222e-05 | T13: =IF(COUNTIF('Processed Non-zero DMR Data'!$I:$I,$J13)>0,_xlfn.MAXIFS('Processed Non-zero DMR Data'!$W:$W,'Processed Non-zero DMR Data'!$I:$I,$J13), "N/A - Facility Does Not Report DMRs") -> 0.047259258 | U13: =IFERROR(T13/$O13, "N/A - Facility Does Not Report DMRs") -> 0.00012947742 | V13: {=IF(COUNTIF('Processed Non-zero DMR Data'!$I:$I,$J13)>0,INDEX('Processed Non-zero DMR Data'!$A:$A,MATCH(1,($J13='Processed Non-zero DMR Data'!$I:$I)*($T13='Processed Non-zero DMR Data'!$W:$W),0)), "N/A - Facility Does Not Report DMRs")} -> 2019 | W13: {=IFERROR(_xlfn.XLOOKUP(1, (MAX(IF(I13 = 'Processed Non-zero TRI Data'!$I$2:$I$6,'Processed Non-zero TRI Data'!$A$2:$A$6)) = 'Processed Non-zero TRI Data'!$A$2:$A$6)*('Processed Non-zero TRI Data'!$I$2:$I$6 = I13), 'Processed Non-zero TRI Data'!$T$2:$T$6), "N/A- Facility Does Not Report to TRI")} -> N/A- Facility Does Not Report to TRI | X13: =IFERROR(W13/$O13, "N/A - Facility Does Not Report to TRI") -> N/A - Facility Does Not Report to TRI | Y13: {=IF(COUNTIF('Processed Non-zero TRI Data'!$I:$I,$I13)>0,MEDIAN(IF('Processed Non-zero TRI Data'!$I:$I=I13,'Processed Non-zero TRI Data'!$T:$T)), "N/A - Facility Does Not Report to TRI")} -> N/A - Facility Does Not Report to TRI | Z13: =IFERROR(Y13/$O13, "N/A - Facility Does Not Report to TRI") -> N/A - Facility Does Not Report to TRI | AA13: =IF(COUNTIF('Processed Non-zero TRI Data'!$I:$I,$I13)>0,_xlfn.MAXIFS('Processed Non-zero TRI Data'!$T:$T,'Processed Non-zero TRI Data'!$I:$I,$I13), "N/A - Facility Does Not Report to TRI") -> N/A - Facility Does Not Report to TRI | AB13: =IFERROR(AA13/$O13, "N/A - Facility Does Not Report to TRI") -> N/A - Facility Does Not Report to TRI | AC13: {=IFERROR(IF(B13 = "TRI Form R", IF(AA13 = 0, "Facility has no on-site water discharges between 2017-2022.", IF(COUNTIF('Processed Non-zero TRI Data'!$I:$I,$I13)>0,INDEX('Processed Non-zero TRI Data'!$A:$A,MATCH(1,($I13='Processed Non-zero TRI Data'!$I:$I)*(AA13='Processed Non-zero TRI Data'!$T:$T),0)))), VLOOKUP(I13,#REF!, 2, FALSE)), ("N/A - Facility Does Not Report to TRI"))} -> N/A - Facility Does Not Report to TRI | AD13: {=IFERROR(_xlfn.XLOOKUP(1, (MAX(IF(I13 = 'Processed Non-zero TRI Data'!$I$2:$I$6,'Processed Non-zero TRI Data'!$A$2:$A$6)) = 'Processed Non-zero TRI Data'!$A$2:$A$6)*('Processed Non-zero TRI Data'!$I$2:$I$6 = I13), 'Processed Non-zero TRI Data'!$V$2:$V$6), "N/A- Facility Does Not Report to TRI")} -> N/A- Facility Does Not Report to TRI | AE13: =IFERROR(AD13/$O13, "N/A - Facility Does Not Report to TRI") -> N/A - Facility Does Not Report to TRI | AF13: {=IF(COUNTIF('Processed Non-zero TRI Data'!$I:$I,$I13)>0,MEDIAN(IF('Processed Non-zero TRI Data'!$I:$I=I13,'Processed Non-zero TRI Data'!$V:$V)), "N/A - Facility Does Not Report to TRI")} -> N/A - Facility Does Not Report to TRI | AG13: =IFERROR(AF13/$O13, "N/A - Facility Does Not Report to TRI") -> N/A - Facility Does Not Report to TRI | AH13: =IF(COUNTIF('Processed Non-zero TRI Data'!$I:$I,$I13)>0,_xlfn.MAXIFS('Processed Non-zero TRI Data'!$V:$V,'Processed Non-zero TRI Data'!$I:$I,$I13), "N/A - Facility Does Not Report to TRI") -> N/A - Facility Does Not Report to TRI | AI13: =IFERROR(AH13/$O13, "N/A - Facility Does Not Report to TRI") -> N/A - Facility Does Not Report to TRI | AJ13: {=IF(B13="TRI Form A",AC13,IF(AH13=0,"Facility has no transfers to POTWs between 2019-2023.",IF(COUNTIF('Processed Non-zero TRI Data'!$I:$I,$I13)>0,INDEX('Processed Non-zero TRI Data'!$A:$A,MATCH(1,($I13='Processed Non-zero TRI Data'!$I:$I)*(AH13='Processed Non-zero TRI Data'!$V:$V),0)),"N/A - Facility Does Not Report to TRI")))} -> N/A - Facility Does Not Report to TRI | AK13: {=IFERROR(_xlfn.XLOOKUP(1, (MAX(IF(I13 = 'Processed Non-zero TRI Data'!$I$2:$I$6,'Processed Non-zero TRI Data'!$A$2:$A$6)) = 'Processed Non-zero TRI Data'!$A$2:$A$6)*('Processed Non-zero TRI Data'!$I$2:$I$6 = I13), 'Processed Non-zero TRI Data'!$X$2:$X$6), "N/A- Facility Does Not Report to TRI")} -> N/A- Facility Does Not Report to TRI | AL13: =IFERROR(AK13/$O13, "N/A - Facility Does Not Report to TRI") -> N/A - Facility Does Not Report to TRI | AM13: {=IF(COUNTIF('Processed Non-zero TRI Data'!$I:$I,$I13)>0,MEDIAN(IF('Processed Non-zero TRI Data'!$I:$I=I13,'Processed Non-zero TRI Data'!$X:$X)), "N/A - Facility Does Not Report to TRI")} -> N/A - Facility Does Not Report to TRI | AN13: =IFERROR(AM13/$O13, "N/A - Facility Does Not Report to TRI") -> N/A - Facility Does Not Report to TRI | AO13: =IF(COUNTIF('Processed Non-zero TRI Data'!$I:$I,$I13)>0,_xlfn.MAXIFS('Processed Non-zero TRI Data'!$X:$X,'Processed Non-zero TRI Data'!$I:$I,$I13), "N/A - Facility Does Not Report to TRI") -> N/A - Facility Does Not Report to TRI | AP13: =IFERROR(AO13/$O13, "N/A - Facility Does Not Report to TRI") -> N/A - Facility Does Not Report to TRI | AQ13: {=IF(B13="TRI Form A",AC13,IF(AO13=0,"Facility has no transfers to non-POTWs between 2019-2023.",IF(COUNTIF('Processed Non-zero TRI Data'!$I:$I,$I13)>0,INDEX('Processed Non-zero TRI Data'!$A:$A,MATCH(1,($I13='Processed Non-zero TRI Data'!$I:$I)*(AO13='Processed Non-zero TRI Data'!$X:$X),0)),"N/A - Facility Does Not Report to TRI")))} -> N/A - Facility Does Not Report to TRI | AR13: =MAX(AA13,AH13,AO13) -> 0 | AS13: =T13 -> 0.047259258
A14: 11 | B14: =IFERROR("TRI Form "& VLOOKUP(I14, 'Processed Non-zero TRI Data'!$I$2:$K$6, 3, FALSE), "DMR") -> DMR | C14: =VLOOKUP(D14,#REF!, 2, FALSE) -> #REF! | D14: =IF(I14<>"",INDEX('Processed Non-zero TRI Data'!$O:$O,MATCH(I14,'Processed Non-zero TRI Data'!$I:$I,0)),INDEX('Processed Non-zero DMR Data'!$S:$S,MATCH(J14,'Processed Non-zero DMR Data'!$I:$I,0))) -> Waste Handling, Disposal and Treatment (POTW) | E14: =IF(I14<>"",INDEX('Processed Non-zero TRI Data'!$P:$P,MATCH(I14,'Processed Non-zero TRI Data'!$I:$I,0)),INDEX('Processed Non-zero DMR Data'!$T:$T,MATCH(J14,'Processed Non-zero DMR Data'!$I:$I,0))) -> POTW indicator in DMR | F14: =_xlfn.XLOOKUP(J14, 'Processed Non-zero DMR Data'!I:I, 'Processed Non-zero DMR Data'!B:B) -> RADCLIFF STP | G14: =_xlfn.XLOOKUP(J14, 'Processed Non-zero DMR Data'!I:I, 'Processed Non-zero DMR Data'!C:C) -> RADCLIFF | H14: =_xlfn.XLOOKUP(J14, 'Processed Non-zero DMR Data'!I:I, 'Processed Non-zero DMR Data'!E:E) -> KY | J14: 110000732253 | K14: =IFERROR(INDEX('Raw Non-zero DMR Data'!$C:$C, MATCH(J14,'Raw Non-zero DMR Data'!$D:$D,0)),"") -> KY0022390 | L14: =IFERROR(INDEX('Raw Non-zero DMR Data'!$U:$U, MATCH($J14,'Raw Non-zero DMR Data'!$D:$D,0)),"") -> Lower Mill Creek | M14: =IFERROR(INDEX('Raw Non-zero DMR Data'!$T:$T, MATCH($J14,'Raw Non-zero DMR Data'!$D:$D,0)),"") -> 051401021302 | N14: =IFERROR(INDEX('Off-site Locations'!$E:$E,MATCH(I14,'Off-site Locations'!$B:$B,0)),"No offsite transfers") -> No offsite transfers | O14: =INDEX('TRI and DMR OES Summary'!D:D,MATCH('Facility Discharge Summary'!D14,'TRI and DMR OES Summary'!A:A,0)) -> 365 | P14: {=IFERROR(_xlfn.XLOOKUP(1, (MAX(IF(J14 = 'Processed Non-zero DMR Data'!$I$2:$I$651,'Processed Non-zero DMR Data'!$A$2:$A$651)) = 'Processed Non-zero DMR Data'!$A$2:$A$651)*('Processed Non-zero DMR Data'!$I$2:$I$651 = J14),'Processed Non-zero DMR Data'!$W$2:$W$651), "N/A- Facility Does Not Report DMRs")} -> 8.8935672 | Q14: =IFERROR(P14/$O14, "N/A - Facility Does Not Report DMRs") -> 0.024365938 | R14: {=IF(COUNTIF('Processed Non-zero DMR Data'!$I:$I,$J14)>0,MEDIAN(IF('Processed Non-zero DMR Data'!$I:$I=J14,'Processed Non-zero DMR Data'!$W:$W)),"N/A - Facility Does Not Report DMRs")} -> 8.8935672 | S14: =IFERROR(R14/$O14, "N/A - Facility Does Not Report DMRs") -> 0.024365938 | T14: =IF(COUNTIF('Processed Non-zero DMR Data'!$I:$I,$J14)>0,_xlfn.MAXIFS('Processed Non-zero DMR Data'!$W:$W,'Processed Non-zero DMR Data'!$I:$I,$J14), "N/A - Facility Does Not Report DMRs") -> 13.521676 | U14: =IFERROR(T14/$O14, "N/A - Facility Does Not Report DMRs") -> 0.037045688 | V14: {=IF(COUNTIF('Processed Non-zero DMR Data'!$I:$I,$J14)>0,INDEX('Processed Non-zero DMR Data'!$A:$A,MATCH(1,($J14='Processed Non-zero DMR Data'!$I:$I)*($T14='Processed Non-zero DMR Data'!$W:$W),0)), "N/A - Facility Does Not Report DMRs")} -> 2019 | W14: {=IFERROR(_xlfn.XLOOKUP(1, (MAX(IF(I14 = 'Processed Non-zero TRI Data'!$I$2:$I$6,'Processed Non-zero TRI Data'!$A$2:$A$6)) = 'Processed Non-zero TRI Data'!$A$2:$A$6)*('Processed Non-zero TRI Data'!$I$2:$I$6 = I14), 'Processed Non-zero TRI Data'!$T$2:$T$6), "N/A- Facility Does Not Report to TRI")} -> N/A- Facility Does Not Report to TRI | X14: =IFERROR(W14/$O14, "N/A - Facility Does Not Report to TRI") -> N/A - Facility Does Not Report to TRI | Y14: {=IF(COUNTIF('Processed Non-zero TRI Data'!$I:$I,$I14)>0,MEDIAN(IF('Processed Non-zero TRI Data'!$I:$I=I14,'Processed Non-zero TRI Data'!$T:$T)), "N/A - Facility Does Not Report to TRI")} -> N/A - Facility Does Not Report to TRI | Z14: =IFERROR(Y14/$O14, "N/A - Facility Does Not Report to TRI") -> N/A - Facility Does Not Report to TRI | AA14: =IF(COUNTIF('Processed Non-zero TRI Data'!$I:$I,$I14)>0,_xlfn.MAXIFS('Processed Non-zero TRI Data'!$T:$T,'Processed Non-zero TRI Data'!$I:$I,$I14), "N/A - Facility Does Not Report to TRI") -> N/A - Facility Does Not Report to TRI | AB14: =IFERROR(AA14/$O14, "N/A - Facility Does Not Report to TRI") -> N/A - Facility Does Not Report to TRI | AC14: {=IFERROR(IF(B14 = "TRI Form R", IF(AA14 = 0, "Facility has no on-site water discharges between 2017-2022.", IF(COUNTIF('Processed Non-zero TRI Data'!$I:$I,$I14)>0,INDEX('Processed Non-zero TRI Data'!$A:$A,MATCH(1,($I14='Processed Non-zero TRI Data'!$I:$I)*(AA14='Processed Non-zero TRI Data'!$T:$T),0)))), VLOOKUP(I14,#REF!, 2, FALSE)), ("N/A - Facility Does Not Report to TRI"))} -> N/A - Facility Does Not Report to TRI | AD14: {=IFERROR(_xlfn.XLOOKUP(1, (MAX(IF(I14 = 'Processed Non-zero TRI Data'!$I$2:$I$6,'Processed Non-zero TRI Data'!$A$2:$A$6)) = 'Processed Non-zero TRI Data'!$A$2:$A$6)*('Processed Non-zero TRI Data'!$I$2:$I$6 = I14), 'Processed Non-zero TRI Data'!$V$2:$V$6), "N/A- Facility Does Not Report to TRI")} -> N/A- Facility Does Not Report to TRI | AE14: =IFERROR(AD14/$O14, "N/A - Facility Does Not Report to TRI") -> N/A - Facility Does Not Report to TRI | AF14: {=IF(COUNTIF('Processed Non-zero TRI Data'!$I:$I,$I14)>0,MEDIAN(IF('Processed Non-zero TRI Data'!$I:$I=I14,'Processed Non-zero TRI Data'!$V:$V)), "N/A - Facility Does Not Report to TRI")} -> N/A - Facility Does Not Report to TRI | AG14: =IFERROR(AF14/$O14, "N/A - Facility Does Not Report to TRI") -> N/A - Facility Does Not Report to TRI | AH14: =IF(COUNTIF('Processed Non-zero TRI Data'!$I:$I,$I14)>0,_xlfn.MAXIFS('Processed Non-zero TRI Data'!$V:$V,'Processed Non-zero TRI Data'!$I:$I,$I14), "N/A - Facility Does Not Report to TRI") -> N/A - Facility Does Not Report to TRI | AI14: =IFERROR(AH14/$O14, "N/A - Facility Does Not Report to TRI") -> N/A - Facility Does Not Report to TRI | AJ14: {=IF(B14="TRI Form A",AC14,IF(AH14=0,"Facility has no transfers to POTWs between 2019-2023.",IF(COUNTIF('Processed Non-zero TRI Data'!$I:$I,$I14)>0,INDEX('Processed Non-zero TRI Data'!$A:$A,MATCH(1,($I14='Processed Non-zero TRI Data'!$I:$I)*(AH14='Processed Non-zero TRI Data'!$V:$V),0)),"N/A - Facility Does Not Report to TRI")))} -> N/A - Facility Does Not Report to TRI | AK14: {=IFERROR(_xlfn.XLOOKUP(1, (MAX(IF(I14 = 'Processed Non-zero TRI Data'!$I$2:$I$6,'Processed Non-zero TRI Data'!$A$2:$A$6)) = 'Processed Non-zero TRI Data'!$A$2:$A$6)*('Processed Non-zero TRI Data'!$I$2:$I$6 = I14), 'Processed Non-zero TRI Data'!$X$2:$X$6), "N/A- Facility Does Not Report to TRI")} -> N/A- Facility Does Not Report to TRI | AL14: =IFERROR(AK14/$O14, "N/A - Facility Does Not Report to TRI") -> N/A - Facility Does Not Report to TRI | AM14: {=IF(COUNTIF('Processed Non-zero TRI Data'!$I:$I,$I14)>0,MEDIAN(IF('Processed Non-zero TRI Data'!$I:$I=I14,'Processed Non-zero TRI Data'!$X:$X)), "N/A - Facility Does Not Report to TRI")} -> N/A - Facility Does Not Report to TRI | AN14: =IFERROR(AM14/$O14, "N/A - Facility Does Not Report to TRI") -> N/A - Facility Does Not Report to TRI | AO14: =IF(COUNTIF('Processed Non-zero TRI Data'!$I:$I,$I14)>0,_xlfn.MAXIFS('Processed Non-zero TRI Data'!$X:$X,'Processed Non-zero TRI Data'!$I:$I,$I14), "N/A - Facility Does Not Report to TRI") -> N/A - Facility Does Not Report to TRI | AP14: =IFERROR(AO14/$O14, "N/A - Facility Does Not Report to TRI") -> N/A - Facility Does Not Report to TRI | AQ14: {=IF(B14="TRI Form A",AC14,IF(AO14=0,"Facility has no transfers to non-POTWs between 2019-2023.",IF(COUNTIF('Processed Non-zero TRI Data'!$I:$I,$I14)>0,INDEX('Processed Non-zero TRI Data'!$A:$A,MATCH(1,($I14='Processed Non-zero TRI Data'!$I:$I)*(AO14='Processed Non-zero TRI Data'!$X:$X),0)),"N/A - Facility Does Not Report to TRI")))} -> N/A - Facility Does Not Report to TRI | AR14: =MAX(AA14,AH14,AO14) -> 0 | AS14: =T14 -> 13.521676
A15: 12 | B15: =IFERROR("TRI Form "& VLOOKUP(I15, 'Processed Non-zero TRI Data'!$I$2:$K$6, 3, FALSE), "DMR") -> DMR | C15: =VLOOKUP(D15,#REF!, 2, FALSE) -> #REF! | D15: =IF(I15<>"",INDEX('Processed Non-zero TRI Data'!$O:$O,MATCH(I15,'Processed Non-zero TRI Data'!$I:$I,0)),INDEX('Processed Non-zero DMR Data'!$S:$S,MATCH(J15,'Processed Non-zero DMR Data'!$I:$I,0))) -> Impurity in Plastics | E15: =IF(I15<>"",INDEX('Processed Non-zero TRI Data'!$P:$P,MATCH(I15,'Processed Non-zero TRI Data'!$I:$I,0)),INDEX('Processed Non-zero DMR Data'!$T:$T,MATCH(J15,'Processed Non-zero DMR Data'!$I:$I,0))) -> Plastics SIC/NAICS - EPA-HQ-OPPT-2018-0428-0011 indicates 1,2-dichloropropane can be a residual/byproduct in PVC plastics or a flame retardant plasticizer. | F15: =_xlfn.XLOOKUP(J15, 'Processed Non-zero DMR Data'!I:I, 'Processed Non-zero DMR Data'!B:B) -> OWENSBORO SPECIALTY POLYMERS INC. | G15: =_xlfn.XLOOKUP(J15, 'Processed Non-zero DMR Data'!I:I, 'Processed Non-zero DMR Data'!C:C) -> OWENSBORO | H15: =_xlfn.XLOOKUP(J15, 'Processed Non-zero DMR Data'!I:I, 'Processed Non-zero DMR Data'!E:E) -> KY | J15: 110000747835 | K15: =IFERROR(INDEX('Raw Non-zero DMR Data'!$C:$C, MATCH(J15,'Raw Non-zero DMR Data'!$D:$D,0)),"") -> KY0001953 | L15: =IFERROR(INDEX('Raw Non-zero DMR Data'!$U:$U, MATCH($J15,'Raw Non-zero DMR Data'!$D:$D,0)),"") -> Jackson Creek-Ohio River | M15: =IFERROR(INDEX('Raw Non-zero DMR Data'!$T:$T, MATCH($J15,'Raw Non-zero DMR Data'!$D:$D,0)),"") -> 051402011202 | N15: =IFERROR(INDEX('Off-site Locations'!$E:$E,MATCH(I15,'Off-site Locations'!$B:$B,0)),"No offsite transfers") -> No offsite transfers | O15: =INDEX('TRI and DMR OES Summary'!D:D,MATCH('Facility Discharge Summary'!D15,'TRI and DMR OES Summary'!A:A,0)) -> 350 | P15: {=IFERROR(_xlfn.XLOOKUP(1, (MAX(IF(J15 = 'Processed Non-zero DMR Data'!$I$2:$I$651,'Processed Non-zero DMR Data'!$A$2:$A$651)) = 'Processed Non-zero DMR Data'!$A$2:$A$651)*('Processed Non-zero DMR Data'!$I$2:$I$651 = J15),'Processed Non-zero DMR Data'!$W$2:$W$651), "N/A- Facility Does Not Report DMRs")} -> 0.8914038 | Q15: =IFERROR(P15/$O15, "N/A - Facility Does Not Report DMRs") -> 0.002546868 | R15: {=IF(COUNTIF('Processed Non-zero DMR Data'!$I:$I,$J15)>0,MEDIAN(IF('Processed Non-zero DMR Data'!$I:$I=J15,'Processed Non-zero DMR Data'!$W:$W)),"N/A - Facility Does Not Report DMRs")} -> 0.43623157 | S15: =IFERROR(R15/$O15, "N/A - Facility Does Not Report DMRs") -> 0.0012463759 | T15: =IF(COUNTIF('Processed Non-zero DMR Data'!$I:$I,$J15)>0,_xlfn.MAXIFS('Processed Non-zero DMR Data'!$W:$W,'Processed Non-zero DMR Data'!$I:$I,$J15), "N/A - Facility Does Not Report DMRs") -> 0.8914038 | U15: =IFERROR(T15/$O15, "N/A - Facility Does Not Report DMRs") -> 0.002546868 | V15: {=IF(COUNTIF('Processed Non-zero DMR Data'!$I:$I,$J15)>0,INDEX('Processed Non-zero DMR Data'!$A:$A,MATCH(1,($J15='Processed Non-zero DMR Data'!$I:$I)*($T15='Processed Non-zero DMR Data'!$W:$W),0)), "N/A - Facility Does Not Report DMRs")} -> 2022 | W15: {=IFERROR(_xlfn.XLOOKUP(1, (MAX(IF(I15 = 'Processed Non-zero TRI Data'!$I$2:$I$6,'Processed Non-zero TRI Data'!$A$2:$A$6)) = 'Processed Non-zero TRI Data'!$A$2:$A$6)*('Processed Non-zero TRI Data'!$I$2:$I$6 = I15), 'Processed Non-zero TRI Data'!$T$2:$T$6), "N/A- Facility Does Not Report to TRI")} -> N/A- Facility Does Not Report to TRI | X15: =IFERROR(W15/$O15, "N/A - Facility Does Not Report to TRI") -> N/A - Facility Does Not Report to TRI | Y15: {=IF(COUNTIF('Processed Non-zero TRI Data'!$I:$I,$I15)>0,MEDIAN(IF('Processed Non-zero TRI Data'!$I:$I=I15,'Processed Non-zero TRI Data'!$T:$T)), "N/A - Facility Does Not Report to TRI")} -> N/A - Facility Does Not Report to TRI | Z15: =IFERROR(Y15/$O15, "N/A - Facility Does Not Report to TRI") -> N/A - Facility Does Not Report to TRI | AA15: =IF(COUNTIF('Processed Non-zero TRI Data'!$I:$I,$I15)>0,_xlfn.MAXIFS('Processed Non-zero TRI Data'!$T:$T,'Processed Non-zero TRI Data'!$I:$I,$I15), "N/A - Facility Does Not Report to TRI") -> N/A - Facility Does Not Report to TRI | AB15: =IFERROR(AA15/$O15, "N/A - Facility Does Not Report to TRI") -> N/A - Facility Does Not Report to TRI | AC15: {=IFERROR(IF(B15 = "TRI Form R", IF(AA15 = 0, "Facility has no on-site water discharges between 2017-2022.", IF(COUNTIF('Processed Non-zero TRI Data'!$I:$I,$I15)>0,INDEX('Processed Non-zero TRI Data'!$A:$A,MATCH(1,($I15='Processed Non-zero TRI Data'!$I:$I)*(AA15='Processed Non-zero TRI Data'!$T:$T),0)))), VLOOKUP(I15,#REF!, 2, FALSE)), ("N/A - Facility Does Not Report to TRI"))} -> N/A - Facility Does Not Report to TRI | AD15: {=IFERROR(_xlfn.XLOOKUP(1, (MAX(IF(I15 = 'Processed Non-zero TRI Data'!$I$2:$I$6,'Processed Non-zero TRI Data'!$A$2:$A$6)) = 'Processed Non-zero TRI Data'!$A$2:$A$6)*('Processed Non-zero TRI Data'!$I$2:$I$6 = I15), 'Processed Non-zero TRI Data'!$V$2:$V$6), "N/A- Facility Does Not Report to TRI")} -> N/A- Facility Does Not Report to TRI | AE15: =IFERROR(AD15/$O15, "N/A - Facility Does Not Report to TRI") -> N/A - Facility Does Not Report to TRI | AF15: {=IF(COUNTIF('Processed Non-zero TRI Data'!$I:$I,$I15)>0,MEDIAN(IF('Processed Non-zero TRI Data'!$I:$I=I15,'Processed Non-zero TRI Data'!$V:$V)), "N/A - Facility Does Not Report to TRI")} -> N/A - Facility Does Not Report to TRI | AG15: =IFERROR(AF15/$O15, "N/A - Facility Does Not Report to TRI") -> N/A - Facility Does Not Report to TRI | AH15: =IF(COUNTIF('Processed Non-zero TRI Data'!$I:$I,$I15)>0,_xlfn.MAXIFS('Processed Non-zero TRI Data'!$V:$V,'Processed Non-zero TRI Data'!$I:$I,$I15), "N/A - Facility Does Not Report to TRI") -> N/A - Facility Does Not Report to TRI | AI15: =IFERROR(AH15/$O15, "N/A - Facility Does Not Report to TRI") -> N/A - Facility Does Not Report to TRI | AJ15: {=IF(B15="TRI Form A",AC15,IF(AH15=0,"Facility has no transfers to POTWs between 2019-2023.",IF(COUNTIF('Processed Non-zero TRI Data'!$I:$I,$I15)>0,INDEX('Processed Non-zero TRI Data'!$A:$A,MATCH(1,($I15='Processed Non-zero TRI Data'!$I:$I)*(AH15='Processed Non-zero TRI Data'!$V:$V),0)),"N/A - Facility Does Not Report to TRI")))} -> N/A - Facility Does Not Report to TRI | AK15: {=IFERROR(_xlfn.XLOOKUP(1, (MAX(IF(I15 = 'Processed Non-zero TRI Data'!$I$2:$I$6,'Processed Non-zero TRI Data'!$A$2:$A$6)) = 'Processed Non-zero TRI Data'!$A$2:$A$6)*('Processed Non-zero TRI Data'!$I$2:$I$6 = I15), 'Processed Non-zero TRI Data'!$X$2:$X$6), "N/A- Facility Does Not Report to TRI")} -> N/A- Facility Does Not Report to TRI | AL15: =IFERROR(AK15/$O15, "N/A - Facility Does Not Report to TRI") -> N/A - Facility Does Not Report to TRI | AM15: {=IF(COUNTIF('Processed Non-zero TRI Data'!$I:$I,$I15)>0,MEDIAN(IF('Processed Non-zero TRI Data'!$I:$I=I15,'Processed Non-zero TRI Data'!$X:$X)), "N/A - Facility Does Not Report to TRI")} -> N/A - Facility Does Not Report to TRI | AN15: =IFERROR(AM15/$O15, "N/A - Facility Does Not Report to TRI") -> N/A - Facility Does Not Report to TRI | AO15: =IF(COUNTIF('Processed Non-zero TRI Data'!$I:$I,$I15)>0,_xlfn.MAXIFS('Processed Non-zero TRI Data'!$X:$X,'Processed Non-zero TRI Data'!$I:$I,$I15), "N/A - Facility Does Not Report to TRI") -> N/A - Facility Does Not Report to TRI | AP15: =IFERROR(AO15/$O15, "N/A - Facility Does Not Report to TRI") -> N/A - Facility Does Not Report to TRI | AQ15: {=IF(B15="TRI Form A",AC15,IF(AO15=0,"Facility has no transfers to non-POTWs between 2019-2023.",IF(COUNTIF('Processed Non-zero TRI Data'!$I:$I,$I15)>0,INDEX('Processed Non-zero TRI Data'!$A:$A,MATCH(1,($I15='Processed Non-zero TRI Data'!$I:$I)*(AO15='Processed Non-zero TRI Data'!$X:$X),0)),"N/A - Facility Does Not Report to TRI")))} -> N/A - Facility Does Not Report to TRI | AR15: =MAX(AA15,AH15,AO15) -> 0 | AS15: =T15 -> 0.8914038
A16: 13 | B16: =IFERROR("TRI Form "& VLOOKUP(I16, 'Processed Non-zero TRI Data'!$I$2:$K$6, 3, FALSE), "DMR") -> DMR | C16: =VLOOKUP(D16,#REF!, 2, FALSE) -> #REF! | D16: =IF(I16<>"",INDEX('Processed Non-zero TRI Data'!$O:$O,MATCH(I16,'Processed Non-zero TRI Data'!$I:$I,0)),INDEX('Processed Non-zero DMR Data'!$S:$S,MATCH(J16,'Processed Non-zero DMR Data'!$I:$I,0))) -> Processing as a reactant | E16: =IF(I16<>"",INDEX('Processed Non-zero TRI Data'!$P:$P,MATCH(I16,'Processed Non-zero TRI Data'!$I:$I,0)),INDEX('Processed Non-zero DMR Data'!$T:$T,MATCH(J16,'Processed Non-zero DMR Data'!$I:$I,0))) -> Assumed processing as a reactant based on SIC and NAICS; this also matches 1,1,-DCA mapping. | F16: =_xlfn.XLOOKUP(J16, 'Processed Non-zero DMR Data'!I:I, 'Processed Non-zero DMR Data'!B:B) -> DELAWARE RIVER PLANT | G16: =_xlfn.XLOOKUP(J16, 'Processed Non-zero DMR Data'!I:I, 'Processed Non-zero DMR Data'!C:C) -> BRIDGEPORT | H16: =_xlfn.XLOOKUP(J16, 'Processed Non-zero DMR Data'!I:I, 'Processed Non-zero DMR Data'!E:E) -> NJ | J16: 110000582003 | K16: =IFERROR(INDEX('Raw Non-zero DMR Data'!$C:$C, MATCH(J16,'Raw Non-zero DMR Data'!$D:$D,0)),"") -> NJ0005045 | L16: =IFERROR(INDEX('Raw Non-zero DMR Data'!$U:$U, MATCH($J16,'Raw Non-zero DMR Data'!$D:$D,0)),"") -> Raccoon Creek | M16: =IFERROR(INDEX('Raw Non-zero DMR Data'!$T:$T, MATCH($J16,'Raw Non-zero DMR Data'!$D:$D,0)),"") -> 020402020606 | N16: =IFERROR(INDEX('Off-site Locations'!$E:$E,MATCH(I16,'Off-site Locations'!$B:$B,0)),"No offsite transfers") -> No offsite transfers | O16: =INDEX('TRI and DMR OES Summary'!D:D,MATCH('Facility Discharge Summary'!D16,'TRI and DMR OES Summary'!A:A,0)) -> 350 | P16: {=IFERROR(_xlfn.XLOOKUP(1, (MAX(IF(J16 = 'Processed Non-zero DMR Data'!$I$2:$I$651,'Processed Non-zero DMR Data'!$A$2:$A$651)) = 'Processed Non-zero DMR Data'!$A$2:$A$651)*('Processed Non-zero DMR Data'!$I$2:$I$651 = J16),'Processed Non-zero DMR Data'!$W$2:$W$651), "N/A- Facility Does Not Report DMRs")} -> 0.179255 | Q16: =IFERROR(P16/$O16, "N/A - Facility Does Not Report DMRs") -> 0.00051215714 | R16: {=IF(COUNTIF('Processed Non-zero DMR Data'!$I:$I,$J16)>0,MEDIAN(IF('Processed Non-zero DMR Data'!$I:$I=J16,'Processed Non-zero DMR Data'!$W:$W)),"N/A - Facility Does Not Report DMRs")} -> 0.229 | S16: =IFERROR(R16/$O16, "N/A - Facility Does Not Report DMRs") -> 0.00065428571 | T16: =IF(COUNTIF('Processed Non-zero DMR Data'!$I:$I,$J16)>0,_xlfn.MAXIFS('Processed Non-zero DMR Data'!$W:$W,'Processed Non-zero DMR Data'!$I:$I,$J16), "N/A - Facility Does Not Report DMRs") -> 1.063 | U16: =IFERROR(T16/$O16, "N/A - Facility Does Not Report DMRs") -> 0.0030371429 | V16: {=IF(COUNTIF('Processed Non-zero DMR Data'!$I:$I,$J16)>0,INDEX('Processed Non-zero DMR Data'!$A:$A,MATCH(1,($J16='Processed Non-zero DMR Data'!$I:$I)*($T16='Processed Non-zero DMR Data'!$W:$W),0)), "N/A - Facility Does Not Report DMRs")} -> 2021 | W16: {=IFERROR(_xlfn.XLOOKUP(1, (MAX(IF(I16 = 'Processed Non-zero TRI Data'!$I$2:$I$6,'Processed Non-zero TRI Data'!$A$2:$A$6)) = 'Processed Non-zero TRI Data'!$A$2:$A$6)*('Processed Non-zero TRI Data'!$I$2:$I$6 = I16), 'Processed Non-zero TRI Data'!$T$2:$T$6), "N/A- Facility Does Not Report to TRI")} -> N/A- Facility Does Not Report to TRI | X16: =IFERROR(W16/$O16, "N/A - Facility Does Not Report to TRI") -> N/A - Facility Does Not Report to TRI | Y16: {=IF(COUNTIF('Processed Non-zero TRI Data'!$I:$I,$I16)>0,MEDIAN(IF('Processed Non-zero TRI Data'!$I:$I=I16,'Processed Non-zero TRI Data'!$T:$T)), "N/A - Facility Does Not Report to TRI")} -> N/A - Facility Does Not Report to TRI | Z16: =IFERROR(Y16/$O16, "N/A - Facility Does Not Report to TRI") -> N/A - Facility Does Not Report to TRI | AA16: =IF(COUNTIF('Processed Non-zero TRI Data'!$I:$I,$I16)>0,_xlfn.MAXIFS('Processed Non-zero TRI Data'!$T:$T,'Processed Non-zero TRI Data'!$I:$I,$I16), "N/A - Facility Does Not Report to TRI") -> N/A - Facility Does Not Report to TRI | AB16: =IFERROR(AA16/$O16, "N/A - Facility Does Not Report to TRI") -> N/A - Facility Does Not Report to TRI | AC16: {=IFERROR(IF(B16 = "TRI Form R", IF(AA16 = 0, "Facility has no on-site water discharges between 2017-2022.", IF(COUNTIF('Processed Non-zero TRI Data'!$I:$I,$I16)>0,INDEX('Processed Non-zero TRI Data'!$A:$A,MATCH(1,($I16='Processed Non-zero TRI Data'!$I:$I)*(AA16='Processed Non-zero TRI Data'!$T:$T),0)))), VLOOKUP(I16,#REF!, 2, FALSE)), ("N/A - Facility Does Not Report to TRI"))} -> N/A - Facility Does Not Report to TRI | AD16: {=IFERROR(_xlfn.XLOOKUP(1, (MAX(IF(I16 = 'Processed Non-zero TRI Data'!$I$2:$I$6,'Processed Non-zero TRI Data'!$A$2:$A$6)) = 'Processed Non-zero TRI Data'!$A$2:$A$6)*('Processed Non-zero TRI Data'!$I$2:$I$6 = I16), 'Processed Non-zero TRI Data'!$V$2:$V$6), "N/A- Facility Does Not Report to TRI")} -> N/A- Facility Does Not Report to TRI | AE16: =IFERROR(AD16/$O16, "N/A - Facility Does Not Report to TRI") -> N/A - Facility Does Not Report to TRI | AF16: {=IF(COUNTIF('Processed Non-zero TRI Data'!$I:$I,$I16)>0,MEDIAN(IF('Processed Non-zero TRI Data'!$I:$I=I16,'Processed Non-zero TRI Data'!$V:$V)), "N/A - Facility Does Not Report to TRI")} -> N/A - Facility Does Not Report to TRI | AG16: =IFERROR(AF16/$O16, "N/A - Facility Does Not Report to TRI") -> N/A - Facility Does Not Report to TRI | AH16: =IF(COUNTIF('Processed Non-zero TRI Data'!$I:$I,$I16)>0,_xlfn.MAXIFS('Processed Non-zero TRI Data'!$V:$V,'Processed Non-zero TRI Data'!$I:$I,$I16), "N/A - Facility Does Not Report to TRI") -> N/A - Facility Does Not Report to TRI | AI16: =IFERROR(AH16/$O16, "N/A - Facility Does Not Report to TRI") -> N/A - Facility Does Not Report to TRI | AJ16: {=IF(B16="TRI Form A",AC16,IF(AH16=0,"Facility has no transfers to POTWs between 2019-2023.",IF(COUNTIF('Processed Non-zero TRI Data'!$I:$I,$I16)>0,INDEX('Processed Non-zero TRI Data'!$A:$A,MATCH(1,($I16='Processed Non-zero TRI Data'!$I:$I)*(AH16='Processed Non-zero TRI Data'!$V:$V),0)),"N/A - Facility Does Not Report to TRI")))} -> N/A - Facility Does Not Report to TRI | AK16: {=IFERROR(_xlfn.XLOOKUP(1, (MAX(IF(I16 = 'Processed Non-zero TRI Data'!$I$2:$I$6,'Processed Non-zero TRI Data'!$A$2:$A$6)) = 'Processed Non-zero TRI Data'!$A$2:$A$6)*('Processed Non-zero TRI Data'!$I$2:$I$6 = I16), 'Processed Non-zero TRI Data'!$X$2:$X$6), "N/A- Facility Does Not Report to TRI")} -> N/A- Facility Does Not Report to TRI | AL16: =IFERROR(AK16/$O16, "N/A - Facility Does Not Report to TRI") -> N/A - Facility Does Not Report to TRI | AM16: {=IF(COUNTIF('Processed Non-zero TRI Data'!$I:$I,$I16)>0,MEDIAN(IF('Processed Non-zero TRI Data'!$I:$I=I16,'Processed Non-zero TRI Data'!$X:$X)), "N/A - Facility Does Not Report to TRI")} -> N/A - Facility Does Not Report to TRI | AN16: =IFERROR(AM16/$O16, "N/A - Facility Does Not Report to TRI") -> N/A - Facility Does Not Report to TRI | AO16: =IF(COUNTIF('Processed Non-zero TRI Data'!$I:$I,$I16)>0,_xlfn.MAXIFS('Processed Non-zero TRI Data'!$X:$X,'Processed Non-zero TRI Data'!$I:$I,$I16), "N/A - Facility Does Not Report to TRI") -> N/A - Facility Does Not Report to TRI | AP16: =IFERROR(AO16/$O16, "N/A - Facility Does Not Report to TRI") -> N/A - Facility Does Not Report to TRI | AQ16: {=IF(B16="TRI Form A",AC16,IF(AO16=0,"Facility has no transfers to non-POTWs between 2019-2023.",IF(COUNTIF('Processed Non-zero TRI Data'!$I:$I,$I16)>0,INDEX('Processed Non-zero TRI Data'!$A:$A,MATCH(1,($I16='Processed Non-zero TRI Data'!$I:$I)*(AO16='Processed Non-zero TRI Data'!$X:$X),0)),"N/A - Facility Does Not Report to TRI")))} -> N/A - Facility Does Not Report to TRI | AR16: =MAX(AA16,AH16,AO16) -> 0 | AS16: =T16 -> 1.063
A17: 14 | B17: =IFERROR("TRI Form "& VLOOKUP(I17, 'Processed Non-zero TRI Data'!$I$2:$K$6, 3, FALSE), "DMR") -> DMR | C17: =VLOOKUP(D17,#REF!, 2, FALSE) -> #REF! | D17: =IF(I17<>"",INDEX('Processed Non-zero TRI Data'!$O:$O,MATCH(I17,'Processed Non-zero TRI Data'!$I:$I,0)),INDEX('Processed Non-zero DMR Data'!$S:$S,MATCH(J17,'Processed Non-zero DMR Data'!$I:$I,0))) -> Waste Handling, Disposal and Treatment (POTW) | E17: =IF(I17<>"",INDEX('Processed Non-zero TRI Data'!$P:$P,MATCH(I17,'Processed Non-zero TRI Data'!$I:$I,0)),INDEX('Processed Non-zero DMR Data'!$T:$T,MATCH(J17,'Processed Non-zero DMR Data'!$I:$I,0))) -> POTW indicator in DMR | F17: =_xlfn.XLOOKUP(J17, 'Processed Non-zero DMR Data'!I:I, 'Processed Non-zero DMR Data'!B:B) -> FLEMINGSBURG STP | G17: =_xlfn.XLOOKUP(J17, 'Processed Non-zero DMR Data'!I:I, 'Processed Non-zero DMR Data'!C:C) -> FLEMINGSBURG | H17: =_xlfn.XLOOKUP(J17, 'Processed Non-zero DMR Data'!I:I, 'Processed Non-zero DMR Data'!E:E) -> KY | J17: 110003251427 | K17: =IFERROR(INDEX('Raw Non-zero DMR Data'!$C:$C, MATCH(J17,'Raw Non-zero DMR Data'!$D:$D,0)),"") -> KY0021229 | L17: =IFERROR(INDEX('Raw Non-zero DMR Data'!$U:$U, MATCH($J17,'Raw Non-zero DMR Data'!$D:$D,0)),"") -> Allison Creek-Fleming Creek | M17: =IFERROR(INDEX('Raw Non-zero DMR Data'!$T:$T, MATCH($J17,'Raw Non-zero DMR Data'!$D:$D,0)),"") -> 051001010903 | N17: =IFERROR(INDEX('Off-site Locations'!$E:$E,MATCH(I17,'Off-site Locations'!$B:$B,0)),"No offsite transfers") -> No offsite transfers | O17: =INDEX('TRI and DMR OES Summary'!D:D,MATCH('Facility Discharge Summary'!D17,'TRI and DMR OES Summary'!A:A,0)) -> 365 | P17: {=IFERROR(_xlfn.XLOOKUP(1, (MAX(IF(J17 = 'Processed Non-zero DMR Data'!$I$2:$I$651,'Processed Non-zero DMR Data'!$A$2:$A$651)) = 'Processed Non-zero DMR Data'!$A$2:$A$651)*('Processed Non-zero DMR Data'!$I$2:$I$651 = J17),'Processed Non-zero DMR Data'!$W$2:$W$651), "N/A- Facility Does Not Report DMRs")} -> 0.29150178 | Q17: =IFERROR(P17/$O17, "N/A - Facility Does Not Report DMRs") -> 0.000798635 | R17: {=IF(COUNTIF('Processed Non-zero DMR Data'!$I:$I,$J17)>0,MEDIAN(IF('Processed Non-zero DMR Data'!$I:$I=J17,'Processed Non-zero DMR Data'!$W:$W)),"N/A - Facility Does Not Report DMRs")} -> 0.29150178 | S17: =IFERROR(R17/$O17, "N/A - Facility Does Not Report DMRs") -> 0.000798635 | T17: =IF(COUNTIF('Processed Non-zero DMR Data'!$I:$I,$J17)>0,_xlfn.MAXIFS('Processed Non-zero DMR Data'!$W:$W,'Processed Non-zero DMR Data'!$I:$I,$J17), "N/A - Facility Does Not Report DMRs") -> 0.4752446 | U17: =IFERROR(T17/$O17, "N/A - Facility Does Not Report DMRs") -> 0.00130204 | V17: {=IF(COUNTIF('Processed Non-zero DMR Data'!$I:$I,$J17)>0,INDEX('Processed Non-zero DMR Data'!$A:$A,MATCH(1,($J17='Processed Non-zero DMR Data'!$I:$I)*($T17='Processed Non-zero DMR Data'!$W:$W),0)), "N/A - Facility Does Not Report DMRs")} -> 2019 | W17: {=IFERROR(_xlfn.XLOOKUP(1, (MAX(IF(I17 = 'Processed Non-zero TRI Data'!$I$2:$I$6,'Processed Non-zero TRI Data'!$A$2:$A$6)) = 'Processed Non-zero TRI Data'!$A$2:$A$6)*('Processed Non-zero TRI Data'!$I$2:$I$6 = I17), 'Processed Non-zero TRI Data'!$T$2:$T$6), "N/A- Facility Does Not Report to TRI")} -> N/A- Facility Does Not Report to TRI | X17: =IFERROR(W17/$O17, "N/A - Facility Does Not Report to TRI") -> N/A - Facility Does Not Report to TRI | Y17: {=IF(COUNTIF('Processed Non-zero TRI Data'!$I:$I,$I17)>0,MEDIAN(IF('Processed Non-zero TRI Data'!$I:$I=I17,'Processed Non-zero TRI Data'!$T:$T)), "N/A - Facility Does Not Report to TRI")} -> N/A - Facility Does Not Report to TRI | Z17: =IFERROR(Y17/$O17, "N/A - Facility Does Not Report to TRI") -> N/A - Facility Does Not Report to TRI | AA17: =IF(COUNTIF('Processed Non-zero TRI Data'!$I:$I,$I17)>0,_xlfn.MAXIFS('Processed Non-zero TRI Data'!$T:$T,'Processed Non-zero TRI Data'!$I:$I,$I17), "N/A - Facility Does Not Report to TRI") -> N/A - Facility Does Not Report to TRI | AB17: =IFERROR(AA17/$O17, "N/A - Facility Does Not Report to TRI") -> N/A - Facility Does Not Report to TRI | AC17: {=IFERROR(IF(B17 = "TRI Form R", IF(AA17 = 0, "Facility has no on-site water discharges between 2017-2022.", IF(COUNTIF('Processed Non-zero TRI Data'!$I:$I,$I17)>0,INDEX('Processed Non-zero TRI Data'!$A:$A,MATCH(1,($I17='Processed Non-zero TRI Data'!$I:$I)*(AA17='Processed Non-zero TRI Data'!$T:$T),0)))), VLOOKUP(I17,#REF!, 2, FALSE)), ("N/A - Facility Does Not Report to TRI"))} -> N/A - Facility Does Not Report to TRI | AD17: {=IFERROR(_xlfn.XLOOKUP(1, (MAX(IF(I17 = 'Processed Non-zero TRI Data'!$I$2:$I$6,'Processed Non-zero TRI Data'!$A$2:$A$6)) = 'Processed Non-zero TRI Data'!$A$2:$A$6)*('Processed Non-zero TRI Data'!$I$2:$I$6 = I17), 'Processed Non-zero TRI Data'!$V$2:$V$6), "N/A- Facility Does Not Report to TRI")} -> N/A- Facility Does Not Report to TRI | AE17: =IFERROR(AD17/$O17, "N/A - Facility Does Not Report to TRI") -> N/A - Facility Does Not Report to TRI | AF17: {=IF(COUNTIF('Processed Non-zero TRI Data'!$I:$I,$I17)>0,MEDIAN(IF('Processed Non-zero TRI Data'!$I:$I=I17,'Processed Non-zero TRI Data'!$V:$V)), "N/A - Facility Does Not Report to TRI")} -> N/A - Facility Does Not Report to TRI | AG17: =IFERROR(AF17/$O17, "N/A - Facility Does Not Report to TRI") -> N/A - Facility Does Not Report to TRI | AH17: =IF(COUNTIF('Processed Non-zero TRI Data'!$I:$I,$I17)>0,_xlfn.MAXIFS('Processed Non-zero TRI Data'!$V:$V,'Processed Non-zero TRI Data'!$I:$I,$I17), "N/A - Facility Does Not Report to TRI") -> N/A - Facility Does Not Report to TRI | AI17: =IFERROR(AH17/$O17, "N/A - Facility Does Not Report to TRI") -> N/A - Facility Does Not Report to TRI | AJ17: {=IF(B17="TRI Form A",AC17,IF(AH17=0,"Facility has no transfers to POTWs between 2019-2023.",IF(COUNTIF('Processed Non-zero TRI Data'!$I:$I,$I17)>0,INDEX('Processed Non-zero TRI Data'!$A:$A,MATCH(1,($I17='Processed Non-zero TRI Data'!$I:$I)*(AH17='Processed Non-zero TRI Data'!$V:$V),0)),"N/A - Facility Does Not Report to TRI")))} -> N/A - Facility Does Not Report to TRI | AK17: {=IFERROR(_xlfn.XLOOKUP(1, (MAX(IF(I17 = 'Processed Non-zero TRI Data'!$I$2:$I$6,'Processed Non-zero TRI Data'!$A$2:$A$6)) = 'Processed Non-zero TRI Data'!$A$2:$A$6)*('Processed Non-zero TRI Data'!$I$2:$I$6 = I17), 'Processed Non-zero TRI Data'!$X$2:$X$6), "N/A- Facility Does Not Report to TRI")} -> N/A- Facility Does Not Report to TRI | AL17: =IFERROR(AK17/$O17, "N/A - Facility Does Not Report to TRI") -> N/A - Facility Does Not Report to TRI | AM17: {=IF(COUNTIF('Processed Non-zero TRI Data'!$I:$I,$I17)>0,MEDIAN(IF('Processed Non-zero TRI Data'!$I:$I=I17,'Processed Non-zero TRI Data'!$X:$X)), "N/A - Facility Does Not Report to TRI")} -> N/A - Facility Does Not Report to TRI | AN17: =IFERROR(AM17/$O17, "N/A - Facility Does Not Report to TRI") -> N/A - Facility Does Not Report to TRI | AO17: =IF(COUNTIF('Processed Non-zero TRI Data'!$I:$I,$I17)>0,_xlfn.MAXIFS('Processed Non-zero TRI Data'!$X:$X,'Processed Non-zero TRI Data'!$I:$I,$I17), "N/A - Facility Does Not Report to TRI") -> N/A - Facility Does Not Report to TRI | AP17: =IFERROR(AO17/$O17, "N/A - Facility Does Not Report to TRI") -> N/A - Facility Does Not Report to TRI | AQ17: {=IF(B17="TRI Form A",AC17,IF(AO17=0,"Facility has no transfers to non-POTWs between 2019-2023.",IF(COUNTIF('Processed Non-zero TRI Data'!$I:$I,$I17)>0,INDEX('Processed Non-zero TRI Data'!$A:$A,MATCH(1,($I17='Processed Non-zero TRI Data'!$I:$I)*(AO17='Processed Non-zero TRI Data'!$X:$X),0)),"N/A - Facility Does Not Report to TRI")))} -> N/A - Facility Does Not Report to TRI | AR17: =MAX(AA17,AH17,AO17) -> 0 | AS17: =T17 -> 0.4752446
A18: 15 | B18: =IFERROR("TRI Form "& VLOOKUP(I18, 'Processed Non-zero TRI Data'!$I$2:$K$6, 3, FALSE), "DMR") -> DMR | C18: =VLOOKUP(D18,#REF!, 2, FALSE) -> #REF! | D18: =IF(I18<>"",INDEX('Processed Non-zero TRI Data'!$O:$O,MATCH(I18,'Processed Non-zero TRI Data'!$I:$I,0)),INDEX('Processed Non-zero DMR Data'!$S:$S,MATCH(J18,'Processed Non-zero DMR Data'!$I:$I,0))) -> Waste Handling, Disposal and Treatment (non-POTW WWT) | E18: =IF(I18<>"",INDEX('Processed Non-zero TRI Data'!$P:$P,MATCH(I18,'Processed Non-zero TRI Data'!$I:$I,0)),INDEX('Processed Non-zero DMR Data'!$T:$T,MATCH(J18,'Processed Non-zero DMR Data'!$I:$I,0))) -> Based on 1,1-DCA mapping and reasoning "Discharge of non-contact cooling water from facility, and general discharge". | F18: =_xlfn.XLOOKUP(J18, 'Processed Non-zero DMR Data'!I:I, 'Processed Non-zero DMR Data'!B:B) -> VENETIAN HOTEL AND CASINO | G18: =_xlfn.XLOOKUP(J18, 'Processed Non-zero DMR Data'!I:I, 'Processed Non-zero DMR Data'!C:C) -> LAS VEGAS | H18: =_xlfn.XLOOKUP(J18, 'Processed Non-zero DMR Data'!I:I, 'Processed Non-zero DMR Data'!E:E) -> NV | J18: 110004306938 | K18: =IFERROR(INDEX('Raw Non-zero DMR Data'!$C:$C, MATCH(J18,'Raw Non-zero DMR Data'!$D:$D,0)),"") -> NV0022888 | L18: =IFERROR(INDEX('Raw Non-zero DMR Data'!$U:$U, MATCH($J18,'Raw Non-zero DMR Data'!$D:$D,0)),"") -> City of Las Vegas-Las Vegas Wash | M18: =IFERROR(INDEX('Raw Non-zero DMR Data'!$T:$T, MATCH($J18,'Raw Non-zero DMR Data'!$D:$D,0)),"") -> 150100150604 | N18: =IFERROR(INDEX('Off-site Locations'!$E:$E,MATCH(I18,'Off-site Locations'!$B:$B,0)),"No offsite transfers") -> No offsite transfers | O18: =INDEX('TRI and DMR OES Summary'!D:D,MATCH('Facility Discharge Summary'!D18,'TRI and DMR OES Summary'!A:A,0)) -> 250 | P18: {=IFERROR(_xlfn.XLOOKUP(1, (MAX(IF(J18 = 'Processed Non-zero DMR Data'!$I$2:$I$651,'Processed Non-zero DMR Data'!$A$2:$A$651)) = 'Processed Non-zero DMR Data'!$A$2:$A$651)*('Processed Non-zero DMR Data'!$I$2:$I$651 = J18),'Processed Non-zero DMR Data'!$W$2:$W$651), "N/A- Facility Does Not Report DMRs")} -> 0.01941388 | Q18: =IFERROR(P18/$O18, "N/A - Facility Does Not Report DMRs") -> 7.765552e-05 | R18: {=IF(COUNTIF('Processed Non-zero DMR Data'!$I:$I,$J18)>0,MEDIAN(IF('Processed Non-zero DMR Data'!$I:$I=J18,'Processed Non-zero DMR Data'!$W:$W)),"N/A - Facility Does Not Report DMRs")} -> 0.024340744 | S18: =IFERROR(R18/$O18, "N/A - Facility Does Not Report DMRs") -> 9.7362974e-05 | T18: =IF(COUNTIF('Processed Non-zero DMR Data'!$I:$I,$J18)>0,_xlfn.MAXIFS('Processed Non-zero DMR Data'!$W:$W,'Processed Non-zero DMR Data'!$I:$I,$J18), "N/A - Facility Does Not Report DMRs") -> 0.67112412 | U18: =IFERROR(T18/$O18, "N/A - Facility Does Not Report DMRs") -> 0.0026844965 | V18: {=IF(COUNTIF('Processed Non-zero DMR Data'!$I:$I,$J18)>0,INDEX('Processed Non-zero DMR Data'!$A:$A,MATCH(1,($J18='Processed Non-zero DMR Data'!$I:$I)*($T18='Processed Non-zero DMR Data'!$W:$W),0)), "N/A - Facility Does Not Report DMRs")} -> 2023 | W18: {=IFERROR(_xlfn.XLOOKUP(1, (MAX(IF(I18 = 'Processed Non-zero TRI Data'!$I$2:$I$6,'Processed Non-zero TRI Data'!$A$2:$A$6)) = 'Processed Non-zero TRI Data'!$A$2:$A$6)*('Processed Non-zero TRI Data'!$I$2:$I$6 = I18), 'Processed Non-zero TRI Data'!$T$2:$T$6), "N/A- Facility Does Not Report to TRI")} -> N/A- Facility Does Not Report to TRI | X18: =IFERROR(W18/$O18, "N/A - Facility Does Not Report to TRI") -> N/A - Facility Does Not Report to TRI | Y18: {=IF(COUNTIF('Processed Non-zero TRI Data'!$I:$I,$I18)>0,MEDIAN(IF('Processed Non-zero TRI Data'!$I:$I=I18,'Processed Non-zero TRI Data'!$T:$T)), "N/A - Facility Does Not Report to TRI")} -> N/A - Facility Does Not Report to TRI | Z18: =IFERROR(Y18/$O18, "N/A - Facility Does Not Report to TRI") -> N/A - Facility Does Not Report to TRI | AA18: =IF(COUNTIF('Processed Non-zero TRI Data'!$I:$I,$I18)>0,_xlfn.MAXIFS('Processed Non-zero TRI Data'!$T:$T,'Processed Non-zero TRI Data'!$I:$I,$I18), "N/A - Facility Does Not Report to TRI") -> N/A - Facility Does Not Report to TRI | AB18: =IFERROR(AA18/$O18, "N/A - Facility Does Not Report to TRI") -> N/A - Facility Does Not Report to TRI | AC18: {=IFERROR(IF(B18 = "TRI Form R", IF(AA18 = 0, "Facility has no on-site water discharges between 2017-2022.", IF(COUNTIF('Processed Non-zero TRI Data'!$I:$I,$I18)>0,INDEX('Processed Non-zero TRI Data'!$A:$A,MATCH(1,($I18='Processed Non-zero TRI Data'!$I:$I)*(AA18='Processed Non-zero TRI Data'!$T:$T),0)))), VLOOKUP(I18,#REF!, 2, FALSE)), ("N/A - Facility Does Not Report to TRI"))} -> N/A - Facility Does Not Report to TRI | AD18: {=IFERROR(_xlfn.XLOOKUP(1, (MAX(IF(I18 = 'Processed Non-zero TRI Data'!$I$2:$I$6,'Processed Non-zero TRI Data'!$A$2:$A$6)) = 'Processed Non-zero TRI Data'!$A$2:$A$6)*('Processed Non-zero TRI Data'!$I$2:$I$6 = I18), 'Processed Non-zero TRI Data'!$V$2:$V$6), "N/A- Facility Does Not Report to TRI")} -> N/A- Facility Does Not Report to TRI | AE18: =IFERROR(AD18/$O18, "N/A - Facility Does Not Report to TRI") -> N/A - Facility Does Not Report to TRI | AF18: {=IF(COUNTIF('Processed Non-zero TRI Data'!$I:$I,$I18)>0,MEDIAN(IF('Processed Non-zero TRI Data'!$I:$I=I18,'Processed Non-zero TRI Data'!$V:$V)), "N/A - Facility Does Not Report to TRI")} -> N/A - Facility Does Not Report to TRI | AG18: =IFERROR(AF18/$O18, "N/A - Facility Does Not Report to TRI") -> N/A - Facility Does Not Report to TRI | AH18: =IF(COUNTIF('Processed Non-zero TRI Data'!$I:$I,$I18)>0,_xlfn.MAXIFS('Processed Non-zero TRI Data'!$V:$V,'Processed Non-zero TRI Data'!$I:$I,$I18), "N/A - Facility Does Not Report to TRI") -> N/A - Facility Does Not Report to TRI | AI18: =IFERROR(AH18/$O18, "N/A - Facility Does Not Report to TRI") -> N/A - Facility Does Not Report to TRI | AJ18: {=IF(B18="TRI Form A",AC18,IF(AH18=0,"Facility has no transfers to POTWs between 2019-2023.",IF(COUNTIF('Processed Non-zero TRI Data'!$I:$I,$I18)>0,INDEX('Processed Non-zero TRI Data'!$A:$A,MATCH(1,($I18='Processed Non-zero TRI Data'!$I:$I)*(AH18='Processed Non-zero TRI Data'!$V:$V),0)),"N/A - Facility Does Not Report to TRI")))} -> N/A - Facility Does Not Report to TRI | AK18: {=IFERROR(_xlfn.XLOOKUP(1, (MAX(IF(I18 = 'Processed Non-zero TRI Data'!$I$2:$I$6,'Processed Non-zero TRI Data'!$A$2:$A$6)) = 'Processed Non-zero TRI Data'!$A$2:$A$6)*('Processed Non-zero TRI Data'!$I$2:$I$6 = I18), 'Processed Non-zero TRI Data'!$X$2:$X$6), "N/A- Facility Does Not Report to TRI")} -> N/A- Facility Does Not Report to TRI | AL18: =IFERROR(AK18/$O18, "N/A - Facility Does Not Report to TRI") -> N/A - Facility Does Not Report to TRI | AM18: {=IF(COUNTIF('Processed Non-zero TRI Data'!$I:$I,$I18)>0,MEDIAN(IF('Processed Non-zero TRI Data'!$I:$I=I18,'Processed Non-zero TRI Data'!$X:$X)), "N/A - Facility Does Not Report to TRI")} -> N/A - Facility Does Not Report to TRI | AN18: =IFERROR(AM18/$O18, "N/A - Facility Does Not Report to TRI") -> N/A - Facility Does Not Report to TRI | AO18: =IF(COUNTIF('Processed Non-zero TRI Data'!$I:$I,$I18)>0,_xlfn.MAXIFS('Processed Non-zero TRI Data'!$X:$X,'Processed Non-zero TRI Data'!$I:$I,$I18), "N/A - Facility Does Not Report to TRI") -> N/A - Facility Does Not Report to TRI | AP18: =IFERROR(AO18/$O18, "N/A - Facility Does Not Report to TRI") -> N/A - Facility Does Not Report to TRI | AQ18: {=IF(B18="TRI Form A",AC18,IF(AO18=0,"Facility has no transfers to non-POTWs between 2019-2023.",IF(COUNTIF('Processed Non-zero TRI Data'!$I:$I,$I18)>0,INDEX('Processed Non-zero TRI Data'!$A:$A,MATCH(1,($I18='Processed Non-zero TRI Data'!$I:$I)*(AO18='Processed Non-zero TRI Data'!$X:$X),0)),"N/A - Facility Does Not Report to TRI")))} -> N/A - Facility Does Not Report to TRI | AR18: =MAX(AA18,AH18,AO18) -> 0 | AS18: =T18 -> 0.67112412
A19: 16 | B19: =IFERROR("TRI Form "& VLOOKUP(I19, 'Processed Non-zero TRI Data'!$I$2:$K$6, 3, FALSE), "DMR") -> DMR | C19: =VLOOKUP(D19,#REF!, 2, FALSE) -> #REF! | D19: =IF(I19<>"",INDEX('Processed Non-zero TRI Data'!$O:$O,MATCH(I19,'Processed Non-zero TRI Data'!$I:$I,0)),INDEX('Processed Non-zero DMR Data'!$S:$S,MATCH(J19,'Processed Non-zero DMR Data'!$I:$I,0))) -> Waste Handling, Disposal and Treatment (POTW) | E19: =IF(I19<>"",INDEX('Processed Non-zero TRI Data'!$P:$P,MATCH(I19,'Processed Non-zero TRI Data'!$I:$I,0)),INDEX('Processed Non-zero DMR Data'!$T:$T,MATCH(J19,'Processed Non-zero DMR Data'!$I:$I,0))) -> POTW indicator in DMR | F19: =_xlfn.XLOOKUP(J19, 'Processed Non-zero DMR Data'!I:I, 'Processed Non-zero DMR Data'!B:B) -> SHEPHERDSVILLE STP | G19: =_xlfn.XLOOKUP(J19, 'Processed Non-zero DMR Data'!I:I, 'Processed Non-zero DMR Data'!C:C) -> SHEPHERDSVILLE | H19: =_xlfn.XLOOKUP(J19, 'Processed Non-zero DMR Data'!I:I, 'Processed Non-zero DMR Data'!E:E) -> KY | J19: 110020941383 | K19: =IFERROR(INDEX('Raw Non-zero DMR Data'!$C:$C, MATCH(J19,'Raw Non-zero DMR Data'!$D:$D,0)),"") -> KY0027359 | L19: =IFERROR(INDEX('Raw Non-zero DMR Data'!$U:$U, MATCH($J19,'Raw Non-zero DMR Data'!$D:$D,0)),"") -> Bullitt Lick Creek-Salt River | M19: =IFERROR(INDEX('Raw Non-zero DMR Data'!$T:$T, MATCH($J19,'Raw Non-zero DMR Data'!$D:$D,0)),"") -> 051401021103 | N19: =IFERROR(INDEX('Off-site Locations'!$E:$E,MATCH(I19,'Off-site Locations'!$B:$B,0)),"No offsite transfers") -> No offsite transfers | O19: =INDEX('TRI and DMR OES Summary'!D:D,MATCH('Facility Discharge Summary'!D19,'TRI and DMR OES Summary'!A:A,0)) -> 365 | P19: {=IFERROR(_xlfn.XLOOKUP(1, (MAX(IF(J19 = 'Processed Non-zero DMR Data'!$I$2:$I$651,'Processed Non-zero DMR Data'!$A$2:$A$651)) = 'Processed Non-zero DMR Data'!$A$2:$A$651)*('Processed Non-zero DMR Data'!$I$2:$I$651 = J19),'Processed Non-zero DMR Data'!$W$2:$W$651), "N/A- Facility Does Not Report DMRs")} -> 2.1828095 | Q19: =IFERROR(P19/$O19, "N/A - Facility Does Not Report DMRs") -> 0.0059803 | R19: {=IF(COUNTIF('Processed Non-zero DMR Data'!$I:$I,$J19)>0,MEDIAN(IF('Processed Non-zero DMR Data'!$I:$I=J19,'Processed Non-zero DMR Data'!$W:$W)),"N/A - Facility Does Not Report DMRs")} -> 2.1828095 | S19: =IFERROR(R19/$O19, "N/A - Facility Does Not Report DMRs") -> 0.0059803 | T19: =IF(COUNTIF('Processed Non-zero DMR Data'!$I:$I,$J19)>0,_xlfn.MAXIFS('Processed Non-zero DMR Data'!$W:$W,'Processed Non-zero DMR Data'!$I:$I,$J19), "N/A - Facility Does Not Report DMRs") -> 2.3485925 | U19: =IFERROR(T19/$O19, "N/A - Facility Does Not Report DMRs") -> 0.0064345 | V19: {=IF(COUNTIF('Processed Non-zero DMR Data'!$I:$I,$J19)>0,INDEX('Processed Non-zero DMR Data'!$A:$A,MATCH(1,($J19='Processed Non-zero DMR Data'!$I:$I)*($T19='Processed Non-zero DMR Data'!$W:$W),0)), "N/A - Facility Does Not Report DMRs")} -> 2019 | W19: {=IFERROR(_xlfn.XLOOKUP(1, (MAX(IF(I19 = 'Processed Non-zero TRI Data'!$I$2:$I$6,'Processed Non-zero TRI Data'!$A$2:$A$6)) = 'Processed Non-zero TRI Data'!$A$2:$A$6)*('Processed Non-zero TRI Data'!$I$2:$I$6 = I19), 'Processed Non-zero TRI Data'!$T$2:$T$6), "N/A- Facility Does Not Report to TRI")} -> N/A- Facility Does Not Report to TRI | X19: =IFERROR(W19/$O19, "N/A - Facility Does Not Report to TRI") -> N/A - Facility Does Not Report to TRI | Y19: {=IF(COUNTIF('Processed Non-zero TRI Data'!$I:$I,$I19)>0,MEDIAN(IF('Processed Non-zero TRI Data'!$I:$I=I19,'Processed Non-zero TRI Data'!$T:$T)), "N/A - Facility Does Not Report to TRI")} -> N/A - Facility Does Not Report to TRI | Z19: =IFERROR(Y19/$O19, "N/A - Facility Does Not Report to TRI") -> N/A - Facility Does Not Report to TRI | AA19: =IF(COUNTIF('Processed Non-zero TRI Data'!$I:$I,$I19)>0,_xlfn.MAXIFS('Processed Non-zero TRI Data'!$T:$T,'Processed Non-zero TRI Data'!$I:$I,$I19), "N/A - Facility Does Not Report to TRI") -> N/A - Facility Does Not Report to TRI | AB19: =IFERROR(AA19/$O19, "N/A - Facility Does Not Report to TRI") -> N/A - Facility Does Not Report to TRI | AC19: {=IFERROR(IF(B19 = "TRI Form R", IF(AA19 = 0, "Facility has no on-site water discharges between 2017-2022.", IF(COUNTIF('Processed Non-zero TRI Data'!$I:$I,$I19)>0,INDEX('Processed Non-zero TRI Data'!$A:$A,MATCH(1,($I19='Processed Non-zero TRI Data'!$I:$I)*(AA19='Processed Non-zero TRI Data'!$T:$T),0)))), VLOOKUP(I19,#REF!, 2, FALSE)), ("N/A - Facility Does Not Report to TRI"))} -> N/A - Facility Does Not Report to TRI | AD19: {=IFERROR(_xlfn.XLOOKUP(1, (MAX(IF(I19 = 'Processed Non-zero TRI Data'!$I$2:$I$6,'Processed Non-zero TRI Data'!$A$2:$A$6)) = 'Processed Non-zero TRI Data'!$A$2:$A$6)*('Processed Non-zero TRI Data'!$I$2:$I$6 = I19), 'Processed Non-zero TRI Data'!$V$2:$V$6), "N/A- Facility Does Not Report to TRI")} -> N/A- Facility Does Not Report to TRI | AE19: =IFERROR(AD19/$O19, "N/A - Facility Does Not Report to TRI") -> N/A - Facility Does Not Report to TRI | AF19: {=IF(COUNTIF('Processed Non-zero TRI Data'!$I:$I,$I19)>0,MEDIAN(IF('Processed Non-zero TRI Data'!$I:$I=I19,'Processed Non-zero TRI Data'!$V:$V)), "N/A - Facility Does Not Report to TRI")} -> N/A - Facility Does Not Report to TRI | AG19: =IFERROR(AF19/$O19, "N/A - Facility Does Not Report to TRI") -> N/A - Facility Does Not Report to TRI | AH19: =IF(COUNTIF('Processed Non-zero TRI Data'!$I:$I,$I19)>0,_xlfn.MAXIFS('Processed Non-zero TRI Data'!$V:$V,'Processed Non-zero TRI Data'!$I:$I,$I19), "N/A - Facility Does Not Report to TRI") -> N/A - Facility Does Not Report to TRI | AI19: =IFERROR(AH19/$O19, "N/A - Facility Does Not Report to TRI") -> N/A - Facility Does Not Report to TRI | AJ19: {=IF(B19="TRI Form A",AC19,IF(AH19=0,"Facility has no transfers to POTWs between 2019-2023.",IF(COUNTIF('Processed Non-zero TRI Data'!$I:$I,$I19)>0,INDEX('Processed Non-zero TRI Data'!$A:$A,MATCH(1,($I19='Processed Non-zero TRI Data'!$I:$I)*(AH19='Processed Non-zero TRI Data'!$V:$V),0)),"N/A - Facility Does Not Report to TRI")))} -> N/A - Facility Does Not Report to TRI | AK19: {=IFERROR(_xlfn.XLOOKUP(1, (MAX(IF(I19 = 'Processed Non-zero TRI Data'!$I$2:$I$6,'Processed Non-zero TRI Data'!$A$2:$A$6)) = 'Processed Non-zero TRI Data'!$A$2:$A$6)*('Processed Non-zero TRI Data'!$I$2:$I$6 = I19), 'Processed Non-zero TRI Data'!$X$2:$X$6), "N/A- Facility Does Not Report to TRI")} -> N/A- Facility Does Not Report to TRI | AL19: =IFERROR(AK19/$O19, "N/A - Facility Does Not Report to TRI") -> N/A - Facility Does Not Report to TRI | AM19: {=IF(COUNTIF('Processed Non-zero TRI Data'!$I:$I,$I19)>0,MEDIAN(IF('Processed Non-zero TRI Data'!$I:$I=I19,'Processed Non-zero TRI Data'!$X:$X)), "N/A - Facility Does Not Report to TRI")} -> N/A - Facility Does Not Report to TRI | AN19: =IFERROR(AM19/$O19, "N/A - Facility Does Not Report to TRI") -> N/A - Facility Does Not Report to TRI | AO19: =IF(COUNTIF('Processed Non-zero TRI Data'!$I:$I,$I19)>0,_xlfn.MAXIFS('Processed Non-zero TRI Data'!$X:$X,'Processed Non-zero TRI Data'!$I:$I,$I19), "N/A - Facility Does Not Report to TRI") -> N/A - Facility Does Not Report to TRI | AP19: =IFERROR(AO19/$O19, "N/A - Facility Does Not Report to TRI") -> N/A - Facility Does Not Report to TRI | AQ19: {=IF(B19="TRI Form A",AC19,IF(AO19=0,"Facility has no transfers to non-POTWs between 2019-2023.",IF(COUNTIF('Processed Non-zero TRI Data'!$I:$I,$I19)>0,INDEX('Processed Non-zero TRI Data'!$A:$A,MATCH(1,($I19='Processed Non-zero TRI Data'!$I:$I)*(AO19='Processed Non-zero TRI Data'!$X:$X),0)),"N/A - Facility Does Not Report to TRI")))} -> N/A - Facility Does Not Report to TRI | AR19: =MAX(AA19,AH19,AO19) -> 0 | AS19: =T19 -> 2.3485925
A20: 17 | B20: =IFERROR("TRI Form "& VLOOKUP(I20, 'Processed Non-zero TRI Data'!$I$2:$K$6, 3, FALSE), "DMR") -> DMR | C20: =VLOOKUP(D20,#REF!, 2, FALSE) -> #REF! | D20: =IF(I20<>"",INDEX('Processed Non-zero TRI Data'!$O:$O,MATCH(I20,'Processed Non-zero TRI Data'!$I:$I,0)),INDEX('Processed Non-zero DMR Data'!$S:$S,MATCH(J20,'Processed Non-zero DMR Data'!$I:$I,0))) -> Waste Handling, Disposal and Treatment (POTW) | E20: =IF(I20<>"",INDEX('Processed Non-zero TRI Data'!$P:$P,MATCH(I20,'Processed Non-zero TRI Data'!$I:$I,0)),INDEX('Processed Non-zero DMR Data'!$T:$T,MATCH(J20,'Processed Non-zero DMR Data'!$I:$I,0))) -> POTW indicator in DMR | F20: =_xlfn.XLOOKUP(J20, 'Processed Non-zero DMR Data'!I:I, 'Processed Non-zero DMR Data'!B:B) -> RIALTO WASTEWATER TREATMENT PLANT | G20: =_xlfn.XLOOKUP(J20, 'Processed Non-zero DMR Data'!I:I, 'Processed Non-zero DMR Data'!C:C) -> BLOOMINGTON | H20: =_xlfn.XLOOKUP(J20, 'Processed Non-zero DMR Data'!I:I, 'Processed Non-zero DMR Data'!E:E) -> CA | J20: 110000525842 | K20: =IFERROR(INDEX('Raw Non-zero DMR Data'!$C:$C, MATCH(J20,'Raw Non-zero DMR Data'!$D:$D,0)),"") -> CA0105295 | L20: =IFERROR(INDEX('Raw Non-zero DMR Data'!$U:$U, MATCH($J20,'Raw Non-zero DMR Data'!$D:$D,0)),"") -> East Etiwanda Creek-Santa Ana River | M20: =IFERROR(INDEX('Raw Non-zero DMR Data'!$T:$T, MATCH($J20,'Raw Non-zero DMR Data'!$D:$D,0)),"") -> 180702030804 | N20: =IFERROR(INDEX('Off-site Locations'!$E:$E,MATCH(I20,'Off-site Locations'!$B:$B,0)),"No offsite transfers") -> No offsite transfers | O20: =INDEX('TRI and DMR OES Summary'!D:D,MATCH('Facility Discharge Summary'!D20,'TRI and DMR OES Summary'!A:A,0)) -> 365 | P20: {=IFERROR(_xlfn.XLOOKUP(1, (MAX(IF(J20 = 'Processed Non-zero DMR Data'!$I$2:$I$651,'Processed Non-zero DMR Data'!$A$2:$A$651)) = 'Processed Non-zero DMR Data'!$A$2:$A$651)*('Processed Non-zero DMR Data'!$I$2:$I$651 = J20),'Processed Non-zero DMR Data'!$W$2:$W$651), "N/A- Facility Does Not Report DMRs")} -> 2.4338193 | Q20: =IFERROR(P20/$O20, "N/A - Facility Does Not Report DMRs") -> 0.0066679982 | R20: {=IF(COUNTIF('Processed Non-zero DMR Data'!$I:$I,$J20)>0,MEDIAN(IF('Processed Non-zero DMR Data'!$I:$I=J20,'Processed Non-zero DMR Data'!$W:$W)),"N/A - Facility Does Not Report DMRs")} -> 2.3876792 | S20: =IFERROR(R20/$O20, "N/A - Facility Does Not Report DMRs") -> 0.006541587 | T20: =IF(COUNTIF('Processed Non-zero DMR Data'!$I:$I,$J20)>0,_xlfn.MAXIFS('Processed Non-zero DMR Data'!$W:$W,'Processed Non-zero DMR Data'!$I:$I,$J20), "N/A - Facility Does Not Report DMRs") -> 2.4338193 | U20: =IFERROR(T20/$O20, "N/A - Facility Does Not Report DMRs") -> 0.0066679982 | V20: {=IF(COUNTIF('Processed Non-zero DMR Data'!$I:$I,$J20)>0,INDEX('Processed Non-zero DMR Data'!$A:$A,MATCH(1,($J20='Processed Non-zero DMR Data'!$I:$I)*($T20='Processed Non-zero DMR Data'!$W:$W),0)), "N/A - Facility Does Not Report DMRs")} -> 2023 | W20: {=IFERROR(_xlfn.XLOOKUP(1, (MAX(IF(I20 = 'Processed Non-zero TRI Data'!$I$2:$I$6,'Processed Non-zero TRI Data'!$A$2:$A$6)) = 'Processed Non-zero TRI Data'!$A$2:$A$6)*('Processed Non-zero TRI Data'!$I$2:$I$6 = I20), 'Processed Non-zero TRI Data'!$T$2:$T$6), "N/A- Facility Does Not Report to TRI")} -> N/A- Facility Does Not Report to TRI | X20: =IFERROR(W20/$O20, "N/A - Facility Does Not Report to TRI") -> N/A - Facility Does Not Report to TRI | Y20: {=IF(COUNTIF('Processed Non-zero TRI Data'!$I:$I,$I20)>0,MEDIAN(IF('Processed Non-zero TRI Data'!$I:$I=I20,'Processed Non-zero TRI Data'!$T:$T)), "N/A - Facility Does Not Report to TRI")} -> N/A - Facility Does Not Report to TRI | Z20: =IFERROR(Y20/$O20, "N/A - Facility Does Not Report to TRI") -> N/A - Facility Does Not Report to TRI | AA20: =IF(COUNTIF('Processed Non-zero TRI Data'!$I:$I,$I20)>0,_xlfn.MAXIFS('Processed Non-zero TRI Data'!$T:$T,'Processed Non-zero TRI Data'!$I:$I,$I20), "N/A - Facility Does Not Report to TRI") -> N/A - Facility Does Not Report to TRI | AB20: =IFERROR(AA20/$O20, "N/A - Facility Does Not Report to TRI") -> N/A - Facility Does Not Report to TRI | AC20: {=IFERROR(IF(B20 = "TRI Form R", IF(AA20 = 0, "Facility has no on-site water discharges between 2017-2022.", IF(COUNTIF('Processed Non-zero TRI Data'!$I:$I,$I20)>0,INDEX('Processed Non-zero TRI Data'!$A:$A,MATCH(1,($I20='Processed Non-zero TRI Data'!$I:$I)*(AA20='Processed Non-zero TRI Data'!$T:$T),0)))), VLOOKUP(I20,#REF!, 2, FALSE)), ("N/A - Facility Does Not Report to TRI"))} -> N/A - Facility Does Not Report to TRI | AD20: {=IFERROR(_xlfn.XLOOKUP(1, (MAX(IF(I20 = 'Processed Non-zero TRI Data'!$I$2:$I$6,'Processed Non-zero TRI Data'!$A$2:$A$6)) = 'Processed Non-zero TRI Data'!$A$2:$A$6)*('Processed Non-zero TRI Data'!$I$2:$I$6 = I20), 'Processed Non-zero TRI Data'!$V$2:$V$6), "N/A- Facility Does Not Report to TRI")} -> N/A- Facility Does Not Report to TRI | AE20: =IFERROR(AD20/$O20, "N/A - Facility Does Not Report to TRI") -> N/A - Facility Does Not Report to TRI | AF20: {=IF(COUNTIF('Processed Non-zero TRI Data'!$I:$I,$I20)>0,MEDIAN(IF('Processed Non-zero TRI Data'!$I:$I=I20,'Processed Non-zero TRI Data'!$V:$V)), "N/A - Facility Does Not Report to TRI")} -> N/A - Facility Does Not Report to TRI | AG20: =IFERROR(AF20/$O20, "N/A - Facility Does Not Report to TRI") -> N/A - Facility Does Not Report to TRI | AH20: =IF(COUNTIF('Processed Non-zero TRI Data'!$I:$I,$I20)>0,_xlfn.MAXIFS('Processed Non-zero TRI Data'!$V:$V,'Processed Non-zero TRI Data'!$I:$I,$I20), "N/A - Facility Does Not Report to TRI") -> N/A - Facility Does Not Report to TRI | AI20: =IFERROR(AH20/$O20, "N/A - Facility Does Not Report to TRI") -> N/A - Facility Does Not Report to TRI | AJ20: {=IF(B20="TRI Form A",AC20,IF(AH20=0,"Facility has no transfers to POTWs between 2019-2023.",IF(COUNTIF('Processed Non-zero TRI Data'!$I:$I,$I20)>0,INDEX('Processed Non-zero TRI Data'!$A:$A,MATCH(1,($I20='Processed Non-zero TRI Data'!$I:$I)*(AH20='Processed Non-zero TRI Data'!$V:$V),0)),"N/A - Facility Does Not Report to TRI")))} -> N/A - Facility Does Not Report to TRI | AK20: {=IFERROR(_xlfn.XLOOKUP(1, (MAX(IF(I20 = 'Processed Non-zero TRI Data'!$I$2:$I$6,'Processed Non-zero TRI Data'!$A$2:$A$6)) = 'Processed Non-zero TRI Data'!$A$2:$A$6)*('Processed Non-zero TRI Data'!$I$2:$I$6 = I20), 'Processed Non-zero TRI Data'!$X$2:$X$6), "N/A- Facility Does Not Report to TRI")} -> N/A- Facility Does Not Report to TRI | AL20: =IFERROR(AK20/$O20, "N/A - Facility Does Not Report to TRI") -> N/A - Facility Does Not Report to TRI | AM20: {=IF(COUNTIF('Processed Non-zero TRI Data'!$I:$I,$I20)>0,MEDIAN(IF('Processed Non-zero TRI Data'!$I:$I=I20,'Processed Non-zero TRI Data'!$X:$X)), "N/A - Facility Does Not Report to TRI")} -> N/A - Facility Does Not Report to TRI | AN20: =IFERROR(AM20/$O20, "N/A - Facility Does Not Report to TRI") -> N/A - Facility Does Not Report to TRI | AO20: =IF(COUNTIF('Processed Non-zero TRI Data'!$I:$I,$I20)>0,_xlfn.MAXIFS('Processed Non-zero TRI Data'!$X:$X,'Processed Non-zero TRI Data'!$I:$I,$I20), "N/A - Facility Does Not Report to TRI") -> N/A - Facility Does Not Report to TRI | AP20: =IFERROR(AO20/$O20, "N/A - Facility Does Not Report to TRI") -> N/A - Facility Does Not Report to TRI | AQ20: {=IF(B20="TRI Form A",AC20,IF(AO20=0,"Facility has no transfers to non-POTWs between 2019-2023.",IF(COUNTIF('Processed Non-zero TRI Data'!$I:$I,$I20)>0,INDEX('Processed Non-zero TRI Data'!$A:$A,MATCH(1,($I20='Processed Non-zero TRI Data'!$I:$I)*(AO20='Processed Non-zero TRI Data'!$X:$X),0)),"N/A - Facility Does Not Report to TRI")))} -> N/A - Facility Does Not Report to TRI | AR20: =MAX(AA20,AH20,AO20) -> 0 | AS20: =T20 -> 2.4338193
A21: 18 | B21: =IFERROR("TRI Form "& VLOOKUP(I21, 'Processed Non-zero TRI Data'!$I$2:$K$6, 3, FALSE), "DMR") -> DMR | C21: =VLOOKUP(D21,#REF!, 2, FALSE) -> #REF! | D21: =IF(I21<>"",INDEX('Processed Non-zero TRI Data'!$O:$O,MATCH(I21,'Processed Non-zero TRI Data'!$I:$I,0)),INDEX('Processed Non-zero DMR Data'!$S:$S,MATCH(J21,'Processed Non-zero DMR Data'!$I:$I,0))) -> Processing as a reactant | E21: =IF(I21<>"",INDEX('Processed Non-zero TRI Data'!$P:$P,MATCH(I21,'Processed Non-zero TRI Data'!$I:$I,0)),INDEX('Processed Non-zero DMR Data'!$T:$T,MATCH(J21,'Processed Non-zero DMR Data'!$I:$I,0))) -> Assumed processing as a reactant based on SIC and NAICS; this also matches 1,1,-DCA mapping. | F21: =_xlfn.XLOOKUP(J21, 'Processed Non-zero DMR Data'!I:I, 'Processed Non-zero DMR Data'!B:B) -> SI GROUP INC - SOUTH PLANT | G21: =_xlfn.XLOOKUP(J21, 'Processed Non-zero DMR Data'!I:I, 'Processed Non-zero DMR Data'!C:C) -> MORGANTOWN | H21: =_xlfn.XLOOKUP(J21, 'Processed Non-zero DMR Data'!I:I, 'Processed Non-zero DMR Data'!E:E) -> WV | J21: 110000572782 | K21: =IFERROR(INDEX('Raw Non-zero DMR Data'!$C:$C, MATCH(J21,'Raw Non-zero DMR Data'!$D:$D,0)),"") -> WV0004740 | L21: =IFERROR(INDEX('Raw Non-zero DMR Data'!$U:$U, MATCH($J21,'Raw Non-zero DMR Data'!$D:$D,0)),"") -> Cobun Creek-Monongahela River | M21: =IFERROR(INDEX('Raw Non-zero DMR Data'!$T:$T, MATCH($J21,'Raw Non-zero DMR Data'!$D:$D,0)),"") -> 050200030307 | N21: =IFERROR(INDEX('Off-site Locations'!$E:$E,MATCH(I21,'Off-site Locations'!$B:$B,0)),"No offsite transfers") -> No offsite transfers | O21: =INDEX('TRI and DMR OES Summary'!D:D,MATCH('Facility Discharge Summary'!D21,'TRI and DMR OES Summary'!A:A,0)) -> 350 | P21: {=IFERROR(_xlfn.XLOOKUP(1, (MAX(IF(J21 = 'Processed Non-zero DMR Data'!$I$2:$I$651,'Processed Non-zero DMR Data'!$A$2:$A$651)) = 'Processed Non-zero DMR Data'!$A$2:$A$651)*('Processed Non-zero DMR Data'!$I$2:$I$651 = J21),'Processed Non-zero DMR Data'!$W$2:$W$651), "N/A- Facility Does Not Report DMRs")} -> 0.03113532 | Q21: =IFERROR(P21/$O21, "N/A - Facility Does Not Report DMRs") -> 8.8958057e-05 | R21: {=IF(COUNTIF('Processed Non-zero DMR Data'!$I:$I,$J21)>0,MEDIAN(IF('Processed Non-zero DMR Data'!$I:$I=J21,'Processed Non-zero DMR Data'!$W:$W)),"N/A - Facility Does Not Report DMRs")} -> 0.0757953 | S21: =IFERROR(R21/$O21, "N/A - Facility Does Not Report DMRs") -> 0.000216558 | T21: =IF(COUNTIF('Processed Non-zero DMR Data'!$I:$I,$J21)>0,_xlfn.MAXIFS('Processed Non-zero DMR Data'!$W:$W,'Processed Non-zero DMR Data'!$I:$I,$J21), "N/A - Facility Does Not Report DMRs") -> 0.74926344 | U21: =IFERROR(T21/$O21, "N/A - Facility Does Not Report DMRs") -> 0.0021407527 | V21: {=IF(COUNTIF('Processed Non-zero DMR Data'!$I:$I,$J21)>0,INDEX('Processed Non-zero DMR Data'!$A:$A,MATCH(1,($J21='Processed Non-zero DMR Data'!$I:$I)*($T21='Processed Non-zero DMR Data'!$W:$W),0)), "N/A - Facility Does Not Report DMRs")} -> 2020 | W21: {=IFERROR(_xlfn.XLOOKUP(1, (MAX(IF(I21 = 'Processed Non-zero TRI Data'!$I$2:$I$6,'Processed Non-zero TRI Data'!$A$2:$A$6)) = 'Processed Non-zero TRI Data'!$A$2:$A$6)*('Processed Non-zero TRI Data'!$I$2:$I$6 = I21), 'Processed Non-zero TRI Data'!$T$2:$T$6), "N/A- Facility Does Not Report to TRI")} -> N/A- Facility Does Not Report to TRI | X21: =IFERROR(W21/$O21, "N/A - Facility Does Not Report to TRI") -> N/A - Facility Does Not Report to TRI | Y21: {=IF(COUNTIF('Processed Non-zero TRI Data'!$I:$I,$I21)>0,MEDIAN(IF('Processed Non-zero TRI Data'!$I:$I=I21,'Processed Non-zero TRI Data'!$T:$T)), "N/A - Facility Does Not Report to TRI")} -> N/A - Facility Does Not Report to TRI | Z21: =IFERROR(Y21/$O21, "N/A - Facility Does Not Report to TRI") -> N/A - Facility Does Not Report to TRI | AA21: =IF(COUNTIF('Processed Non-zero TRI Data'!$I:$I,$I21)>0,_xlfn.MAXIFS('Processed Non-zero TRI Data'!$T:$T,'Processed Non-zero TRI Data'!$I:$I,$I21), "N/A - Facility Does Not Report to TRI") -> N/A - Facility Does Not Report to TRI | AB21: =IFERROR(AA21/$O21, "N/A - Facility Does Not Report to TRI") -> N/A - Facility Does Not Report to TRI | AC21: {=IFERROR(IF(B21 = "TRI Form R", IF(AA21 = 0, "Facility has no on-site water discharges between 2017-2022.", IF(COUNTIF('Processed Non-zero TRI Data'!$I:$I,$I21)>0,INDEX('Processed Non-zero TRI Data'!$A:$A,MATCH(1,($I21='Processed Non-zero TRI Data'!$I:$I)*(AA21='Processed Non-zero TRI Data'!$T:$T),0)))), VLOOKUP(I21,#REF!, 2, FALSE)), ("N/A - Facility Does Not Report to TRI"))} -> N/A - Facility Does Not Report to TRI | AD21: {=IFERROR(_xlfn.XLOOKUP(1, (MAX(IF(I21 = 'Processed Non-zero TRI Data'!$I$2:$I$6,'Processed Non-zero TRI Data'!$A$2:$A$6)) = 'Processed Non-zero TRI Data'!$A$2:$A$6)*('Processed Non-zero TRI Data'!$I$2:$I$6 = I21), 'Processed Non-zero TRI Data'!$V$2:$V$6), "N/A- Facility Does Not Report to TRI")} -> N/A- Facility Does Not Report to TRI | AE21: =IFERROR(AD21/$O21, "N/A - Facility Does Not Report to TRI") -> N/A - Facility Does Not Report to TRI | AF21: {=IF(COUNTIF('Processed Non-zero TRI Data'!$I:$I,$I21)>0,MEDIAN(IF('Processed Non-zero TRI Data'!$I:$I=I21,'Processed Non-zero TRI Data'!$V:$V)), "N/A - Facility Does Not Report to TRI")} -> N/A - Facility Does Not Report to TRI | AG21: =IFERROR(AF21/$O21, "N/A - Facility Does Not Report to TRI") -> N/A - Facility Does Not Report to TRI | AH21: =IF(COUNTIF('Processed Non-zero TRI Data'!$I:$I,$I21)>0,_xlfn.MAXIFS('Processed Non-zero TRI Data'!$V:$V,'Processed Non-zero TRI Data'!$I:$I,$I21), "N/A - Facility Does Not Report to TRI") -> N/A - Facility Does Not Report to TRI | AI21: =IFERROR(AH21/$O21, "N/A - Facility Does Not Report to TRI") -> N/A - Facility Does Not Report to TRI | AJ21: {=IF(B21="TRI Form A",AC21,IF(AH21=0,"Facility has no transfers to POTWs between 2019-2023.",IF(COUNTIF('Processed Non-zero TRI Data'!$I:$I,$I21)>0,INDEX('Processed Non-zero TRI Data'!$A:$A,MATCH(1,($I21='Processed Non-zero TRI Data'!$I:$I)*(AH21='Processed Non-zero TRI Data'!$V:$V),0)),"N/A - Facility Does Not Report to TRI")))} -> N/A - Facility Does Not Report to TRI | AK21: {=IFERROR(_xlfn.XLOOKUP(1, (MAX(IF(I21 = 'Processed Non-zero TRI Data'!$I$2:$I$6,'Processed Non-zero TRI Data'!$A$2:$A$6)) = 'Processed Non-zero TRI Data'!$A$2:$A$6)*('Processed Non-zero TRI Data'!$I$2:$I$6 = I21), 'Processed Non-zero TRI Data'!$X$2:$X$6), "N/A- Facility Does Not Report to TRI")} -> N/A- Facility Does Not Report to TRI | AL21: =IFERROR(AK21/$O21, "N/A - Facility Does Not Report to TRI") -> N/A - Facility Does Not Report to TRI | AM21: {=IF(COUNTIF('Processed Non-zero TRI Data'!$I:$I,$I21)>0,MEDIAN(IF('Processed Non-zero TRI Data'!$I:$I=I21,'Processed Non-zero TRI Data'!$X:$X)), "N/A - Facility Does Not Report to TRI")} -> N/A - Facility Does Not Report to TRI | AN21: =IFERROR(AM21/$O21, "N/A - Facility Does Not Report to TRI") -> N/A - Facility Does Not Report to TRI | AO21: =IF(COUNTIF('Processed Non-zero TRI Data'!$I:$I,$I21)>0,_xlfn.MAXIFS('Processed Non-zero TRI Data'!$X:$X,'Processed Non-zero TRI Data'!$I:$I,$I21), "N/A - Facility Does Not Report to TRI") -> N/A - Facility Does Not Report to TRI | AP21: =IFERROR(AO21/$O21, "N/A - Facility Does Not Report to TRI") -> N/A - Facility Does Not Report to TRI | AQ21: {=IF(B21="TRI Form A",AC21,IF(AO21=0,"Facility has no transfers to non-POTWs between 2019-2023.",IF(COUNTIF('Processed Non-zero TRI Data'!$I:$I,$I21)>0,INDEX('Processed Non-zero TRI Data'!$A:$A,MATCH(1,($I21='Processed Non-zero TRI Data'!$I:$I)*(AO21='Processed Non-zero TRI Data'!$X:$X),0)),"N/A - Facility Does Not Report to TRI")))} -> N/A - Facility Does Not Report to TRI | AR21: =MAX(AA21,AH21,AO21) -> 0 | AS21: =T21 -> 0.74926344
... A220: 217 | B220: =IFERROR("TRI Form "& VLOOKUP(I220, 'Processed Non-zero TRI Data'!$I$2:$K$6, 3, FALSE), "DMR") -> DMR | C220: =VLOOKUP(D220,#REF!, 2, FALSE) -> #REF! | D220: =IF(I220<>"",INDEX('Processed Non-zero TRI Data'!$O:$O,MATCH(I220,'Processed Non-zero TRI Data'!$I:$I,0)),INDEX('Processed Non-zero DMR Data'!$S:$S,MATCH(J220,'Processed Non-zero DMR Data'!$I:$I,0))) -> Waste Handling, Disposal and Treatment (POTW) | E220: =IF(I220<>"",INDEX('Processed Non-zero TRI Data'!$P:$P,MATCH(I220,'Processed Non-zero TRI Data'!$I:$I,0)),INDEX('Processed Non-zero DMR Data'!$T:$T,MATCH(J220,'Processed Non-zero DMR Data'!$I:$I,0))) -> POTW indicator in DMR | F220: =_xlfn.XLOOKUP(J220, 'Processed Non-zero DMR Data'!I:I, 'Processed Non-zero DMR Data'!B:B) -> FRANKFORT MUNICIPAL STP | G220: =_xlfn.XLOOKUP(J220, 'Processed Non-zero DMR Data'!I:I, 'Processed Non-zero DMR Data'!C:C) -> FRANKFORT | H220: =_xlfn.XLOOKUP(J220, 'Processed Non-zero DMR Data'!I:I, 'Processed Non-zero DMR Data'!E:E) -> KY | J220: 110000732299 | K220: =IFERROR(INDEX('Raw Non-zero DMR Data'!$C:$C, MATCH(J220,'Raw Non-zero DMR Data'!$D:$D,0)),"") -> KY0022861 | L220: =IFERROR(INDEX('Raw Non-zero DMR Data'!$U:$U, MATCH($J220,'Raw Non-zero DMR Data'!$D:$D,0)),"") -> Stony Creek-Kentucky River | M220: =IFERROR(INDEX('Raw Non-zero DMR Data'!$T:$T, MATCH($J220,'Raw Non-zero DMR Data'!$D:$D,0)),"") -> 051002051501 | N220: =IFERROR(INDEX('Off-site Locations'!$E:$E,MATCH(I220,'Off-site Locations'!$B:$B,0)),"No offsite transfers") -> No offsite transfers | O220: =INDEX('TRI and DMR OES Summary'!D:D,MATCH('Facility Discharge Summary'!D220,'TRI and DMR OES Summary'!A:A,0)) -> 365 | P220: {=IFERROR(_xlfn.XLOOKUP(1, (MAX(IF(J220 = 'Processed Non-zero DMR Data'!$I$2:$I$651,'Processed Non-zero DMR Data'!$A$2:$A$651)) = 'Processed Non-zero DMR Data'!$A$2:$A$651)*('Processed Non-zero DMR Data'!$I$2:$I$651 = J220),'Processed Non-zero DMR Data'!$W$2:$W$651), "N/A- Facility Does Not Report DMRs")} -> 13.400792 | Q220: =IFERROR(P220/$O220, "N/A - Facility Does Not Report DMRs") -> 0.0367145 | R220: {=IF(COUNTIF('Processed Non-zero DMR Data'!$I:$I,$J220)>0,MEDIAN(IF('Processed Non-zero DMR Data'!$I:$I=J220,'Processed Non-zero DMR Data'!$W:$W)),"N/A - Facility Does Not Report DMRs")} -> 13.400792 | S220: =IFERROR(R220/$O220, "N/A - Facility Does Not Report DMRs") -> 0.0367145 | T220: =IF(COUNTIF('Processed Non-zero DMR Data'!$I:$I,$J220)>0,_xlfn.MAXIFS('Processed Non-zero DMR Data'!$W:$W,'Processed Non-zero DMR Data'!$I:$I,$J220), "N/A - Facility Does Not Report DMRs") -> 13.400792 | U220: =IFERROR(T220/$O220, "N/A - Facility Does Not Report DMRs") -> 0.0367145 | V220: {=IF(COUNTIF('Processed Non-zero DMR Data'!$I:$I,$J220)>0,INDEX('Processed Non-zero DMR Data'!$A:$A,MATCH(1,($J220='Processed Non-zero DMR Data'!$I:$I)*($T220='Processed Non-zero DMR Data'!$W:$W),0)), "N/A - Facility Does Not Report DMRs")} -> 2023 | W220: {=IFERROR(_xlfn.XLOOKUP(1, (MAX(IF(I220 = 'Processed Non-zero TRI Data'!$I$2:$I$6,'Processed Non-zero TRI Data'!$A$2:$A$6)) = 'Processed Non-zero TRI Data'!$A$2:$A$6)*('Processed Non-zero TRI Data'!$I$2:$I$6 = I220), 'Processed Non-zero TRI Data'!$T$2:$T$6), "N/A- Facility Does Not Report to TRI")} -> N/A- Facility Does Not Report to TRI | X220: =IFERROR(W220/$O220, "N/A - Facility Does Not Report to TRI") -> N/A - Facility Does Not Report to TRI | Y220: {=IF(COUNTIF('Processed Non-zero TRI Data'!$I:$I,$I220)>0,MEDIAN(IF('Processed Non-zero TRI Data'!$I:$I=I220,'Processed Non-zero TRI Data'!$T:$T)), "N/A - Facility Does Not Report to TRI")} -> N/A - Facility Does Not Report to TRI | Z220: =IFERROR(Y220/$O220, "N/A - Facility Does Not Report to TRI") -> N/A - Facility Does Not Report to TRI | AA220: =IF(COUNTIF('Processed Non-zero TRI Data'!$I:$I,$I220)>0,_xlfn.MAXIFS('Processed Non-zero TRI Data'!$T:$T,'Processed Non-zero TRI Data'!$I:$I,$I220), "N/A - Facility Does Not Report to TRI") -> N/A - Facility Does Not Report to TRI | AB220: =IFERROR(AA220/$O220, "N/A - Facility Does Not Report to TRI") -> N/A - Facility Does Not Report to TRI | AC220: {=IFERROR(IF(B220 = "TRI Form R", IF(AA220 = 0, "Facility has no on-site water discharges between 2017-2022.", IF(COUNTIF('Processed Non-zero TRI Data'!$I:$I,$I220)>0,INDEX('Processed Non-zero TRI Data'!$A:$A,MATCH(1,($I220='Processed Non-zero TRI Data'!$I:$I)*(AA220='Processed Non-zero TRI Data'!$T:$T),0)))), VLOOKUP(I220,#REF!, 2, FALSE)), ("N/A - Facility Does Not Report to TRI"))} -> N/A - Facility Does Not Report to TRI | AD220: {=IFERROR(_xlfn.XLOOKUP(1, (MAX(IF(I220 = 'Processed Non-zero TRI Data'!$I$2:$I$6,'Processed Non-zero TRI Data'!$A$2:$A$6)) = 'Processed Non-zero TRI Data'!$A$2:$A$6)*('Processed Non-zero TRI Data'!$I$2:$I$6 = I220), 'Processed Non-zero TRI Data'!$V$2:$V$6), "N/A- Facility Does Not Report to TRI")} -> N/A- Facility Does Not Report to TRI | AE220: =IFERROR(AD220/$O220, "N/A - Facility Does Not Report to TRI") -> N/A - Facility Does Not Report to TRI | AF220: {=IF(COUNTIF('Processed Non-zero TRI Data'!$I:$I,$I220)>0,MEDIAN(IF('Processed Non-zero TRI Data'!$I:$I=I220,'Processed Non-zero TRI Data'!$V:$V)), "N/A - Facility Does Not Report to TRI")} -> N/A - Facility Does Not Report to TRI | AG220: =IFERROR(AF220/$O220, "N/A - Facility Does Not Report to TRI") -> N/A - Facility Does Not Report to TRI | AH220: =IF(COUNTIF('Processed Non-zero TRI Data'!$I:$I,$I220)>0,_xlfn.MAXIFS('Processed Non-zero TRI Data'!$V:$V,'Processed Non-zero TRI Data'!$I:$I,$I220), "N/A - Facility Does Not Report to TRI") -> N/A - Facility Does Not Report to TRI | AI220: =IFERROR(AH220/$O220, "N/A - Facility Does Not Report to TRI") -> N/A - Facility Does Not Report to TRI | AJ220: {=IF(B220="TRI Form A",AC220,IF(AH220=0,"Facility has no transfers to POTWs between 2019-2023.",IF(COUNTIF('Processed Non-zero TRI Data'!$I:$I,$I220)>0,INDEX('Processed Non-zero TRI Data'!$A:$A,MATCH(1,($I220='Processed Non-zero TRI Data'!$I:$I)*(AH220='Processed Non-zero TRI Data'!$V:$V),0)),"N/A - Facility Does Not Report to TRI")))} -> N/A - Facility Does Not Report to TRI | AK220: {=IFERROR(_xlfn.XLOOKUP(1, (MAX(IF(I220 = 'Processed Non-zero TRI Data'!$I$2:$I$6,'Processed Non-zero TRI Data'!$A$2:$A$6)) = 'Processed Non-zero TRI Data'!$A$2:$A$6)*('Processed Non-zero TRI Data'!$I$2:$I$6 = I220), 'Processed Non-zero TRI Data'!$X$2:$X$6), "N/A- Facility Does Not Report to TRI")} -> N/A- Facility Does Not Report to TRI | AL220: =IFERROR(AK220/$O220, "N/A - Facility Does Not Report to TRI") -> N/A - Facility Does Not Report to TRI | AM220: {=IF(COUNTIF('Processed Non-zero TRI Data'!$I:$I,$I220)>0,MEDIAN(IF('Processed Non-zero TRI Data'!$I:$I=I220,'Processed Non-zero TRI Data'!$X:$X)), "N/A - Facility Does Not Report to TRI")} -> N/A - Facility Does Not Report to TRI | AN220: =IFERROR(AM220/$O220, "N/A - Facility Does Not Report to TRI") -> N/A - Facility Does Not Report to TRI | AO220: =IF(COUNTIF('Processed Non-zero TRI Data'!$I:$I,$I220)>0,_xlfn.MAXIFS('Processed Non-zero TRI Data'!$X:$X,'Processed Non-zero TRI Data'!$I:$I,$I220), "N/A - Facility Does Not Report to TRI") -> N/A - Facility Does Not Report to TRI | AP220: =IFERROR(AO220/$O220, "N/A - Facility Does Not Report to TRI") -> N/A - Facility Does Not Report to TRI | AQ220: {=IF(B220="TRI Form A",AC220,IF(AO220=0,"Facility has no transfers to non-POTWs between 2019-2023.",IF(COUNTIF('Processed Non-zero TRI Data'!$I:$I,$I220)>0,INDEX('Processed Non-zero TRI Data'!$A:$A,MATCH(1,($I220='Processed Non-zero TRI Data'!$I:$I)*(AO220='Processed Non-zero TRI Data'!$X:$X),0)),"N/A - Facility Does Not Report to TRI")))} -> N/A - Facility Does Not Report to TRI | AR220: =MAX(AA220,AH220,AO220) -> 0 | AS220: =T220 -> 13.400792

Sheet Facility Summary_Water
A1: Row Number | B1: TRI? | C1: DMR? | D1: Data Source | E1: Facility Name | F1: Street Address | G1: City | H1: State | I1: ZIP Code | J1: Facility Latitude | K1: Facility Longitude | L1: TRI Facility ID(s) | M1: FRS ID | N1: NAICS/SIC Code | O1: NAICS/SIC Code Description | P1: Indirect or Direct Discharger | Q1: Shorthand COU | R1: OES | S1: OES Basis | T1: Release Pattern | U1: Release Days | V1: Maximum Annual TRI Discharge (kg/yr) | W1: Maximum Annual DMR Discharge (kg/yr)
A2: 1 | B2: =IF(COUNTIF('Processed Non-zero TRI Data'!J:J,'Facility Summary_Water'!M2)>0, "TRI Form " & INDEX('Processed Non-zero TRI Data'!K:K,MATCH('Facility Summary_Water'!M2,'Processed Non-zero TRI Data'!J:J,0)), "" ) -> TRI Form R | C2: =IF(COUNTIF('Processed Non-zero DMR Data'!I:I, 'Facility Summary_Water'!M2)>0, "DMR", "") -> DMR | E2: ICL-NORTH AMERICA INC - GALLIPOLIS FERRY PLANT | G2: GALLIPOLIS FERRY | H2: WV | J2: =IF(L2<>"", INDEX('Processed Non-zero TRI Data'!$G:$G, MATCH(L2, 'Processed Non-zero TRI Data'!$I:$I,0)), INDEX('Processed Non-zero DMR Data'!$F:$F, MATCH(M2,'Processed Non-zero DMR Data'!$I:$I, 0))) -> 38.77222 | K2: =IF(L2<>"", INDEX('Processed Non-zero TRI Data'!$H:$H, MATCH(L2, 'Processed Non-zero TRI Data'!$I:$I,0)), INDEX('Processed Non-zero DMR Data'!$G:$G, MATCH(M2,'Processed Non-zero DMR Data'!$I:$I, 0))) -> -82.20556 | L2: 25515KZCHMSTATE | M2: 110000607772 | N2: =IF(L2<>"",INDEX('Processed Non-zero TRI Data'!L:L,MATCH('Facility Summary_Water'!L2,'Processed Non-zero TRI Data'!I:I,0)),INDEX('Processed Non-zero DMR Data'!$L:$L,MATCH('Facility Summary_Water'!M2,'Processed Non-zero DMR Data'!$I:$I,0))) -> 325998 | O2: =INDEX('2017 - 2022 NAICS'!D:D,MATCH('Facility Summary_Water'!N2,'2017 - 2022 NAICS'!C:C,0)) -> All Other Miscellaneous Chemical Product and Preparation Manufacturing | P2: =IFERROR(VLOOKUP(L2, 'Processed Non-zero TRI Data'!I:Q, 8, 0), "Direct") -> EarthJustice Technical Report (EPA-HQ-OPPT-2018-0428-0011) | Q2: =VLOOKUP(R2,#REF!, 2, FALSE) -> #REF! | R2: =INDEX('Facility Discharge Summary'!D:D, MATCH('Facility Summary_Water'!M2, 'Facility Discharge Summary'!J:J,0)) -> Manufacture | S2: =INDEX('TRIFD-OES Crosswalk'!C:C, MATCH('Facility Summary_Water'!M2, 'TRIFD-OES Crosswalk'!A:A,0)) -> TRI Use: Manufacturing | T2: Unknown | U2: =INDEX('TRI and DMR OES Summary'!D:D, MATCH('Facility Summary_Water'!R2,'TRI and DMR OES Summary'!A:A,0)) -> 350 | V2: =INDEX('Facility Discharge Summary'!AR:AR,MATCH('Facility Summary_Water'!M2,'Facility Discharge Summary'!J:J,0)) -> 5.4208824 | W2: =INDEX('Facility Discharge Summary'!T:T,MATCH('Facility Summary_Water'!M2,'Facility Discharge Summary'!J:J,0)) -> 6.0027199
A3: 2 | B3: =IF(COUNTIF('Processed Non-zero TRI Data'!J:J,'Facility Summary_Water'!M3)>0, "TRI Form " & INDEX('Processed Non-zero TRI Data'!K:K,MATCH('Facility Summary_Water'!M3,'Processed Non-zero TRI Data'!J:J,0)), "" ) -> TRI Form R | C3: =IF(COUNTIF('Processed Non-zero DMR Data'!I:I, 'Facility Summary_Water'!M3)>0, "DMR", "") | E3: THE DOW CHEMICAL CO - LOUISIANA OPERATIONS | G3: PLAQUEMINE | H3: LA | J3: =IF(L3<>"", INDEX('Processed Non-zero TRI Data'!$G:$G, MATCH(L3, 'Processed Non-zero TRI Data'!$I:$I,0)), INDEX('Processed Non-zero DMR Data'!$F:$F, MATCH(M3,'Processed Non-zero DMR Data'!$I:$I, 0))) -> 30.320903 | K3: =IF(L3<>"", INDEX('Processed Non-zero TRI Data'!$H:$H, MATCH(L3, 'Processed Non-zero TRI Data'!$I:$I,0)), INDEX('Processed Non-zero DMR Data'!$G:$G, MATCH(M3,'Processed Non-zero DMR Data'!$I:$I, 0))) -> -91.239015 | L3: 70765THDWCHIGHW | M3: 110001244724 | N3: =IF(L3<>"",INDEX('Processed Non-zero TRI Data'!L:L,MATCH('Facility Summary_Water'!L3,'Processed Non-zero TRI Data'!I:I,0)),INDEX('Processed Non-zero DMR Data'!$L:$L,MATCH('Facility Summary_Water'!M3,'Processed Non-zero DMR Data'!$I:$I,0))) -> 325199 | O3: =INDEX('2017 - 2022 NAICS'!D:D,MATCH('Facility Summary_Water'!N3,'2017 - 2022 NAICS'!C:C,0)) -> All Other Basic Organic Chemical Manufacturing | P3: =IFERROR(VLOOKUP(L3, 'Processed Non-zero TRI Data'!I:Q, 8, 0), "Direct") -> VI Final Study Plan | Q3: =VLOOKUP(R3,#REF!, 2, FALSE) -> #REF! | R3: =INDEX('Facility Discharge Summary'!D:D, MATCH('Facility Summary_Water'!M3, 'Facility Discharge Summary'!J:J,0)) -> Manufacture | S3: =INDEX('TRIFD-OES Crosswalk'!C:C, MATCH('Facility Summary_Water'!M3, 'TRIFD-OES Crosswalk'!A:A,0)) -> 2016/2020 CDR; Manufacturing and Processing as a Reactant | T3: Unknown | U3: =INDEX('TRI and DMR OES Summary'!D:D, MATCH('Facility Summary_Water'!R3,'TRI and DMR OES Summary'!A:A,0)) -> 350 | V3: =INDEX('Facility Discharge Summary'!AR:AR,MATCH('Facility Summary_Water'!M3,'Facility Discharge Summary'!J:J,0)) -> 302.09252 | W3: =INDEX('Facility Discharge Summary'!T:T,MATCH('Facility Summary_Water'!M3,'Facility Discharge Summary'!J:J,0)) -> N/A - Facility Does Not Report DMRs
A4: 3 | B4: =IF(COUNTIF('Processed Non-zero TRI Data'!J:J,'Facility Summary_Water'!M4)>0, "TRI Form " & INDEX('Processed Non-zero TRI Data'!K:K,MATCH('Facility Summary_Water'!M4,'Processed Non-zero TRI Data'!J:J,0)), "" ) -> TRI Form R | C4: =IF(COUNTIF('Processed Non-zero DMR Data'!I:I, 'Facility Summary_Water'!M4)>0, "DMR", "") | E4: SOLENIS LLC | G4: COURTLAND | H4: VA | J4: =IF(L4<>"", INDEX('Processed Non-zero TRI Data'!$G:$G, MATCH(L4, 'Processed Non-zero TRI Data'!$I:$I,0)), INDEX('Processed Non-zero DMR Data'!$F:$F, MATCH(M4,'Processed Non-zero DMR Data'!$I:$I, 0))) -> 36.6512 | K4: =IF(L4<>"", INDEX('Processed Non-zero TRI Data'!$H:$H, MATCH(L4, 'Processed Non-zero TRI Data'!$I:$I,0)), INDEX('Processed Non-zero DMR Data'!$G:$G, MATCH(M4,'Processed Non-zero DMR Data'!$I:$I, 0))) -> -76.999045 | L4: 23851HRCLSROUTE | M4: 110000499611 | N4: =IF(L4<>"",INDEX('Processed Non-zero TRI Data'!L:L,MATCH('Facility Summary_Water'!L4,'Processed Non-zero TRI Data'!I:I,0)),INDEX('Processed Non-zero DMR Data'!$L:$L,MATCH('Facility Summary_Water'!M4,'Processed Non-zero DMR Data'!$I:$I,0))) -> 325199 | O4: =INDEX('2017 - 2022 NAICS'!D:D,MATCH('Facility Summary_Water'!N4,'2017 - 2022 NAICS'!C:C,0)) -> All Other Basic Organic Chemical Manufacturing | P4: =IFERROR(VLOOKUP(L4, 'Processed Non-zero TRI Data'!I:Q, 8, 0), "Direct") -> TRI Use: Chemical Processing Aid | Q4: =VLOOKUP(R4,#REF!, 2, FALSE) -> #REF! | R4: =INDEX('Facility Discharge Summary'!D:D, MATCH('Facility Summary_Water'!M4, 'Facility Discharge Summary'!J:J,0)) -> Processing aid | S4: =INDEX('TRIFD-OES Crosswalk'!C:C, MATCH('Facility Summary_Water'!M4, 'TRIFD-OES Crosswalk'!A:A,0)) -> TRI Use: Chemical Processing Aid | T4: Unknown | U4: =INDEX('TRI and DMR OES Summary'!D:D, MATCH('Facility Summary_Water'!R4,'TRI and DMR OES Summary'!A:A,0)) -> 300 | V4: =INDEX('Facility Discharge Summary'!AR:AR,MATCH('Facility Summary_Water'!M4,'Facility Discharge Summary'!J:J,0)) -> 41.02743 | W4: =INDEX('Facility Discharge Summary'!T:T,MATCH('Facility Summary_Water'!M4,'Facility Discharge Summary'!J:J,0)) -> N/A - Facility Does Not Report DMRs
A5: 4 | B5: =IF(COUNTIF('Processed Non-zero TRI Data'!J:J,'Facility Summary_Water'!M5)>0, "TRI Form " & INDEX('Processed Non-zero TRI Data'!K:K,MATCH('Facility Summary_Water'!M5,'Processed Non-zero TRI Data'!J:J,0)), "" ) -> TRI Form R | C5: =IF(COUNTIF('Processed Non-zero DMR Data'!I:I, 'Facility Summary_Water'!M5)>0, "DMR", "") | E5: DOW CHEMICAL CO FREEPORT FACILITY | G5: FREEPORT | H5: TX | J5: =IF(L5<>"", INDEX('Processed Non-zero TRI Data'!$G:$G, MATCH(L5, 'Processed Non-zero TRI Data'!$I:$I,0)), INDEX('Processed Non-zero DMR Data'!$F:$F, MATCH(M5,'Processed Non-zero DMR Data'!$I:$I, 0))) -> 28.980147 | K5: =IF(L5<>"", INDEX('Processed Non-zero TRI Data'!$H:$H, MATCH(L5, 'Processed Non-zero TRI Data'!$I:$I,0)), INDEX('Processed Non-zero DMR Data'!$G:$G, MATCH(M5,'Processed Non-zero DMR Data'!$I:$I, 0))) -> -95.342272 | L5: 77541THDWCBUILD | M5: 110008170237 | N5: =IF(L5<>"",INDEX('Processed Non-zero TRI Data'!L:L,MATCH('Facility Summary_Water'!L5,'Processed Non-zero TRI Data'!I:I,0)),INDEX('Processed Non-zero DMR Data'!$L:$L,MATCH('Facility Summary_Water'!M5,'Processed Non-zero DMR Data'!$I:$I,0))) -> 325199 | O5: =INDEX('2017 - 2022 NAICS'!D:D,MATCH('Facility Summary_Water'!N5,'2017 - 2022 NAICS'!C:C,0)) -> All Other Basic Organic Chemical Manufacturing | P5: =IFERROR(VLOOKUP(L5, 'Processed Non-zero TRI Data'!I:Q, 8, 0), "Direct") -> VI Final Study Plan | Q5: =VLOOKUP(R5,#REF!, 2, FALSE) -> #REF! | R5: =INDEX('Facility Discharge Summary'!D:D, MATCH('Facility Summary_Water'!M5, 'Facility Discharge Summary'!J:J,0)) -> Manufacture | S5: =INDEX('TRIFD-OES Crosswalk'!C:C, MATCH('Facility Summary_Water'!M5, 'TRIFD-OES Crosswalk'!A:A,0)) -> 2016/2020 CDR; Manufacturing and Processing as a Reactant | T5: Unknown | U5: =INDEX('TRI and DMR OES Summary'!D:D, MATCH('Facility Summary_Water'!R5,'TRI and DMR OES Summary'!A:A,0)) -> 350 | V5: =INDEX('Facility Discharge Summary'!AR:AR,MATCH('Facility Summary_Water'!M5,'Facility Discharge Summary'!J:J,0)) -> 98.883137 | W5: =INDEX('Facility Discharge Summary'!T:T,MATCH('Facility Summary_Water'!M5,'Facility Discharge Summary'!J:J,0)) -> N/A - Facility Does Not Report DMRs
A6: 5 | B6: =IF(COUNTIF('Processed Non-zero TRI Data'!J:J,'Facility Summary_Water'!M6)>0, "TRI Form " & INDEX('Processed Non-zero TRI Data'!K:K,MATCH('Facility Summary_Water'!M6,'Processed Non-zero TRI Data'!J:J,0)), "" ) -> TRI Form R | C6: =IF(COUNTIF('Processed Non-zero DMR Data'!I:I, 'Facility Summary_Water'!M6)>0, "DMR", "") | E6: THE DOW CHEMICAL CO | G6: MIDLAND | H6: MI | J6: =IF(L6<>"", INDEX('Processed Non-zero TRI Data'!$G:$G, MATCH(L6, 'Processed Non-zero TRI Data'!$I:$I,0)), INDEX('Processed Non-zero DMR Data'!$F:$F, MATCH(M6,'Processed Non-zero DMR Data'!$I:$I, 0))) -> 43.6003 | K6: =IF(L6<>"", INDEX('Processed Non-zero TRI Data'!$H:$H, MATCH(L6, 'Processed Non-zero TRI Data'!$I:$I,0)), INDEX('Processed Non-zero DMR Data'!$G:$G, MATCH(M6,'Processed Non-zero DMR Data'!$I:$I, 0))) -> -84.2234 | L6: 48667THDWCMICHI | M6: 110043787408 | N6: =IF(L6<>"",INDEX('Processed Non-zero TRI Data'!L:L,MATCH('Facility Summary_Water'!L6,'Processed Non-zero TRI Data'!I:I,0)),INDEX('Processed Non-zero DMR Data'!$L:$L,MATCH('Facility Summary_Water'!M6,'Processed Non-zero DMR Data'!$I:$I,0))) -> 325211 | O6: =INDEX('2017 - 2022 NAICS'!D:D,MATCH('Facility Summary_Water'!N6,'2017 - 2022 NAICS'!C:C,0)) -> Plastics Material and Resin Manufacturing | P6: =IFERROR(VLOOKUP(L6, 'Processed Non-zero TRI Data'!I:Q, 8, 0), "Direct") -> 2020 CDR; Import and Processing as a Reactant | Q6: =VLOOKUP(R6,#REF!, 2, FALSE) -> #REF! | R6: =INDEX('Facility Discharge Summary'!D:D, MATCH('Facility Summary_Water'!M6, 'Facility Discharge Summary'!J:J,0)) -> Impurity in Plastics | S6: =INDEX('TRIFD-OES Crosswalk'!C:C, MATCH('Facility Summary_Water'!M6, 'TRIFD-OES Crosswalk'!A:A,0)) -> 2020 CDR; Import and Processing as a Reactant | T6: Unknown | U6: =INDEX('TRI and DMR OES Summary'!D:D, MATCH('Facility Summary_Water'!R6,'TRI and DMR OES Summary'!A:A,0)) -> 350 | V6: =INDEX('Facility Discharge Summary'!AR:AR,MATCH('Facility Summary_Water'!M6,'Facility Discharge Summary'!J:J,0)) -> 11.339809 | W6: =INDEX('Facility Discharge Summary'!T:T,MATCH('Facility Summary_Water'!M6,'Facility Discharge Summary'!J:J,0)) -> N/A - Facility Does Not Report DMRs
A7: 6 | B7: =IF(COUNTIF('Processed Non-zero TRI Data'!J:J,'Facility Summary_Water'!M7)>0, "TRI Form " & INDEX('Processed Non-zero TRI Data'!K:K,MATCH('Facility Summary_Water'!M7,'Processed Non-zero TRI Data'!J:J,0)), "" ) -> TRI Form R | C7: =IF(COUNTIF('Processed Non-zero DMR Data'!I:I, 'Facility Summary_Water'!M7)>0, "DMR", "") | E7: FREEPORT_OLIN BC | G7: FREEPORT | H7: TX | J7: =IF(L7<>"", INDEX('Processed Non-zero TRI Data'!$G:$G, MATCH(L7, 'Processed Non-zero TRI Data'!$I:$I,0)), INDEX('Processed Non-zero DMR Data'!$F:$F, MATCH(M7,'Processed Non-zero DMR Data'!$I:$I, 0))) -> 28.969389 | K7: =IF(L7<>"", INDEX('Processed Non-zero TRI Data'!$H:$H, MATCH(L7, 'Processed Non-zero TRI Data'!$I:$I,0)), INDEX('Processed Non-zero DMR Data'!$G:$G, MATCH(M7,'Processed Non-zero DMR Data'!$I:$I, 0))) -> -95.379528 | L7: 7754WBLCBP231NB | M7: 110066943605 | N7: =IF(L7<>"",INDEX('Processed Non-zero TRI Data'!L:L,MATCH('Facility Summary_Water'!L7,'Processed Non-zero TRI Data'!I:I,0)),INDEX('Processed Non-zero DMR Data'!$L:$L,MATCH('Facility Summary_Water'!M7,'Processed Non-zero DMR Data'!$I:$I,0))) -> 325199 | O7: =INDEX('2017 - 2022 NAICS'!D:D,MATCH('Facility Summary_Water'!N7,'2017 - 2022 NAICS'!C:C,0)) -> All Other Basic Organic Chemical Manufacturing | P7: =IFERROR(VLOOKUP(L7, 'Processed Non-zero TRI Data'!I:Q, 8, 0), "Direct") -> VI Final Study Plan | Q7: =VLOOKUP(R7,#REF!, 2, FALSE) -> #REF! | R7: =INDEX('Facility Discharge Summary'!D:D, MATCH('Facility Summary_Water'!M7, 'Facility Discharge Summary'!J:J,0)) -> Manufacture | S7: =INDEX('TRIFD-OES Crosswalk'!C:C, MATCH('Facility Summary_Water'!M7, 'TRIFD-OES Crosswalk'!A:A,0)) -> 2016 CDR; Manufacturing | T7: Unknown | U7: =INDEX('TRI and DMR OES Summary'!D:D, MATCH('Facility Summary_Water'!R7,'TRI and DMR OES Summary'!A:A,0)) -> 350 | V7: =INDEX('Facility Discharge Summary'!AR:AR,MATCH('Facility Summary_Water'!M7,'Facility Discharge Summary'!J:J,0)) -> 3305.7812 | W7: =INDEX('Facility Discharge Summary'!T:T,MATCH('Facility Summary_Water'!M7,'Facility Discharge Summary'!J:J,0)) -> N/A - Facility Does Not Report DMRs
A8: 7 | B8: =IF(COUNTIF('Processed Non-zero TRI Data'!J:J,'Facility Summary_Water'!M8)>0, "TRI Form " & INDEX('Processed Non-zero TRI Data'!K:K,MATCH('Facility Summary_Water'!M8,'Processed Non-zero TRI Data'!J:J,0)), "" ) | C8: =IF(COUNTIF('Processed Non-zero DMR Data'!I:I, 'Facility Summary_Water'!M8)>0, "DMR", "") -> DMR | E8: VALLEY CREEK WASTEWATER TREATMENT PLANT | G8: ELIZABETHTOWN | H8: KY | J8: =IF(L8<>"", INDEX('Processed Non-zero TRI Data'!$G:$G, MATCH(L8, 'Processed Non-zero TRI Data'!$I:$I,0)), INDEX('Processed Non-zero DMR Data'!$F:$F, MATCH(M8,'Processed Non-zero DMR Data'!$I:$I, 0))) -> 37.64231 | K8: =IF(L8<>"", INDEX('Processed Non-zero TRI Data'!$H:$H, MATCH(L8, 'Processed Non-zero TRI Data'!$I:$I,0)), INDEX('Processed Non-zero DMR Data'!$G:$G, MATCH(M8,'Processed Non-zero DMR Data'!$I:$I, 0))) -> -85.90357 | M8: 110000571373 | N8: =IF(L8<>"",INDEX('Processed Non-zero TRI Data'!L:L,MATCH('Facility Summary_Water'!L8,'Processed Non-zero TRI Data'!I:I,0)),INDEX('Processed Non-zero DMR Data'!$L:$L,MATCH('Facility Summary_Water'!M8,'Processed Non-zero DMR Data'!$I:$I,0))) -> 221320 | O8: =INDEX('2017 - 2022 NAICS'!D:D,MATCH('Facility Summary_Water'!N8,'2017 - 2022 NAICS'!C:C,0)) -> Sewage Treatment Facilities | P8: =IFERROR(VLOOKUP(L8, 'Processed Non-zero TRI Data'!I:Q, 8, 0), "Direct") -> Direct | Q8: =VLOOKUP(R8,#REF!, 2, FALSE) -> #REF! | R8: =INDEX('Facility Discharge Summary'!D:D, MATCH('Facility Summary_Water'!M8, 'Facility Discharge Summary'!J:J,0)) -> Waste Handling, Disposal and Treatment (POTW) | S8: =INDEX('Processed Non-zero DMR Data'!T:T, MATCH('Facility Summary_Water'!M8, 'Processed Non-zero DMR Data'!I:I,0)) -> POTW indicator in DMR | T8: Unknown | U8: =INDEX('TRI and DMR OES Summary'!D:D, MATCH('Facility Summary_Water'!R8,'TRI and DMR OES Summary'!A:A,0)) -> 365 | V8: =INDEX('Facility Discharge Summary'!AR:AR,MATCH('Facility Summary_Water'!M8,'Facility Discharge Summary'!J:J,0)) -> 0 | W8: =INDEX('Facility Discharge Summary'!T:T,MATCH('Facility Summary_Water'!M8,'Facility Discharge Summary'!J:J,0)) -> 40.754987
A9: 8 | B9: =IF(COUNTIF('Processed Non-zero TRI Data'!J:J,'Facility Summary_Water'!M9)>0, "TRI Form " & INDEX('Processed Non-zero TRI Data'!K:K,MATCH('Facility Summary_Water'!M9,'Processed Non-zero TRI Data'!J:J,0)), "" ) | C9: =IF(COUNTIF('Processed Non-zero DMR Data'!I:I, 'Facility Summary_Water'!M9)>0, "DMR", "") -> DMR | E9: STEPAN CO | G9: ELWOOD | H9: IL | J9: =IF(L9<>"", INDEX('Processed Non-zero TRI Data'!$G:$G, MATCH(L9, 'Processed Non-zero TRI Data'!$I:$I,0)), INDEX('Processed Non-zero DMR Data'!$F:$F, MATCH(M9,'Processed Non-zero DMR Data'!$I:$I, 0))) -> 41.441667 | K9: =IF(L9<>"", INDEX('Processed Non-zero TRI Data'!$H:$H, MATCH(L9, 'Processed Non-zero TRI Data'!$I:$I,0)), INDEX('Processed Non-zero DMR Data'!$G:$G, MATCH(M9,'Processed Non-zero DMR Data'!$I:$I, 0))) -> -88.15972 | M9: 110000432504 | N9: =IF(L9<>"",INDEX('Processed Non-zero TRI Data'!L:L,MATCH('Facility Summary_Water'!L9,'Processed Non-zero TRI Data'!I:I,0)),INDEX('Processed Non-zero DMR Data'!$L:$L,MATCH('Facility Summary_Water'!M9,'Processed Non-zero DMR Data'!$I:$I,0))) -> 325613 | O9: =INDEX('2017 - 2022 NAICS'!D:D,MATCH('Facility Summary_Water'!N9,'2017 - 2022 NAICS'!C:C,0)) -> Surface Active Agent Manufacturing | P9: =IFERROR(VLOOKUP(L9, 'Processed Non-zero TRI Data'!I:Q, 8, 0), "Direct") -> Direct | Q9: =VLOOKUP(R9,#REF!, 2, FALSE) -> #REF! | R9: =INDEX('Facility Discharge Summary'!D:D, MATCH('Facility Summary_Water'!M9, 'Facility Discharge Summary'!J:J,0)) -> Processing as a reactant | S9: =INDEX('Processed Non-zero DMR Data'!T:T, MATCH('Facility Summary_Water'!M9, 'Processed Non-zero DMR Data'!I:I,0)) -> The site produces multiple materials including alkoxylates, alpha sulfo methyl esters, amides, amine oxides, esters, sulfosuccinates, sulfacetates, sulfonates, sulfates, blends, phosphate esters, quaternaries, phthalic anhydride, and polyols (https://www.stepan.com/content/stepan-dot-com/en/you-stepan/locations.html). 1,1 DCA is likely used in the manufacturing process. | T9: Unknown | U9: =INDEX('TRI and DMR OES Summary'!D:D, MATCH('Facility Summary_Water'!R9,'TRI and DMR OES Summary'!A:A,0)) -> 350 | V9: =INDEX('Facility Discharge Summary'!AR:AR,MATCH('Facility Summary_Water'!M9,'Facility Discharge Summary'!J:J,0)) -> 0 | W9: =INDEX('Facility Discharge Summary'!T:T,MATCH('Facility Summary_Water'!M9,'Facility Discharge Summary'!J:J,0)) -> 0.745014
A10: 9 | B10: =IF(COUNTIF('Processed Non-zero TRI Data'!J:J,'Facility Summary_Water'!M10)>0, "TRI Form " & INDEX('Processed Non-zero TRI Data'!K:K,MATCH('Facility Summary_Water'!M10,'Processed Non-zero TRI Data'!J:J,0)), "" ) | C10: =IF(COUNTIF('Processed Non-zero DMR Data'!I:I, 'Facility Summary_Water'!M10)>0, "DMR", "") -> DMR | E10: CARROLLTON REGIONAL WWTP | G10: CARROLLTON | H10: KY | J10: =IF(L10<>"", INDEX('Processed Non-zero TRI Data'!$G:$G, MATCH(L10, 'Processed Non-zero TRI Data'!$I:$I,0)), INDEX('Processed Non-zero DMR Data'!$F:$F, MATCH(M10,'Processed Non-zero DMR Data'!$I:$I, 0))) -> 38.627778 | K10: =IF(L10<>"", INDEX('Processed Non-zero TRI Data'!$H:$H, MATCH(L10, 'Processed Non-zero TRI Data'!$I:$I,0)), INDEX('Processed Non-zero DMR Data'!$G:$G, MATCH(M10,'Processed Non-zero DMR Data'!$I:$I, 0))) -> -85.115833 | M10: 110015632216 | N10: =IF(L10<>"",INDEX('Processed Non-zero TRI Data'!L:L,MATCH('Facility Summary_Water'!L10,'Processed Non-zero TRI Data'!I:I,0)),INDEX('Processed Non-zero DMR Data'!$L:$L,MATCH('Facility Summary_Water'!M10,'Processed Non-zero DMR Data'!$I:$I,0))) -> 221320 | O10: =INDEX('2017 - 2022 NAICS'!D:D,MATCH('Facility Summary_Water'!N10,'2017 - 2022 NAICS'!C:C,0)) -> Sewage Treatment Facilities | P10: =IFERROR(VLOOKUP(L10, 'Processed Non-zero TRI Data'!I:Q, 8, 0), "Direct") -> Direct | Q10: =VLOOKUP(R10,#REF!, 2, FALSE) -> #REF! | R10: =INDEX('Facility Discharge Summary'!D:D, MATCH('Facility Summary_Water'!M10, 'Facility Discharge Summary'!J:J,0)) -> Waste Handling, Disposal and Treatment (POTW) | S10: =INDEX('Processed Non-zero DMR Data'!T:T, MATCH('Facility Summary_Water'!M10, 'Processed Non-zero DMR Data'!I:I,0)) -> POTW indicator in DMR | T10: Unknown | U10: =INDEX('TRI and DMR OES Summary'!D:D, MATCH('Facility Summary_Water'!R10,'TRI and DMR OES Summary'!A:A,0)) -> 365 | V10: =INDEX('Facility Discharge Summary'!AR:AR,MATCH('Facility Summary_Water'!M10,'Facility Discharge Summary'!J:J,0)) -> 0 | W10: =INDEX('Facility Discharge Summary'!T:T,MATCH('Facility Summary_Water'!M10,'Facility Discharge Summary'!J:J,0)) -> 5.8714813
A11: 10 | B11: =IF(COUNTIF('Processed Non-zero TRI Data'!J:J,'Facility Summary_Water'!M11)>0, "TRI Form " & INDEX('Processed Non-zero TRI Data'!K:K,MATCH('Facility Summary_Water'!M11,'Processed Non-zero TRI Data'!J:J,0)), "" ) | C11: =IF(COUNTIF('Processed Non-zero DMR Data'!I:I, 'Facility Summary_Water'!M11)>0, "DMR", "") -> DMR | E11: CORNING WASTEWATER TREATMENT PLANT | G11: CORNING | H11: CA | J11: =IF(L11<>"", INDEX('Processed Non-zero TRI Data'!$G:$G, MATCH(L11, 'Processed Non-zero TRI Data'!$I:$I,0)), INDEX('Processed Non-zero DMR Data'!$F:$F, MATCH(M11,'Processed Non-zero DMR Data'!$I:$I, 0))) -> 39.916111 | K11: =IF(L11<>"", INDEX('Processed Non-zero TRI Data'!$H:$H, MATCH(L11, 'Processed Non-zero TRI Data'!$I:$I,0)), INDEX('Processed Non-zero DMR Data'!$G:$G, MATCH(M11,'Processed Non-zero DMR Data'!$I:$I, 0))) -> -122.10444 | M11: 110000730451 | N11: =IF(L11<>"",INDEX('Processed Non-zero TRI Data'!L:L,MATCH('Facility Summary_Water'!L11,'Processed Non-zero TRI Data'!I:I,0)),INDEX('Processed Non-zero DMR Data'!$L:$L,MATCH('Facility Summary_Water'!M11,'Processed Non-zero DMR Data'!$I:$I,0))) -> 221320 | O11: =INDEX('2017 - 2022 NAICS'!D:D,MATCH('Facility Summary_Water'!N11,'2017 - 2022 NAICS'!C:C,0)) -> Sewage Treatment Facilities | P11: =IFERROR(VLOOKUP(L11, 'Processed Non-zero TRI Data'!I:Q, 8, 0), "Direct") -> Direct | Q11: =VLOOKUP(R11,#REF!, 2, FALSE) -> #REF! | R11: =INDEX('Facility Discharge Summary'!D:D, MATCH('Facility Summary_Water'!M11, 'Facility Discharge Summary'!J:J,0)) -> Waste Handling, Disposal and Treatment (POTW) | S11: =INDEX('Processed Non-zero DMR Data'!T:T, MATCH('Facility Summary_Water'!M11, 'Processed Non-zero DMR Data'!I:I,0)) -> POTW indicator in DMR | T11: Unknown | U11: =INDEX('TRI and DMR OES Summary'!D:D, MATCH('Facility Summary_Water'!R11,'TRI and DMR OES Summary'!A:A,0)) -> 365 | V11: =INDEX('Facility Discharge Summary'!AR:AR,MATCH('Facility Summary_Water'!M11,'Facility Discharge Summary'!J:J,0)) -> 0 | W11: =INDEX('Facility Discharge Summary'!T:T,MATCH('Facility Summary_Water'!M11,'Facility Discharge Summary'!J:J,0)) -> 0.047259258
A12: 11 | B12: =IF(COUNTIF('Processed Non-zero TRI Data'!J:J,'Facility Summary_Water'!M12)>0, "TRI Form " & INDEX('Processed Non-zero TRI Data'!K:K,MATCH('Facility Summary_Water'!M12,'Processed Non-zero TRI Data'!J:J,0)), "" ) | C12: =IF(COUNTIF('Processed Non-zero DMR Data'!I:I, 'Facility Summary_Water'!M12)>0, "DMR", "") -> DMR | E12: RADCLIFF STP | G12: RADCLIFF | H12: KY | J12: =IF(L12<>"", INDEX('Processed Non-zero TRI Data'!$G:$G, MATCH(L12, 'Processed Non-zero TRI Data'!$I:$I,0)), INDEX('Processed Non-zero DMR Data'!$F:$F, MATCH(M12,'Processed Non-zero DMR Data'!$I:$I, 0))) -> 37.845028 | K12: =IF(L12<>"", INDEX('Processed Non-zero TRI Data'!$H:$H, MATCH(L12, 'Processed Non-zero TRI Data'!$I:$I,0)), INDEX('Processed Non-zero DMR Data'!$G:$G, MATCH(M12,'Processed Non-zero DMR Data'!$I:$I, 0))) -> -85.940963 | M12: 110000732253 | N12: =IF(L12<>"",INDEX('Processed Non-zero TRI Data'!L:L,MATCH('Facility Summary_Water'!L12,'Processed Non-zero TRI Data'!I:I,0)),INDEX('Processed Non-zero DMR Data'!$L:$L,MATCH('Facility Summary_Water'!M12,'Processed Non-zero DMR Data'!$I:$I,0))) -> 221320 | O12: =INDEX('2017 - 2022 NAICS'!D:D,MATCH('Facility Summary_Water'!N12,'2017 - 2022 NAICS'!C:C,0)) -> Sewage Treatment Facilities | P12: =IFERROR(VLOOKUP(L12, 'Processed Non-zero TRI Data'!I:Q, 8, 0), "Direct") -> Direct | Q12: =VLOOKUP(R12,#REF!, 2, FALSE) -> #REF! | R12: =INDEX('Facility Discharge Summary'!D:D, MATCH('Facility Summary_Water'!M12, 'Facility Discharge Summary'!J:J,0)) -> Waste Handling, Disposal and Treatment (POTW) | S12: =INDEX('Processed Non-zero DMR Data'!T:T, MATCH('Facility Summary_Water'!M12, 'Processed Non-zero DMR Data'!I:I,0)) -> POTW indicator in DMR | T12: Unknown | U12: =INDEX('TRI and DMR OES Summary'!D:D, MATCH('Facility Summary_Water'!R12,'TRI and DMR OES Summary'!A:A,0)) -> 365 | V12: =INDEX('Facility Discharge Summary'!AR:AR,MATCH('Facility Summary_Water'!M12,'Facility Discharge Summary'!J:J,0)) -> 0 | W12: =INDEX('Facility Discharge Summary'!T:T,MATCH('Facility Summary_Water'!M12,'Facility Discharge Summary'!J:J,0)) -> 13.521676
A13: 12 | B13: =IF(COUNTIF('Processed Non-zero TRI Data'!J:J,'Facility Summary_Water'!M13)>0, "TRI Form " & INDEX('Processed Non-zero TRI Data'!K:K,MATCH('Facility Summary_Water'!M13,'Processed Non-zero TRI Data'!J:J,0)), "" ) | C13: =IF(COUNTIF('Processed Non-zero DMR Data'!I:I, 'Facility Summary_Water'!M13)>0, "DMR", "") -> DMR | E13: OWENSBORO SPECIALTY POLYMERS INC. | G13: OWENSBORO | H13: KY | J13: =IF(L13<>"", INDEX('Processed Non-zero TRI Data'!$G:$G, MATCH(L13, 'Processed Non-zero TRI Data'!$I:$I,0)), INDEX('Processed Non-zero DMR Data'!$F:$F, MATCH(M13,'Processed Non-zero DMR Data'!$I:$I, 0))) -> 37.8125 | K13: =IF(L13<>"", INDEX('Processed Non-zero TRI Data'!$H:$H, MATCH(L13, 'Processed Non-zero TRI Data'!$I:$I,0)), INDEX('Processed Non-zero DMR Data'!$G:$G, MATCH(M13,'Processed Non-zero DMR Data'!$I:$I, 0))) -> -87.05 | M13: 110000747835 | N13: =IF(L13<>"",INDEX('Processed Non-zero TRI Data'!L:L,MATCH('Facility Summary_Water'!L13,'Processed Non-zero TRI Data'!I:I,0)),INDEX('Processed Non-zero DMR Data'!$L:$L,MATCH('Facility Summary_Water'!M13,'Processed Non-zero DMR Data'!$I:$I,0))) -> 325211 | O13: =INDEX('2017 - 2022 NAICS'!D:D,MATCH('Facility Summary_Water'!N13,'2017 - 2022 NAICS'!C:C,0)) -> Plastics Material and Resin Manufacturing | P13: =IFERROR(VLOOKUP(L13, 'Processed Non-zero TRI Data'!I:Q, 8, 0), "Direct") -> Direct | Q13: =VLOOKUP(R13,#REF!, 2, FALSE) -> #REF! | R13: =INDEX('Facility Discharge Summary'!D:D, MATCH('Facility Summary_Water'!M13, 'Facility Discharge Summary'!J:J,0)) -> Impurity in Plastics | S13: =INDEX('Processed Non-zero DMR Data'!T:T, MATCH('Facility Summary_Water'!M13, 'Processed Non-zero DMR Data'!I:I,0)) -> Plastics SIC/NAICS - EPA-HQ-OPPT-2018-0428-0011 indicates 1,2-dichloropropane can be a residual/byproduct in PVC plastics or a flame retardant plasticizer. | T13: Unknown | U13: =INDEX('TRI and DMR OES Summary'!D:D, MATCH('Facility Summary_Water'!R13,'TRI and DMR OES Summary'!A:A,0)) -> 350 | V13: =INDEX('Facility Discharge Summary'!AR:AR,MATCH('Facility Summary_Water'!M13,'Facility Discharge Summary'!J:J,0)) -> 0 | W13: =INDEX('Facility Discharge Summary'!T:T,MATCH('Facility Summary_Water'!M13,'Facility Discharge Summary'!J:J,0)) -> 0.8914038
